 Dungeon Crawl Stone Soup version 0.29.0-4-gdea44cf6ec (webtiles) character file.

Game seed: 2944935843357891279

478300 qw the Wrestler (level 23, -8/229 (239) HPs)
             Began as a Troll Cinder Acolyte on Aug 31, 2022.
             Was a High Priest of Okawaru.
             Killed from afar by a storm dragon (33 damage)
             ... with a bolt of lightning
             ... on level 5 of the Vaults.
             The game lasted 00:35:29 (46883 turns).

qw the Wrestler (Troll Cinder Acolyte)             Turns: 46883, Time: 00:35:29

HP:   -8/229 (239)  AC: 26    Str: 38    XL:     23   Next: 66%
MP:   27/29         EV: 14    Int: 13    God:    Okawaru [*****.]
Gold: 2689          SH: 34    Dex:  9    Spells: 24/24 levels left

rFire   . . .      SeeInvis +     - Unarmed
rCold   + + +      Faith    .   y - +9 tower shield "Remeig" {rC+ Str+2 Int+3 Stlth+}
rNeg    . . .      Spirit   .   p - +4 ice dragon scales
rPois   +          Reflect  +   v - +2 hat
rElec   .          Harm     .   e - +1 cloak {Will+}
rCorr   .          Rampage  .   (gloves unavailable)
Will    ++...                   (boots unavailable)
Stlth   ..........              B - amulet of reflection
HPRegen 1.28/turn               C - ring of Iffipom {EV+4 Dex+4}
MPRegen 0.21/turn               D - ring of see invisible

@: finesse-ful, glowing, silenced, lightly drained
A: large, unfitting armour, claws 3, regeneration 1, shaggy fur 1, tough skin 1,
iridescent scales 1, fire resistance 1, poison resistance
}: 2/15 runes: barnacled, gossamer
a: Renounce Religion


You were on level 5 of the Vaults.
You worshipped Okawaru.
Okawaru was extremely pleased with you.
You visited 8 branches of the dungeon, and saw 40 of its levels.
You also visited: Sewer, Ossuary and Wizlab.

You collected 6239 gold pieces.
You spent 3550 gold pieces at shops.


Innate Abilities, Weirdness & Mutations

You are too large for most types of armour.
You have claws for hands.
Your natural rate of healing is unusually fast.
You are covered in fur. (AC +1)
You have tough skin. (AC +1)
You are partially covered in iridescent scales. (AC +2)
Your flesh is heat resistant. (rF+)
Your system is resistant to poisons. (rPois)


   Skills:
 - Level 16.0 Fighting
 + Level 15.4 Throwing
 - Level 11.1 Armour
 - Level 8.0 Dodging
 - Level 21.3 Shields
 - Level 22.0 Unarmed Combat
 - Level 1.0 Spellcasting
 - Level 2.1 Fire Magic
 - Level 10.0 Invocations


You had 24 spell levels left.
You didn't know any spells.
Your spell library contained the following spells:

 Spells                   Type           Power      Damage    Failure   Level
 Scorch                   Fire           12%        2d6       43%         2

Inventory:

Missiles
 b - 128 large rocks (quivered)
 w - 20 javelins
 x - 14 silver javelins
Armour
 e - a +1 cloak of willpower (worn)
 g - the +1 hat of Past Mistakes {rC+ rCorr}
   (Okawaru gifted it to you on level 2 of the Depths)

   rC:        It protects you from cold.
   rCorr:     It protects you from acid and corrosion.
 h - +0 fire dragon scales
 m - a +2 cloak
 p - +4 ice dragon scales (worn)
 r - +0 gold dragon scales
 v - a +2 hat (worn)
 y - the +9 tower shield "Remeig" (worn) {rC+ Str+2 Int+3 Stlth+}
   (Okawaru gifted it to you on level 1 of the Spider Nest)

   Str:       It affects your strength (+2).
   Int:       It affects your intelligence (+3).
   rC:        It protects you from cold.
   Stlth:     It makes you more stealthy.
 E - +0 shadow dragon scales
Jewellery
 a - the ring of the Twenty Places {rC+ Dex+6 Stlth+}
   (You found it on level 4 of the Depths)

   [ring of dexterity]

   Dex:       It affects your dexterity (+6).
   rC:        It protects you from cold.
   Stlth:     It makes you more stealthy.
 o - a ring of protection from fire
 B - an amulet of reflection (around neck)
 C - the ring of Iffipom (left claw) {EV+4 Dex+4}
   (You bought it in a shop on level 15 of the Dungeon)

   [ring of evasion]

   EV:        It affects your evasion (+4).
   Dex:       It affects your dexterity (+4).
 D - a ring of see invisible (right claw)
 F - a +4 ring of slaying {mikee}
 Y - a ring of protection from fire
Scrolls
 d - 20 scrolls of identify
 k - 8 scrolls of enchant weapon
 u - 4 scrolls of brand weapon
 z - 3 scrolls of teleportation
Potions
 c - 10 potions of haste
 f - 5 potions of cancellation
 i - 8 potions of mutation
 j - 2 potions of magic
 l - 5 potions of might
 t - 23 potions of curing

Dungeon Overview and Level Annotations

Branches:
Dungeon (15/15)            Temple (1/1) D:4            Lair (5/5) D:8
 Shoals (4/4) Lair:2       Spider (4/4) Lair:3        Slime (0/5) Lair:4
    Orc (2/2) D:11            Elf (0/3) Orc:2        Vaults (5/5) D:13
  Crypt (0/3) Vaults:3     Depths (4/4) D:15            Zot (0/5) Depths:4
  Sewer (visited)         Ossuary (visited)          WizLab (visited)

Altars:
Ashenzari
Cheibriados
Elyvilon
Gozag
Hepliaklqana
Kikubaaqudgha
Makhleb
Nemelex Xobeh
Okawaru
Qazlal
Ru
Trog
Uskayaw
Wu Jian
Xom
Yredelemnul
Zin
Lugonu

Shops:
D:7 (:   D:11 *   D:15 [=(*:   Orc:2 *:*(   Shoals:1 :   Shoals:2 !
Vaults:1 (   Vaults:3 *

Portals:
Hell: Lair:5 Depths:1 Depths:2 Depths:3 Depths:4
Abyss: Depths:1 Depths:2 Depths:3
Pandemonium: Depths:2
Ziggurat: Depths:1

Annotations:
D:8 2 runed translucent doors
D:15 3 runed translucent doors, Kuralita's ghost, journeyman OpTm; Yakesh's ghost, journeyman MiFi
Shoals:2 1 runed translucent door
Shoals:3 1 runed translucent door, Amuaxidi's ghost, adept FoCK
Spider:1 2 transporters
Vaults:5 Mennas


Message History

The frost giant is empowered by the deep elf high priest's aura!
The storm dragon breathes lightning at you.
The bolt of lightning hits you!!
The vault sentinel blows a loud note on a signal horn!
Mennas gestures frantically.
Mennas's surroundings become eerily quiet.
You see here a +0 long sword.
46878 ||| DRINKING 3 potions of heal wounds.
You feel much better.
The war gargoyle launches metal splinters at you.
The spray of metal splinters hits you but does no damage.
You block the stone giant's attack.
The vault warden is empowered by the deep elf high priest's aura!
You block the war gargoyle's attack. The yaktaur captain misses you.
Mennas blocks your attack. Mennas misses you. You block Mennas's attack.
You block the storm dragon's attack. x3
Mennas blocks your attack. You block the stone giant's attack.
You eviscerate Mennas!!!
Mennas is moderately wounded.
You block the war gargoyle's attack.
The yaktaur captain hits you from afar with a +0 bardiche!!
You block Mennas's attack. Mennas barely misses you.
46882 ||| DRINKING 2 potions of heal wounds.
You feel much better.
You feel like a meek peon again. You block the storm dragon's attack. x3
The war gargoyle hits you but does no damage.
A purple ugly thing comes into view.
Mennas hits you with a +1 sacred scourge of holy wrath!
Mennas hits you with a +1 sacred scourge of holy wrath!!
You block the stone giant's attack. The yaktaur captain misses you.
46883 ||| DRINKING potion of heal wounds.
You feel much better.
The war gargoyle launches metal splinters at you.
The spray of metal splinters hits you!!
The storm dragon breathes lightning at you.
The bolt of lightning hits you!!
You die...

.#......#.....#....#
##....###...##....#
#......#.....#..).#
#............#....#
#............#....#
#............#....#
#......#..)..#)...#
#########...##....#
#=@CDQc#.%...#....#
#AD99QQu.....#....#
#cuecC.......#....#
#.pHCp.p)....#..[.#
#...T).#.....#....#
##....###)..##....#
.#......#..p..#
............CC..#
................#


You could see Mennas (strong, empowered, silencing), a shadow dragon
(unsilenced), a storm dragon (unsilenced, catching breath), a frost giant
(empowered), a green very ugly thing, a fire giant (empowered), a sphinx
(empowered), a stone giant, a vault warden (empowered), 3 tengu reavers, 2
yaktaur captains, a purple ugly thing, a deep troll, 2 war gargoyles, a vault
sentinel (empowered), a faun shaped shifter (empowered), a deep elf high priest
(brilliance aura) and an ironbound convoker (fast, empowered).

Vanquished Creatures
  Mara (Shoals:4)
  A juggernaut (Depths:4)
  A Head Instructor (WizLab)
  4 caustic shrikes
  4 golden dragons
  the Enchantress (Depths:4)
  Rupert (D:15)
  6 tentacled monstrosities
  3 walking earthen tomes
  6 liches
  2 walking frostbound tomes (Depths:2)
  3 quicksilver dragons
  2 walking divine tomes (Depths:4)
  Polyphemus (Shoals:3)
  11 sphinxes
  2 storm dragons
  14 tengu reavers
  3 shadow dragons
  Donald (Shoals:1)
  8 emperor scorpions
  A draconian knight (Depths:4)
  15 fire giants
  12 vault wardens
  6 iron dragons
  4 orc warlords
  A deep elf sorcerer (Vaults:5)
  A caustic shrike zombie (Depths:3)
  9 frost giants
  Aizul (Spider:2)
  4 spectral caustic shrikes (Depths:3)
  7 ghost moths
  3 broodmothers
  A balrug (Depths:1)
  A reaper (Depths:1)
  15 ironbound preservers
  8 spriggan defenders
  24 very ugly things
  16 stone giants
  6 vampire knights
  6 war gargoyles
  8 ironbound thunderhulks
  9 entropy weavers
  A deep elf annihilator (Vaults:5)
  8 dire elephants
  2 crystal guardians
  7 spark wasps
  12 merfolk impalers
  2 merfolk javelineers (Shoals:4)
  Josephine (D:14)
  9 ettins
  2 jiangshi (Depths:2)
  4 ice dragons
  20 fire dragons
  6 peacekeepers
  4 great orbs of eyes
  10 yaktaur captains
  Erolcha (D:9)
  A rakshasa (Depths:2)
  5 boulder beetles
  11 spriggan air magi
  29 vault guards
  A hell beast (Depths:1)
  11 hydras
  7 ironbound frosthearts
  A jorogumo (Spider:4)
  5 catoblepae
  2 merfolk aquamancers (Shoals:4)
  16 centaur warriors
  3 radroaches
  3 ogre magi
  Erica (D:8)
  12 death yaks
  5 tengu warriors
  13 two-headed ogres
  7 deep troll shamans
  3 deep troll earth magi
  4 vampire magi
  A sun demon (Lair:5)
  9 hell knights
  4 spriggans
  5 spriggan berserkers (Depths:4)
  2 sun moths
  4 salamander mystics (WizLab)
  3 deep elf knights (WizLab)
  2 iron trolls (Depths:2)
  16 sea snakes
  6 pharaoh ants
  A spark wasp zombie (Depths:3)
  A kraken simulacrum (Shoals:4)
  2 skeletal warriors (Vaults:3)
  A storm dragon zombie (Vaults:5)
  A golden dragon zombie (Vaults:5)
  A glowing orange brain (Depths:4)
  8 orb spiders
  2 flayed ghosts (Depths:4)
  A quicksilver dragon simulacrum (Depths:1)
  4 bog bodies (Shoals:1)
  A tengu zombie (Depths:2)
  5 steelbarb worms
  A deep troll (shapeshifter) (Depths:4)
  A glowing orange brain (shapeshifter) (Depths:4)
  57 deep trolls
  5 phantasmal warriors
  3 spectral wolf spiders (Spider:1)
  10 wizards
  29 harpies
  15 orc knights
  5 wolf spider zombies (Spider:1)
  14 ironbound convokers
  8 necromancers
  A deep elf pyromancer (D:13)
  4 tengu skeletons
  18 lindwurms
  10 fauns
  19 wolf spiders
  7 mana vipers (WizLab)
  3 orc sorcerers
  2 frost giant zombies
  52 ugly things
  19 manticores
  20 elephants
  A shadow dragon skeleton (Vaults:3)
  6 black mambas
  5 human skeletons (Vaults:3)
  11 cyclopes
  2 moths of wrath
  12 merfolk sirens
  Maurice (Orc:2)
  12 vault sentinels
  5 stone giant skeletons
  A water nymph (shapeshifter) (Vaults:5)
  3 naga magi (WizLab)
  A cane toad (shapeshifter) (D:15)
  6 water nymphs
  2 orange demons (Lair:5)
  A storm dragon simulacrum (Vaults:3)
  8 torpor snails
  11 rime drakes
  12 cane toads
  4 komodo dragons
  35 yaktaurs
  A kobold demonologist (D:14)
  2 red devils (Lair:5)
  8 demonic crawlers
  2 ice devils (Lair:5)
  3 yaktaur skeletons (Vaults:3)
  8 tengu conjurers
  A freezing wraith (Vaults:5)
  A hellwing (Lair:5)
  3 meliai (Spider:1)
  4 polar bears
  A shadow dragon simulacrum (Depths:2)
  12 trolls
  8 wind drakes
  29 merfolk
  8 wolf spider simulacra
  11 hornets
  24 tarantellas
  2 dream sheep (Shoals:2)
  23 blink frogs
  22 slime creatures
  7 snapping turtles
  An ettin skeleton (Vaults:3)
  A centaur simulacrum (D:14)
  2 shadows
  2 spriggans (shapeshifter)
  24 culicivoras
  32 jumping spiders
  8 water elementals
  7 wraiths
  5 wyverns
  3 basilisks
  15 fire elementals
  2 steam dragons
  69 yaks
  8 wargs
  79 redbacks
  8 vampire mosquitoes
  Menkaure (D:6)
  2 acid dragons
  A glowing shapeshifter zombie (Depths:3)
  4 hell hounds (Lair:5)
  16 water moccasins
  Pargi (Sewer)
  A floating eye (shapeshifter) (Depths:4)
  3 floating eyes
  A glowing shapeshifter skeleton (Vaults:3)
  3 ice beasts
  16 orc warriors
  An ettin simulacrum (Vaults:5)
  9 boggarts
  23 ogres
  11 wolves
  15 centaurs
  2 phantoms
  4 kobold brigands
  5 elf zombies (Ossuary)
  4 scorpions
  8 bullfrogs
  A gnoll sergeant (D:8)
  10 wights
  27 killer bees
  3 electric eels
  2 howler monkeys
  3 centaur zombies (Ossuary)
  A lava snake (D:14)
  4 human zombies (Ossuary)
  5 hounds
  A jelly (D:4)
  14 orc priests
  2 gnoll boudas (D:5)
  Jessica (D:3)
  3 iguanas (D:5)
  5 hell rats (Lair:5)
  27 orc wizards
  4 mummies
  16 gnolls
  5 adders
  A shadow imp (D:7)
  3 white imps
  2 ufetubi
  2 worms
  2 dart slugs (D:1)
  73 orcs
  8 ball pythons
  6 endoplasms
  7 giant cockroaches
  7 hobgoblins
  19 kobolds
  2 quokkas
  6 bats
  2 frilled lizards
  13 goblins
  A hobgoblin zombie (D:6)
  An orc zombie (D:6)
  7 rats
  2 tentacles (Shoals:4)
1859 creatures vanquished.

Vanquished Creatures (others)
  A fire giant (Depths:4)
  2 orcs (Vaults:5)
  16 fungi
  62 plants
  2 tentacles (Shoals:4)
  6 withered plants (D:15)
89 creatures vanquished.

Grand Total: 1948 creatures vanquished

Notes
Turn   | Place    | Note
-------+----------+-------------------------------------------
     0 | D:1      | qw the Troll Cinder Acolyte began the quest for the Orb.
     0 | D:1      | Reached XP level 1. HP: 22/22 MP: 1/1
     0 | D:1      | 0 ||| qw: Version: 0.1-a-97-g2dd2ca4
     0 | D:1      | 0 ||| qw: Game counter: 4586
     0 | D:1      | 0 ||| qw: Always use a shield: true
     0 | D:1      | 0 ||| qw: God list: Okawaru
     0 | D:1      | 0 ||| qw: Allow faded altars: false
     0 | D:1      | 0 ||| qw: Do Orc after D:15 true
     0 | D:1      | 0 ||| qw: Do second Lair branch before Depths: true
     0 | D:1      | 0 ||| qw: Lair rune preference: random
     0 | D:1      | 0 ||| qw: Plans: Normal
     0 | D:1      | 0 ||| PLANNING D:1-11
   241 | D:1      | Reached XP level 2. HP: 29/29 MP: 2/2
   363 | D:1      | 363 ||| Stepping ~*~*~tactically~*~*~ (stealth).
   565 | D:1      | Found a faded altar of an unknown god.
   575 | D:1      | Reached skill level 4 in Unarmed Combat
   703 | D:1      | Reached XP level 3. HP: 36/36 MP: 3/3
   844 | D:1      | 844 ||| Stepping ~*~*~tactically~*~*~ (stealth).
  1054 | D:1      | 1054 ||| UPGRADING to amulet of regeneration.
  1059 | D:1      | 1059 ||| READING scroll labelled TYTETI VUAHU.
  1060 | D:1      | 1060 ||| READING 4 scrolls labelled ENUGENO VEO.
  1064 | D:1      | 1064 ||| READING scroll labelled COTHRU UHILUKHY.
  1547 | D:2      | Reached skill level 1 in Throwing
  1961 | D:2      | 1961 ||| UPGRADING to ring of positive energy.
  1962 | D:2      | 1962 ||| UPGRADING to +6 ring of dexterity.
  1963 | D:2      | 1963 ||| READING scroll labelled OGYXTA NUAME.
  1964 | D:2      | 1964 ||| READING scroll labelled ZERIYSM SONNEMP.
  1965 | D:2      | 1965 ||| READING scroll labelled MOJITOGUOP.
  1965 | D:2      | Identified a scroll of acquirement
  1965 | D:2      | 1965 ||| ACQUIRING 1041 gold pieces
  1965 | D:2      | Acquired 1041 gold pieces
  1967 | D:2      | 1967 ||| READING scroll labelled VUL MUNEITOPH.
  2029 | D:3      | 2029 ||| Stepping ~*~*~tactically~*~*~ (stealth).
  2054 | D:3      | Reached XP level 4. HP: 44/44 MP: 4/4
  2115 | D:3      | Found a white marble altar of Elyvilon.
  2263 | D:3      | Found a burning altar of Makhleb.
  2288 | D:3      | Identified the +5 scale mail "Jajyzol" {Str+2 Slay-5 SInv}
  2366 | D:3      | Noticed Jessica
  2376 | D:3      | Killed Jessica
  2377 | D:3      | Reached skill level 5 in Unarmed Combat
  2660 | D:3      | Found a stormy altar of Qazlal.
  2660 | D:3      | Found a sparkling altar of Nemelex Xobeh.
  2661 | D:3      | Found a snail-covered altar of Cheibriados.
  2757 | D:3      | 2757 ||| READING scroll labelled VOUNI MOOVIPU.
  2758 | D:3      | 2758 ||| READING scroll labelled DYESEX LEANIN.
  2759 | D:3      | 2759 ||| DRINKING 2 fuming cyan potions.
  2760 | D:3      | 2760 ||| READING 4 scrolls of identify.
  2760 | D:3      | 2760 ||| IDENTIFYING glowing silvery potion
  2761 | D:3      | 2761 ||| READING 3 scrolls of identify.
  2761 | D:3      | 2761 ||| IDENTIFYING purple potion
  2762 | D:3      | 2762 ||| READING 2 scrolls of identify.
  2762 | D:3      | 2762 ||| IDENTIFYING fizzy clear potion
  2763 | D:3      | 2763 ||| DROPPING potion of degeneration.
  2764 | D:3      | 2764 ||| DROPPING potion of berserk rage.
  2765 | D:3      | 2765 ||| DROPPING potion of lignification.
  2766 | D:3      | 2766 ||| READING 5 scrolls of teleportation.
  2776 | D:4      | 2776 ||| PLANNING SEWER
  2792 | D:4      | Reached XP level 5. HP: 50/50 MP: 5/5
  2793 | D:4      | 2793 ||| Stepping ~*~*~tactically~*~*~ (stealth).
  2806 | D:4      | 2806 ||| Stepping ~*~*~tactically~*~*~ (stealth).
  2807 | D:4      | 2807 ||| Stepping ~*~*~tactically~*~*~ (stealth).
  2818 | D:4      | 2818 ||| Stepping ~*~*~tactically~*~*~ (stealth).
  2819 | D:4      | 2819 ||| Stepping ~*~*~tactically~*~*~ (stealth).
  2899 | D:4      | Found a staircase to the Ecumenical Temple.
  3123 | D:4      | Reached skill level 6 in Unarmed Combat
  3171 | D:4      | Found a glowing silver altar of Zin.
  3172 | D:4      | 3172 ||| INVOKING Fiery Armour.
  3224 | D:4      | Found a glowing drain.
  3237 | D:4      | 3237 ||| Stepping ~*~*~tactically~*~*~ (outnumbered).
  3238 | D:4      | 3238 ||| Stepping ~*~*~tactically~*~*~ (outnumbered).
  3246 | D:4      | Reached skill level 1 in Dodging
  3246 | D:4      | Reached XP level 6. HP: 58/59 MP: 6/6
  3255 | Sewer    | Entered a sewer
  3339 | Sewer    | Noticed Pargi
  3350 | Sewer    | Killed Pargi
  3383 | Sewer    | Reached skill level 7 in Unarmed Combat
  3399 | Sewer    | 3399 ||| UPGRADING to +0 troll leather armour {Pargi}.
  3409 | Sewer    | 3409 ||| DROPPING +0 robe.
  3410 | Sewer    | 3410 ||| DROPPING orb of light.
  3411 | Sewer    | 3411 ||| DRINKING 2 puce potions.
  3411 | Sewer    | Gained mutation: Your flesh is heat resistant. (rF+)
                  | [potion of mutation]
  3411 | Sewer    | Gained mutation: You are partially covered in iridescent
                  | scales. (AC +2) [potion of mutation]
  3411 | Sewer    | Gained mutation: Your system is resistant to poisons.
                  | (rPois) [potion of mutation]
  3427 | D:4      | 3427 ||| PLANNING D:1-11
  3445 | D:4      | 3445 ||| READING scroll of acquirement.
  3445 | D:4      | 3445 ||| ACQUIRING ring of protection from fire
  3445 | D:4      | Acquired a ring of protection from fire
  3447 | D:4      | 3447 ||| UPGRADING to ring of protection from fire.
  3563 | D:4      | Identified the +4 quarterstaff "Zoxt" {flame, *Rage +Blink
                  | rElec Int-4}
  3602 | D:4      | Identified the +1 chain mail of Hide-and-Seek {rCorr Str-4
                  | Int+3 Dex+9}
  3790 | D:4      | 3790 ||| Stepping ~*~*~tactically~*~*~ (stealth).
  3797 | D:4      | Reached XP level 7. HP: 66/66 MP: 7/7
  3850 | D:4      | 3850 ||| Stepping ~*~*~tactically~*~*~ (stealth).
  4250 | D:4      | 4250 ||| DROPPING ring of fire.
  4251 | D:4      | 4251 ||| READING 2 scrolls labelled GEDUSK YB INO.
  4352 | D:4      | 4352 ||| DRINKING 2 murky inky potions.
  4353 | D:4      | 4353 ||| DROPPING potion of attraction.
  4354 | D:4      | 4354 ||| DROPPING scroll of silence.
  4368 | D:5      | Entered Level 5 of the Dungeon
  4381 | D:5      | You fall into a shaft and drop 2 floors!
  4408 | D:7      | 4408 ||| Stepping ~*~*~tactically~*~*~ (hiding).
  4410 | D:7      | 4410 ||| Stepping ~*~*~tactically~*~*~ (stealth).
  4411 | D:7      | 4411 ||| Stepping ~*~*~tactically~*~*~ (stealth).
  4418 | D:7      | 4418 ||| INVOKING Fiery Armour.
  4421 | D:7      | Reached skill level 8 in Unarmed Combat
  4424 | D:7      | Reached skill level 3 in Fighting
  4433 | D:7      | Reached skill level 3 in Throwing
  4452 | D:7      | 4452 ||| Stepping ~*~*~tactically~*~*~ (stealth).
  4462 | D:7      | 4462 ||| Stepping ~*~*~tactically~*~*~ (stealth).
  4470 | D:7      | Reached XP level 8. HP: 75/75 MP: 8/8
  4492 | D:7      | 4492 ||| READING scroll of acquirement.
  4492 | D:7      | 4492 ||| ACQUIRING +0 cloak of willpower
  4492 | D:7      | Acquired a +0 cloak of willpower
  4494 | D:7      | 4494 ||| DROPPING scarf of shadows.
  4533 | D:7      | 4533 ||| UPGRADING to +0 cloak of willpower.
  4538 | D:7      | 4538 ||| READING 3 scrolls of identify.
  4538 | D:7      | 4538 ||| IDENTIFYING murky clear potion
  4539 | D:7      | 4539 ||| READING 2 scrolls of identify.
  4539 | D:7      | 4539 ||| IDENTIFYING lumpy yellow potion
  4550 | D:6      | 4550 ||| PLANNING OSSUARY
  4551 | D:6      | Reached skill level 9 in Unarmed Combat
  4586 | D:6      | Reached skill level 1 in Armour
  4735 | D:6      | 4735 ||| Stepping ~*~*~tactically~*~*~ (stealth).
  4736 | D:6      | 4736 ||| Stepping ~*~*~tactically~*~*~ (stealth).
  4846 | D:6      | Found a sand-covered staircase.
  4853 | Ossuary  | Entered an ossuary
  4861 | Ossuary  | 4861 ||| Stepping ~*~*~tactically~*~*~ (stealth).
  4862 | Ossuary  | 4862 ||| Stepping ~*~*~tactically~*~*~ (stealth).
  4876 | Ossuary  | Reached skill level 10 in Unarmed Combat
  4978 | Ossuary  | Reached XP level 9. HP: 84/84 MP: 9/9
  5025 | Ossuary  | 5025 ||| READING scroll labelled FAOR UQEOSMETE.
  5026 | Ossuary  | 5026 ||| READING scroll labelled CYIVIH JOTT.
  5042 | Ossuary  | 5042 ||| READING 2 scrolls of identify.
  5042 | Ossuary  | 5042 ||| IDENTIFYING black potion
  5055 | D:6      | 5055 ||| PLANNING D:1-11
  5068 | D:5      | 5068 ||| READING scroll of enchant armour.
  5068 | D:5      | 5068 ||| ENCHANTING +0 cloak of willpower.
  5103 | D:5      | 5103 ||| Stepping ~*~*~tactically~*~*~ (stealth).
  5105 | D:5      | 5105 ||| FLEEEEING.
  5106 | D:5      | 5106 ||| FLEEEEING.
  5107 | D:5      | 5107 ||| FLEEEEING.
  5110 | D:5      | 5110 ||| Stepping ~*~*~tactically~*~*~ (hiding).
  5129 | D:5      | 5129 ||| Stepping ~*~*~tactically~*~*~ (stealth).
  5130 | D:5      | 5130 ||| Stepping ~*~*~tactically~*~*~ (stealth).
  5223 | D:5      | 5223 ||| Stepping ~*~*~tactically~*~*~ (stealth).
  5242 | D:5      | 5242 ||| Stepping ~*~*~tactically~*~*~ (hiding).
  5243 | D:5      | 5243 ||| Stepping ~*~*~tactically~*~*~ (hiding).
  5244 | D:5      | 5244 ||| Stepping ~*~*~tactically~*~*~ (hiding).
  5245 | D:5      | 5245 ||| Stepping ~*~*~tactically~*~*~ (hiding).
  5246 | D:5      | 5246 ||| Stepping ~*~*~tactically~*~*~ (hiding).
  5251 | D:5      | 5251 ||| Stepping ~*~*~tactically~*~*~ (outnumbered).
  5256 | D:5      | 5256 ||| Stepping ~*~*~tactically~*~*~ (outnumbered).
  5283 | D:5      | 5283 ||| FLEEEEING.
  5288 | D:5      | Reached skill level 11 in Unarmed Combat
  5355 | D:5      | 5355 ||| DRINKING potion of curing.
  5355 | D:5      | 5355 ||| (to cure confusion)
  5448 | D:5      | Found an ancient bone altar of Kikubaaqudgha.
  5450 | D:5      | 5450 ||| Stepping ~*~*~tactically~*~*~ (stealth).
  5845 | D:6      | Noticed Menkaure
  5846 | D:6      | 5846 ||| Stepping ~*~*~tactically~*~*~ (hiding).
  5857 | D:6      | Killed Menkaure
  5985 | D:6      | 5985 ||| READING 2 scrolls of identify.
  5985 | D:6      | 5985 ||| IDENTIFYING grey potion
  6058 | D:7      | Found Dalarghe's Book Emporium.
  6078 | D:7      | Found Hiorch's Weapon Shop.
  6080 | D:7      | 6080 ||| Stepping ~*~*~tactically~*~*~ (hiding).
  6085 | D:7      | 6085 ||| Stepping ~*~*~tactically~*~*~ (stealth).
  6109 | D:7      | Reached skill level 12 in Unarmed Combat
  6110 | D:7      | 6110 ||| FLEEEEING.
  6111 | D:7      | 6111 ||| FLEEEEING.
  6123 | D:7      | 6123 ||| Stepping ~*~*~tactically~*~*~ (stealth).
  6275 | D:7      | 6275 ||| Stepping ~*~*~tactically~*~*~ (stealth).
  6277 | D:7      | 6277 ||| Stepping ~*~*~tactically~*~*~ (hiding).
  6526 | D:7      | 6526 ||| READING 2 scrolls of identify.
  6526 | D:7      | 6526 ||| IDENTIFYING red potion
  6527 | D:7      | 6527 ||| DROPPING potion of flight.
  6566 | D:7      | 6566 ||| READING 7 scrolls of teleportation.
  6567 | D:7      | 6567 ||| STAIRDANCE
  6623 | D:7      | 6623 ||| READING 6 scrolls of teleportation.
  6624 | D:7      | 6624 ||| STAIRDANCE
  6669 | D:8      | Found a staircase to the Lair.
  6700 | D:8      | 6700 ||| Stepping ~*~*~tactically~*~*~ (hiding).
  6708 | D:8      | Reached XP level 10. HP: 96/96 MP: 10/10
  6810 | D:8      | 6810 ||| Stepping ~*~*~tactically~*~*~ (stealth).
  6811 | D:8      | 6811 ||| Stepping ~*~*~tactically~*~*~ (stealth).
  6825 | D:8      | Noticed a two-headed ogre
  6834 | D:8      | 6834 ||| INVOKING Fiery Armour.
  6835 | D:8      | Killed a two-headed ogre
  6878 | D:8      | Found a broken altar of Ashenzari.
  6902 | D:8      | 6902 ||| Stepping ~*~*~tactically~*~*~ (stealth).
  6915 | D:8      | 6915 ||| Stepping ~*~*~tactically~*~*~ (stealth).
  6916 | D:8      | 6916 ||| Stepping ~*~*~tactically~*~*~ (stealth).
  6941 | D:8      | Noticed Erica
  6951 | D:8      | Killed Erica
  6952 | D:8      | Reached skill level 6 in Throwing
  6973 | D:8      | 6973 ||| Stepping ~*~*~tactically~*~*~ (hiding).
  7077 | D:8      | Found a runed translucent door.
  7099 | D:8      | Found a runed translucent door.
  7134 | D:8      | 7134 ||| Stepping ~*~*~tactically~*~*~ (stealth).
  7135 | D:8      | 7135 ||| Stepping ~*~*~tactically~*~*~ (stealth).
  7202 | D:8      | 7202 ||| Stepping ~*~*~tactically~*~*~ (stealth).
  7204 | D:8      | 7204 ||| Stepping ~*~*~tactically~*~*~ (hiding).
  7512 | D:8      | 7512 ||| Stepping ~*~*~tactically~*~*~ (hiding).
  7739 | D:8      | 7739 ||| Stepping ~*~*~tactically~*~*~ (hiding).
  7747 | D:8      | 7747 ||| Stepping ~*~*~tactically~*~*~ (stealth).
  7872 | D:8      | 7872 ||| READING scroll labelled CUPSAMMIUW.
  7873 | D:8      | 7873 ||| PLANNING LAIR
  7873 | D:8      | 7873 ||| DRINKING 2 metallic emerald potions.
  7874 | D:8      | 7874 ||| DRINKING 2 golden potions.
  7875 | D:8      | 7875 ||| DROPPING potion of magic.
  7943 | Lair:1   | Entered Level 1 of the Lair of Beasts
  7952 | Lair:1   | Reached skill level 13 in Unarmed Combat
  7963 | Lair:1   | Reached skill level 3 in Dodging
  8066 | Lair:1   | Identified the +5 plate armour of the Kangaroo {*Slow +Inv
                  | rF++}
  8149 | Lair:1   | 8149 ||| Stepping ~*~*~tactically~*~*~ (hiding).
  8152 | Lair:1   | Noticed a six-headed hydra
  8153 | Lair:1   | 8153 ||| Stepping ~*~*~tactically~*~*~ (stealth).
  8154 | Lair:1   | 8154 ||| Stepping ~*~*~tactically~*~*~ (stealth).
  8155 | Lair:1   | 8155 ||| INVOKING Fiery Armour.
  8160 | Lair:1   | Killed a seven-headed hydra
  8165 | Lair:1   | Reached skill level 14 in Unarmed Combat
  8171 | Lair:1   | Reached XP level 11. HP: 82/104 MP: 11/11
  8272 | Lair:1   | Noticed a catoblepas
  8273 | Lair:1   | 8273 ||| INVOKING Fiery Armour.
  8280 | Lair:1   | Killed a catoblepas
  8288 | Lair:1   | Reached skill level 6 in Fighting
  8290 | Lair:1   | 8290 ||| Stepping ~*~*~tactically~*~*~ (outnumbered).
  8293 | Lair:1   | 8293 ||| Stepping ~*~*~tactically~*~*~ (outnumbered).
  8294 | Lair:1   | 8294 ||| Stepping ~*~*~tactically~*~*~ (outnumbered).
  8295 | Lair:1   | 8295 ||| Stepping ~*~*~tactically~*~*~ (outnumbered).
  8296 | Lair:1   | 8296 ||| Stepping ~*~*~tactically~*~*~ (outnumbered).
  8297 | Lair:1   | 8297 ||| Stepping ~*~*~tactically~*~*~ (outnumbered).
  8298 | Lair:1   | 8298 ||| Stepping ~*~*~tactically~*~*~ (outnumbered).
  8299 | Lair:1   | 8299 ||| Stepping ~*~*~tactically~*~*~ (outnumbered).
  8300 | Lair:1   | 8300 ||| Stepping ~*~*~tactically~*~*~ (outnumbered).
  8302 | Lair:1   | 8302 ||| Stepping ~*~*~tactically~*~*~ (outnumbered).
  8303 | Lair:1   | 8303 ||| Stepping ~*~*~tactically~*~*~ (outnumbered).
  8304 | Lair:1   | 8304 ||| Stepping ~*~*~tactically~*~*~ (outnumbered).
  8539 | Lair:1   | 8539 ||| UPGRADING to +1 hat.
  8544 | Lair:1   | 8544 ||| READING 2 scrolls of identify.
  8544 | Lair:1   | 8544 ||| IDENTIFYING fizzy white potion
  8545 | Lair:1   | 8545 ||| DROPPING potion of brilliance.
  8577 | Lair:2   | Found a staircase to the Shoals.
  8635 | Lair:2   | 8635 ||| FLEEEEING.
  8636 | Lair:2   | 8636 ||| FLEEEEING.
  8637 | Lair:2   | 8637 ||| FLEEEEING.
  8638 | Lair:2   | 8638 ||| FLEEEEING.
  8645 | Lair:2   | 8645 ||| Stepping ~*~*~tactically~*~*~ (outnumbered).
  8646 | Lair:2   | 8646 ||| Stepping ~*~*~tactically~*~*~ (outnumbered).
  8652 | Lair:2   | 8652 ||| FLEEEEING.
  8653 | Lair:2   | 8653 ||| FLEEEEING.
  8658 | Lair:2   | 8658 ||| Stepping ~*~*~tactically~*~*~ (outnumbered).
  8660 | Lair:2   | 8660 ||| Stepping ~*~*~tactically~*~*~ (outnumbered).
  8664 | Lair:2   | Reached skill level 15 in Unarmed Combat
  8703 | Lair:2   | 8703 ||| INVOKING Fiery Armour.
  8709 | Lair:2   | 8709 ||| Stepping ~*~*~tactically~*~*~ (outnumbered).
  8710 | Lair:2   | 8710 ||| Stepping ~*~*~tactically~*~*~ (outnumbered).
  8711 | Lair:2   | 8711 ||| Stepping ~*~*~tactically~*~*~ (outnumbered).
  8712 | Lair:2   | 8712 ||| Stepping ~*~*~tactically~*~*~ (outnumbered).
  8713 | Lair:2   | 8713 ||| Stepping ~*~*~tactically~*~*~ (outnumbered).
  8717 | Lair:2   | 8717 ||| Stepping ~*~*~tactically~*~*~ (outnumbered).
  8722 | Lair:2   | 8722 ||| Stepping ~*~*~tactically~*~*~ (outnumbered).
  8723 | Lair:2   | 8723 ||| Stepping ~*~*~tactically~*~*~ (outnumbered).
  8724 | Lair:2   | 8724 ||| Stepping ~*~*~tactically~*~*~ (outnumbered).
  8736 | Lair:2   | 8736 ||| Stepping ~*~*~tactically~*~*~ (outnumbered).
  8737 | Lair:2   | 8737 ||| Stepping ~*~*~tactically~*~*~ (outnumbered).
  8738 | Lair:2   | 8738 ||| Stepping ~*~*~tactically~*~*~ (outnumbered).
  8739 | Lair:2   | 8739 ||| Stepping ~*~*~tactically~*~*~ (outnumbered).
  8742 | Lair:2   | 8742 ||| Stepping ~*~*~tactically~*~*~ (outnumbered).
  8743 | Lair:2   | 8743 ||| Stepping ~*~*~tactically~*~*~ (outnumbered).
  8744 | Lair:2   | 8744 ||| Stepping ~*~*~tactically~*~*~ (outnumbered).
  8745 | Lair:2   | 8745 ||| Stepping ~*~*~tactically~*~*~ (outnumbered).
  8747 | Lair:2   | 8747 ||| Stepping ~*~*~tactically~*~*~ (outnumbered).
  8748 | Lair:2   | 8748 ||| Stepping ~*~*~tactically~*~*~ (outnumbered).
  8749 | Lair:2   | 8749 ||| Stepping ~*~*~tactically~*~*~ (outnumbered).
  8750 | Lair:2   | 8750 ||| Stepping ~*~*~tactically~*~*~ (outnumbered).
  8985 | Lair:2   | Reached skill level 16 in Unarmed Combat
  8989 | Lair:2   | 8989 ||| READING scroll of enchant armour.
  8989 | Lair:2   | 8989 ||| ENCHANTING +1 hat.
  9540 | Lair:2   | 9540 ||| DRINKING 2 metallic yellow potions.
  9641 | Lair:2   | 9641 ||| DROPPING potion of ambrosia.
  9655 | Lair:3   | 9655 ||| Stepping ~*~*~tactically~*~*~ (stealth).
  9669 | Lair:3   | 9669 ||| Stepping ~*~*~tactically~*~*~ (outnumbered).
  9693 | Lair:3   | Reached XP level 12. HP: 115/115 MP: 12/12
  9738 | Lair:3   | 9738 ||| INVOKING Fiery Armour.
  9747 | Lair:3   | 9747 ||| Stepping ~*~*~tactically~*~*~ (outnumbered).
  9748 | Lair:3   | 9748 ||| Stepping ~*~*~tactically~*~*~ (outnumbered).
  9751 | Lair:3   | 9751 ||| Stepping ~*~*~tactically~*~*~ (outnumbered).
  9842 | Lair:3   | Reached skill level 17 in Unarmed Combat
  9843 | Lair:3   | 9843 ||| Stepping ~*~*~tactically~*~*~ (stealth).
  9845 | Lair:3   | 9845 ||| Stepping ~*~*~tactically~*~*~ (stealth).
  9846 | Lair:3   | 9846 ||| Stepping ~*~*~tactically~*~*~ (stealth).
  9850 | Lair:3   | 9850 ||| Stepping ~*~*~tactically~*~*~ (outnumbered).
  9852 | Lair:3   | 9852 ||| Stepping ~*~*~tactically~*~*~ (outnumbered).
  9853 | Lair:3   | 9853 ||| Stepping ~*~*~tactically~*~*~ (outnumbered).
  9854 | Lair:3   | 9854 ||| Stepping ~*~*~tactically~*~*~ (outnumbered).
  9855 | Lair:3   | 9855 ||| Stepping ~*~*~tactically~*~*~ (outnumbered).
  9856 | Lair:3   | 9856 ||| Stepping ~*~*~tactically~*~*~ (outnumbered).
  9857 | Lair:3   | 9857 ||| Stepping ~*~*~tactically~*~*~ (outnumbered).
  9901 | Lair:3   | Found a hole to the Spider Nest.
 10155 | Lair:3   | 10155 ||| Stepping ~*~*~tactically~*~*~ (stealth).
 10158 | Lair:3   | 10158 ||| INVOKING Fiery Armour.
 10462 | Lair:3   | 10462 ||| INVOKING Fiery Armour.
 10463 | Lair:3   | 10463 ||| Stepping ~*~*~tactically~*~*~ (outnumbered).
 10464 | Lair:3   | 10464 ||| Stepping ~*~*~tactically~*~*~ (outnumbered).
 10465 | Lair:3   | 10465 ||| Stepping ~*~*~tactically~*~*~ (outnumbered).
 10466 | Lair:3   | 10466 ||| Stepping ~*~*~tactically~*~*~ (outnumbered).
 10467 | Lair:3   | 10467 ||| Stepping ~*~*~tactically~*~*~ (outnumbered).
 10468 | Lair:3   | 10468 ||| Stepping ~*~*~tactically~*~*~ (outnumbered).
 10469 | Lair:3   | 10469 ||| Stepping ~*~*~tactically~*~*~ (outnumbered).
 10470 | Lair:3   | 10470 ||| Stepping ~*~*~tactically~*~*~ (outnumbered).
 10471 | Lair:3   | 10471 ||| Stepping ~*~*~tactically~*~*~ (outnumbered).
 10472 | Lair:3   | 10472 ||| Stepping ~*~*~tactically~*~*~ (outnumbered).
 10473 | Lair:3   | 10473 ||| Stepping ~*~*~tactically~*~*~ (outnumbered).
 10475 | Lair:3   | Reached skill level 18 in Unarmed Combat
 10510 | Lair:3   | 10510 ||| Stepping ~*~*~tactically~*~*~ (stealth).
 10669 | Lair:3   | 10669 ||| Stepping ~*~*~tactically~*~*~ (stealth).
 10672 | Lair:3   | 10672 ||| Stepping ~*~*~tactically~*~*~ (stealth).
 10689 | Lair:3   | Reached XP level 13. HP: 127/127 MP: 13/13
 10768 | Lair:3   | 10768 ||| READING scroll labelled BUFFOESUTA.
 10769 | Lair:3   | 10769 ||| READING scroll labelled JUREAHIMIWN.
 10848 | Lair:4   | 10848 ||| Stepping ~*~*~tactically~*~*~ (hiding).
 10910 | Lair:4   | Found a staircase to the Slime Pits.
 10953 | Lair:4   | 10953 ||| INVOKING Fiery Armour.
 10960 | Lair:4   | 10960 ||| Stepping ~*~*~tactically~*~*~ (outnumbered).
 10961 | Lair:4   | 10961 ||| Stepping ~*~*~tactically~*~*~ (outnumbered).
 10962 | Lair:4   | 10962 ||| Stepping ~*~*~tactically~*~*~ (outnumbered).
 10968 | Lair:4   | 10968 ||| Stepping ~*~*~tactically~*~*~ (outnumbered).
 10969 | Lair:4   | 10969 ||| Stepping ~*~*~tactically~*~*~ (outnumbered).
 10970 | Lair:4   | 10970 ||| Stepping ~*~*~tactically~*~*~ (outnumbered).
 10971 | Lair:4   | 10971 ||| Stepping ~*~*~tactically~*~*~ (outnumbered).
 10972 | Lair:4   | 10972 ||| Stepping ~*~*~tactically~*~*~ (outnumbered).
 10974 | Lair:4   | 10974 ||| Stepping ~*~*~tactically~*~*~ (outnumbered).
 10975 | Lair:4   | 10975 ||| Stepping ~*~*~tactically~*~*~ (outnumbered).
 10976 | Lair:4   | 10976 ||| Stepping ~*~*~tactically~*~*~ (outnumbered).
 10977 | Lair:4   | 10977 ||| Stepping ~*~*~tactically~*~*~ (outnumbered).
 10978 | Lair:4   | 10978 ||| Stepping ~*~*~tactically~*~*~ (outnumbered).
 10979 | Lair:4   | 10979 ||| Stepping ~*~*~tactically~*~*~ (outnumbered).
 10980 | Lair:4   | 10980 ||| Stepping ~*~*~tactically~*~*~ (outnumbered).
 10981 | Lair:4   | 10981 ||| Stepping ~*~*~tactically~*~*~ (outnumbered).
 10982 | Lair:4   | 10982 ||| Stepping ~*~*~tactically~*~*~ (outnumbered).
 10990 | Lair:4   | 10990 ||| Stepping ~*~*~tactically~*~*~ (outnumbered).
 10993 | Lair:4   | 10993 ||| Stepping ~*~*~tactically~*~*~ (outnumbered).
 11003 | Lair:4   | HP: 31/127 [death yak (19)]
 11004 | Lair:4   | 11004 ||| READING 8 scrolls of teleportation.
 11007 | Lair:4   | 11007 ||| DRINKING 3 potions of heal wounds.
 11011 | Lair:4   | 11011 ||| Stepping ~*~*~tactically~*~*~ (cloud).
 11086 | Lair:4   | 11086 ||| INVOKING Fiery Armour.
 11104 | Lair:4   | 11104 ||| FLEEEEING.
 11105 | Lair:4   | 11105 ||| FLEEEEING.
 11106 | Lair:4   | 11106 ||| FLEEEEING.
 11272 | Lair:4   | 11272 ||| INVOKING Fiery Armour.
 11273 | Lair:4   | 11273 ||| Stepping ~*~*~tactically~*~*~ (outnumbered).
 11274 | Lair:4   | 11274 ||| Stepping ~*~*~tactically~*~*~ (outnumbered).
 11275 | Lair:4   | 11275 ||| Stepping ~*~*~tactically~*~*~ (outnumbered).
 11675 | Lair:5   | Entered Level 5 of the Lair of Beasts
 11698 | Lair:5   | 11698 ||| INVOKING Fiery Armour.
 11699 | Lair:5   | 11699 ||| Stepping ~*~*~tactically~*~*~ (outnumbered).
 11713 | Lair:5   | 11713 ||| Stepping ~*~*~tactically~*~*~ (stealth).
 11715 | Lair:5   | 11715 ||| Stepping ~*~*~tactically~*~*~ (outnumbered).
 11716 | Lair:5   | Reached skill level 19 in Unarmed Combat
 11743 | Lair:5   | Identified the +0 trident of the Destroying Tiger {flame,
                  | Will+}
 11813 | Lair:5   | 11813 ||| Stepping ~*~*~tactically~*~*~ (stealth).
 11823 | Lair:5   | 11823 ||| Stepping ~*~*~tactically~*~*~ (outnumbered).
 11824 | Lair:5   | 11824 ||| Stepping ~*~*~tactically~*~*~ (outnumbered).
 11825 | Lair:5   | 11825 ||| Stepping ~*~*~tactically~*~*~ (outnumbered).
 11926 | Lair:5   | 11926 ||| Stepping ~*~*~tactically~*~*~ (stealth).
 11941 | Lair:5   | 11941 ||| FLEEEEING.
 11944 | Lair:5   | 11944 ||| FLEEEEING.
 11945 | Lair:5   | 11945 ||| FLEEEEING.
 11946 | Lair:5   | 11946 ||| FLEEEEING.
 11947 | Lair:5   | 11947 ||| FLEEEEING.
 11948 | Lair:5   | 11948 ||| FLEEEEING.
 11949 | Lair:5   | 11949 ||| FLEEEEING.
 11950 | Lair:5   | 11950 ||| FLEEEEING.
 11951 | Lair:5   | 11951 ||| FLEEEEING.
 11952 | Lair:5   | 11952 ||| FLEEEEING.
 11953 | Lair:5   | 11953 ||| FLEEEEING.
 11955 | Lair:5   | 11955 ||| FLEEEEING.
 11956 | Lair:5   | 11956 ||| FLEEEEING.
 11957 | Lair:5   | 11957 ||| FLEEEEING.
 11958 | Lair:5   | 11958 ||| FLEEEEING.
 11959 | Lair:5   | 11959 ||| FLEEEEING.
 11960 | Lair:5   | 11960 ||| FLEEEEING.
 11961 | Lair:5   | 11961 ||| FLEEEEING.
 11963 | Lair:5   | 11963 ||| FLEEEEING.
 11964 | Lair:5   | 11964 ||| FLEEEEING.
 11965 | Lair:5   | 11965 ||| FLEEEEING.
 11966 | Lair:5   | 11966 ||| FLEEEEING.
 11994 | Lair:5   | 11994 ||| PLANNING TEMPLE
 12180 | Temple   | Entered the Ecumenical Temple
 12271 | Temple   | 12271 ||| PLANNING CONVERSION TO OKAWARU
 12275 | Temple   | Fell from the grace of Ignis
 12275 | Temple   | Became a worshipper of Warmaster Okawaru
 12276 | Temple   | 12276 ||| PLANNING LAIR
 12432 | Lair:5   | 12432 ||| Stepping ~*~*~tactically~*~*~ (cloud).
 12439 | Lair:5   | 12439 ||| Stepping ~*~*~tactically~*~*~ (cloud).
 12440 | Lair:5   | 12440 ||| Stepping ~*~*~tactically~*~*~ (cloud).
 12442 | Lair:5   | Reached skill level 9 in Fighting
 12480 | Lair:5   | 12480 ||| Stepping ~*~*~tactically~*~*~ (stealth).
 12483 | Lair:5   | 12483 ||| Stepping ~*~*~tactically~*~*~ (stealth).
 12503 | Lair:5   | 12503 ||| Stepping ~*~*~tactically~*~*~ (outnumbered).
 12504 | Lair:5   | 12504 ||| Stepping ~*~*~tactically~*~*~ (outnumbered).
 12505 | Lair:5   | 12505 ||| Stepping ~*~*~tactically~*~*~ (outnumbered).
 12506 | Lair:5   | 12506 ||| Stepping ~*~*~tactically~*~*~ (outnumbered).
 12515 | Lair:5   | Reached * piety under Okawaru
 12516 | Lair:5   | 12516 ||| INVOKING Heroism.
 12527 | Lair:5   | Reached skill level 1 in Invocations
 12549 | Lair:5   | 12549 ||| FLEEEEING.
 12550 | Lair:5   | 12550 ||| FLEEEEING.
 12552 | Lair:5   | 12552 ||| FLEEEEING.
 12553 | Lair:5   | 12553 ||| FLEEEEING.
 12554 | Lair:5   | 12554 ||| FLEEEEING.
 12555 | Lair:5   | 12555 ||| FLEEEEING.
 12557 | Lair:5   | 12557 ||| FLEEEEING.
 12558 | Lair:5   | 12558 ||| FLEEEEING.
 12559 | Lair:5   | 12559 ||| FLEEEEING.
 12560 | Lair:5   | 12560 ||| FLEEEEING.
 12561 | Lair:5   | 12561 ||| FLEEEEING.
 12562 | Lair:5   | 12562 ||| FLEEEEING.
 12563 | Lair:5   | 12563 ||| INVOKING Heroism.
 12639 | Lair:5   | 12639 ||| Stepping ~*~*~tactically~*~*~ (hiding).
 12654 | Lair:5   | 12654 ||| INVOKING Heroism.
 12674 | Lair:5   | 12674 ||| INVOKING Heroism.
 12699 | Lair:5   | 12699 ||| Stepping ~*~*~tactically~*~*~ (hiding).
 12706 | Lair:5   | Reached ** piety under Okawaru
 12719 | Lair:5   | 12719 ||| Stepping ~*~*~tactically~*~*~ (hiding).
 12724 | Lair:5   | Reached XP level 14. HP: 129/140 MP: 14/14
 12758 | Lair:5   | 12758 ||| Stepping ~*~*~tactically~*~*~ (stealth).
 12764 | Lair:5   | 12764 ||| Stepping ~*~*~tactically~*~*~ (stealth).
 12765 | Lair:5   | 12765 ||| Stepping ~*~*~tactically~*~*~ (stealth).
 12770 | Lair:5   | 12770 ||| Stepping ~*~*~tactically~*~*~ (hiding).
 12771 | Lair:5   | 12771 ||| INVOKING Heroism.
 12823 | Lair:5   | 12823 ||| Stepping ~*~*~tactically~*~*~ (hiding).
 12834 | Lair:5   | Reached skill level 3 in Invocations
 12837 | Lair:5   | Found a burning altar of Makhleb.
 12838 | Lair:5   | 12838 ||| INVOKING Heroism.
 12859 | Lair:5   | 12859 ||| Stepping ~*~*~tactically~*~*~ (outnumbered).
 12860 | Lair:5   | 12860 ||| Stepping ~*~*~tactically~*~*~ (hiding).
 12867 | Lair:5   | 12867 ||| Stepping ~*~*~tactically~*~*~ (outnumbered).
 12872 | Lair:5   | 12872 ||| INVOKING Heroism.
 12879 | Lair:5   | HP: 35/140 [red devil/+0 demon trident of electrocution
                  | (17)]
 12880 | Lair:5   | 12880 ||| READING 9 scrolls of teleportation.
 12881 | Lair:5   | 12881 ||| DRINKING 2 potions of heal wounds.
 13311 | Lair:5   | Found a gateway to Hell.
 13341 | Lair:5   | 13341 ||| PLANNING D:1-11
 13524 | D:9      | Noticed Erolcha
 13525 | D:9      | 13525 ||| Stepping ~*~*~tactically~*~*~ (hiding).
 13526 | D:9      | 13526 ||| Stepping ~*~*~tactically~*~*~ (hiding).
 13527 | D:9      | 13527 ||| Stepping ~*~*~tactically~*~*~ (hiding).
 13528 | D:9      | 13528 ||| Stepping ~*~*~tactically~*~*~ (hiding).
 13529 | D:9      | 13529 ||| INVOKING Heroism.
 13535 | D:9      | Killed Erolcha
 13576 | D:9      | 13576 ||| Stepping ~*~*~tactically~*~*~ (stealth).
 13581 | D:9      | Reached *** piety under Okawaru
 13596 | D:9      | 13596 ||| Stepping ~*~*~tactically~*~*~ (hiding).
 13602 | D:9      | 13602 ||| INVOKING Heroism.
 13613 | D:9      | 13613 ||| Stepping ~*~*~tactically~*~*~ (hiding).
 13741 | D:9      | 13741 ||| Stepping ~*~*~tactically~*~*~ (outnumbered).
 13897 | D:9      | You fall into a shaft and drop 1 floor!
 13897 | D:10     | Entered Level 10 of the Dungeon
 13932 | D:10     | 13932 ||| INVOKING Heroism.
 13946 | D:10     | Reached skill level 20 in Unarmed Combat
 14062 | D:9      | 14062 ||| Stepping ~*~*~tactically~*~*~ (stealth).
 14064 | D:9      | 14064 ||| Stepping ~*~*~tactically~*~*~ (stealth).
 14085 | D:9      | 14085 ||| Stepping ~*~*~tactically~*~*~ (stealth).
 14159 | D:9      | 14159 ||| READING 8 scrolls of teleportation.
 14309 | D:10     | 14309 ||| INVOKING Heroism.
 14345 | D:10     | 14345 ||| Stepping ~*~*~tactically~*~*~ (hiding).
 14360 | D:10     | Reached skill level 3 in Armour
 14836 | D:11     | 14836 ||| FLEEEEING.
 14863 | D:11     | 14863 ||| INVOKING Heroism.
 14951 | D:11     | 14951 ||| INVOKING Heroism.
 14986 | D:11     | You fall into a shaft and drop 2 floors!
 15075 | D:13     | 15075 ||| INVOKING Heroism.
 15125 | D:13     | 15125 ||| INVOKING Heroism.
 15176 | D:13     | 15176 ||| UPGRADING to +0 acid dragon scales.
 15186 | D:13     | 15186 ||| DROPPING +0 troll leather armour {Pargi}.
 15227 | D:11     | Found a frozen archway.
 15228 | D:11     | 15228 ||| Stepping ~*~*~tactically~*~*~ (stealth).
 15231 | D:11     | 15231 ||| Stepping ~*~*~tactically~*~*~ (hiding).
 15241 | D:11     | 15241 ||| INVOKING Heroism.
 15258 | D:11     | 15258 ||| Stepping ~*~*~tactically~*~*~ (stealth).
 15263 | D:11     | Reached **** piety under Okawaru
 15310 | D:11     | 15310 ||| Stepping ~*~*~tactically~*~*~ (stealth).
 15316 | D:11     | 15316 ||| Stepping ~*~*~tactically~*~*~ (hiding).
 15320 | D:11     | 15320 ||| INVOKING Heroism.
 15321 | D:11     | 15321 ||| Stepping ~*~*~tactically~*~*~ (outnumbered).
 15333 | D:11     | 15333 ||| Stepping ~*~*~tactically~*~*~ (hiding).
 15334 | D:11     | 15334 ||| Stepping ~*~*~tactically~*~*~ (hiding).
 15346 | D:11     | 15346 ||| Stepping ~*~*~tactically~*~*~ (outnumbered).
 15347 | D:11     | 15347 ||| Stepping ~*~*~tactically~*~*~ (outnumbered).
 15348 | D:11     | 15348 ||| Stepping ~*~*~tactically~*~*~ (outnumbered).
 15351 | D:11     | Reached skill level 9 in Throwing
 15358 | D:11     | 15358 ||| Stepping ~*~*~tactically~*~*~ (stealth).
 15366 | D:11     | 15366 ||| Stepping ~*~*~tactically~*~*~ (stealth).
 15371 | D:11     | 15371 ||| Stepping ~*~*~tactically~*~*~ (stealth).
 15379 | D:11     | Received a gift from Okawaru
 15394 | D:11     | Found a staircase to the Orcish Mines.
 15395 | D:11     | 15395 ||| Stepping ~*~*~tactically~*~*~ (stealth).
 15426 | D:11     | 15426 ||| INVOKING Heroism.
 15445 | D:11     | Found Comory's General Store.
 15452 | D:11     | 15452 ||| BUYING scroll of brand weapon (123 gold).
 15452 | D:11     | Bought a scroll of brand weapon for 123 gold pieces
 15452 | D:11     | 15452 ||| BUYING scroll of teleportation (39 gold).
 15452 | D:11     | Bought a scroll of teleportation for 39 gold pieces
 15469 | D:11     | 15469 ||| Stepping ~*~*~tactically~*~*~ (hiding).
 15472 | D:11     | 15472 ||| INVOKING Heroism.
 15507 | D:11     | 15507 ||| INVOKING Heroism.
 15517 | D:11     | 15517 ||| Stepping ~*~*~tactically~*~*~ (outnumbered).
 15523 | D:11     | 15523 ||| Stepping ~*~*~tactically~*~*~ (outnumbered).
 15524 | D:11     | 15524 ||| Stepping ~*~*~tactically~*~*~ (outnumbered).
 15525 | D:11     | 15525 ||| Stepping ~*~*~tactically~*~*~ (outnumbered).
 15526 | D:11     | 15526 ||| Stepping ~*~*~tactically~*~*~ (outnumbered).
 15527 | D:11     | 15527 ||| Stepping ~*~*~tactically~*~*~ (outnumbered).
 15528 | D:11     | 15528 ||| Stepping ~*~*~tactically~*~*~ (outnumbered).
 15529 | D:11     | 15529 ||| Stepping ~*~*~tactically~*~*~ (outnumbered).
 15530 | D:11     | 15530 ||| Stepping ~*~*~tactically~*~*~ (outnumbered).
 15598 | D:11     | 15598 ||| INVOKING Heroism.
 15642 | D:11     | 15642 ||| INVOKING Heroism.
 15869 | D:11     | 15869 ||| UPGRADING to +0 ice dragon scales.
 15879 | D:11     | 15879 ||| READING scroll labelled OMADUKHLYOMU.
 15888 | D:10     | 15888 ||| READING 8 scrolls of teleportation.
 15938 | D:11     | 15938 ||| PLANNING D
 16064 | D:12     | 16064 ||| INVOKING Heroism.
 16066 | D:12     | 16066 ||| Stepping ~*~*~tactically~*~*~ (outnumbered).
 16074 | D:12     | 16074 ||| Stepping ~*~*~tactically~*~*~ (outnumbered).
 16843 | D:13     | 16843 ||| STAIRDANCE
 16955 | D:13     | 16955 ||| STAIRDANCE
 17027 | D:13     | 17027 ||| Stepping ~*~*~tactically~*~*~ (outnumbered).
 17032 | D:13     | Received a gift from Okawaru
 17162 | D:13     | 17162 ||| Stepping ~*~*~tactically~*~*~ (stealth).
 17273 | D:13     | 17273 ||| INVOKING Heroism.
 17286 | D:13     | Received a gift from Okawaru
 17336 | D:13     | 17336 ||| Stepping ~*~*~tactically~*~*~ (hiding).
 17340 | D:13     | 17340 ||| Stepping ~*~*~tactically~*~*~ (hiding).
 17430 | D:13     | Found a gate to the Vaults.
 17505 | D:13     | Was forgiven by Ignis
 17555 | D:14     | 17555 ||| Stepping ~*~*~tactically~*~*~ (outnumbered).
 17556 | D:14     | 17556 ||| INVOKING Heroism.
 17564 | D:14     | 17564 ||| FLEEEEING.
 17565 | D:14     | 17565 ||| STAIRDANCE
 17609 | D:14     | 17609 ||| STAIRDANCE
 17647 | D:14     | 17647 ||| READING scroll of enchant armour.
 17647 | D:14     | 17647 ||| ENCHANTING +0 ice dragon scales.
 17673 | D:14     | Reached skill level 6 in Invocations
 17675 | D:14     | Noticed Josephine
 17676 | D:14     | 17676 ||| INVOKING Heroism.
 17679 | D:14     | 17679 ||| Stepping ~*~*~tactically~*~*~ (outnumbered).
 17680 | D:14     | 17680 ||| Stepping ~*~*~tactically~*~*~ (outnumbered).
 17681 | D:14     | 17681 ||| Stepping ~*~*~tactically~*~*~ (outnumbered).
 17682 | D:14     | 17682 ||| Stepping ~*~*~tactically~*~*~ (outnumbered).
 17683 | D:14     | 17683 ||| Stepping ~*~*~tactically~*~*~ (outnumbered).
 17684 | D:14     | 17684 ||| Stepping ~*~*~tactically~*~*~ (outnumbered).
 17685 | D:14     | 17685 ||| Stepping ~*~*~tactically~*~*~ (hiding).
 17697 | D:14     | Killed Josephine
 17698 | D:14     | Reached XP level 15. HP: 113/145 MP: 18/18
 17796 | D:14     | 17796 ||| INVOKING Heroism.
 17799 | D:14     | 17799 ||| Stepping ~*~*~tactically~*~*~ (outnumbered).
 17800 | D:14     | 17800 ||| Stepping ~*~*~tactically~*~*~ (outnumbered).
 17801 | D:14     | 17801 ||| Stepping ~*~*~tactically~*~*~ (outnumbered).
 17802 | D:14     | 17802 ||| Stepping ~*~*~tactically~*~*~ (outnumbered).
 17903 | D:14     | 17903 ||| Stepping ~*~*~tactically~*~*~ (outnumbered).
 17909 | D:14     | Reached ***** piety under Okawaru
 18035 | D:14     | Received a gift from Okawaru
 18205 | D:14     | 18205 ||| Stepping ~*~*~tactically~*~*~ (stealth).
 18207 | D:14     | 18207 ||| INVOKING Heroism.
 18208 | D:14     | 18208 ||| Stepping ~*~*~tactically~*~*~ (stealth).
 18210 | D:14     | 18210 ||| Stepping ~*~*~tactically~*~*~ (stealth).
 18215 | D:14     | Reached skill level 6 in Armour
 18222 | D:14     | 18222 ||| Stepping ~*~*~tactically~*~*~ (outnumbered).
 18226 | D:14     | 18226 ||| Stepping ~*~*~tactically~*~*~ (outnumbered).
 18227 | D:14     | 18227 ||| Stepping ~*~*~tactically~*~*~ (outnumbered).
 18417 | D:14     | 18417 ||| DROPPING amulet of faith.
 18432 | D:15     | Entered Level 15 of the Dungeon
 18434 | D:15     | 18434 ||| STAIRDANCE
 18444 | D:15     | 18444 ||| STAIRDANCE
 18447 | D:14     | Received a gift from Okawaru
 18452 | D:15     | 18452 ||| STAIRDANCE
 18454 | D:14     | 18454 ||| Stepping ~*~*~tactically~*~*~ (outnumbered).
 18455 | D:14     | 18455 ||| Stepping ~*~*~tactically~*~*~ (outnumbered).
 18456 | D:14     | 18456 ||| Stepping ~*~*~tactically~*~*~ (outnumbered).
 18457 | D:14     | 18457 ||| Stepping ~*~*~tactically~*~*~ (outnumbered).
 18482 | D:15     | 18482 ||| STAIRDANCE
 18491 | D:15     | 18491 ||| Stepping ~*~*~tactically~*~*~ (hiding).
 18492 | D:15     | 18492 ||| INVOKING Heroism.
 18502 | D:15     | 18502 ||| Stepping ~*~*~tactically~*~*~ (outnumbered).
 18505 | D:15     | 18505 ||| Stepping ~*~*~tactically~*~*~ (hiding).
 18519 | D:15     | 18519 ||| Stepping ~*~*~tactically~*~*~ (stealth).
 18520 | D:15     | 18520 ||| Stepping ~*~*~tactically~*~*~ (stealth).
 18522 | D:15     | 18522 ||| Stepping ~*~*~tactically~*~*~ (stealth).
 18557 | D:15     | Noticed Rupert
 18558 | D:15     | 18558 ||| Stepping ~*~*~tactically~*~*~ (stealth).
 18576 | D:15     | Found Zudo's Book Boutique.
 18621 | D:15     | 18621 ||| FLEEEEING.
 18622 | D:15     | 18622 ||| FLEEEEING.
 18624 | D:15     | 18624 ||| FLEEEEING.
 18645 | D:15     | 18645 ||| Stepping ~*~*~tactically~*~*~ (stealth).
 18646 | D:15     | 18646 ||| Stepping ~*~*~tactically~*~*~ (stealth).
 18655 | D:15     | Received a gift from Okawaru
 18706 | D:15     | Found a staircase to the Depths.
 18737 | D:15     | Found Cefiakus's Antique Weapon Shoppe.
 18747 | D:15     | 18747 ||| INVOKING Heroism.
 18748 | D:15     | 18748 ||| INVOKING Finesse.
 18756 | D:15     | Killed Rupert
 18804 | D:15     | Found an opulent altar of Gozag.
 18821 | D:15     | Found Vufeysujo's Armour Shop.
 18823 | D:15     | 18823 ||| INVOKING Heroism.
 18833 | D:15     | 18833 ||| Stepping ~*~*~tactically~*~*~ (cloud).
 18845 | D:15     | 18845 ||| BUYING +0 robe of fire resistance (123 gold).
 18845 | D:15     | Bought a +0 robe of fire resistance for 123 gold pieces
 18869 | D:15     | 18869 ||| INVOKING Heroism.
 18870 | D:15     | 18870 ||| INVOKING Finesse.
 18880 | D:15     | Received a gift from Okawaru
 18921 | D:15     | Found Ceot's Jewellery Boutique.
 18922 | D:15     | 18922 ||| INVOKING Heroism.
 18942 | D:15     | 18942 ||| FLEEEEING.
 18943 | D:15     | 18943 ||| FLEEEEING.
 18992 | D:15     | 18992 ||| FLEEEEING.
 18993 | D:15     | 18993 ||| INVOKING Heroism.
 19030 | D:15     | 19030 ||| INVOKING Heroism.
 19082 | D:15     | 19082 ||| BUYING +6 ring of strength (684 gold).
 19082 | D:15     | Bought a +6 ring of strength for 684 gold pieces
 19082 | D:15     | 19082 ||| SHOPLISTING amulet of Vitality {RegenMP++
                  | Regen++} (1900 gold, have 1838).
 19082 | D:15     | 19082 ||| BUYING amulet of reflection (570 gold).
 19082 | D:15     | Bought an amulet of reflection for 570 gold pieces
 19082 | D:15     | 19082 ||| BUYING ring of Iffipom {EV+4 Dex+4} (976 gold).
 19082 | D:15     | Bought the ring of Iffipom {EV+4 Dex+4} for 976 gold pieces
 19082 | D:15     | 19082 ||| BUYING ring of see invisible (285 gold).
 19082 | D:15     | Bought a ring of see invisible for 285 gold pieces
 19115 | D:15     | Found Widiajue's General Store.
 19144 | D:15     | Found a runed translucent gate.
 19144 | D:15     | Found a runed translucent gate.
 19144 | D:15     | Found a runed translucent gate.
 19146 | D:15     | Noticed Kuralita's ghost (journeyman OpTm)
 19147 | D:15     | Noticed Yakesh's ghost (journeyman MiFi)
 19318 | D:15     | 19318 ||| UPGRADING to amulet of reflection.
 19328 | D:15     | 19328 ||| PLANNING ORC
 19328 | D:15     | 19328 ||| DROPPING amulet of regeneration.
 19329 | D:15     | 19329 ||| DROPPING ring of positive energy.
 19330 | D:15     | 19330 ||| DROPPING ring of willpower.
 19331 | D:15     | 19331 ||| UPGRADING to +6 ring of strength.
 19333 | D:15     | 19333 ||| UPGRADING to ring of protection from fire.
 19335 | D:15     | 19335 ||| UPGRADING to ring of Iffipom {EV+4 Dex+4}.
 19337 | D:15     | 19337 ||| DROPPING +6 ring of dexterity.
 19338 | D:15     | 19338 ||| UPGRADING to ring of see invisible.
 19509 | Orc:1    | Entered Level 1 of the Orcish Mines
 19510 | Orc:1    | 19510 ||| INVOKING Heroism.
 19513 | Orc:1    | Paralysed by an orc sorcerer for 2 turns
 19520 | Orc:1    | 19520 ||| Stepping ~*~*~tactically~*~*~ (outnumbered).
 19525 | Orc:1    | 19525 ||| Stepping ~*~*~tactically~*~*~ (outnumbered).
 19526 | Orc:1    | 19526 ||| Stepping ~*~*~tactically~*~*~ (outnumbered).
 19527 | Orc:1    | 19527 ||| Stepping ~*~*~tactically~*~*~ (outnumbered).
 19528 | Orc:1    | 19528 ||| Stepping ~*~*~tactically~*~*~ (outnumbered).
 19529 | Orc:1    | 19529 ||| Stepping ~*~*~tactically~*~*~ (outnumbered).
 19532 | Orc:1    | 19532 ||| Stepping ~*~*~tactically~*~*~ (outnumbered).
 19533 | Orc:1    | 19533 ||| Stepping ~*~*~tactically~*~*~ (outnumbered).
 19534 | Orc:1    | 19534 ||| Stepping ~*~*~tactically~*~*~ (outnumbered).
 19539 | Orc:1    | 19539 ||| Stepping ~*~*~tactically~*~*~ (outnumbered).
 19543 | Orc:1    | 19543 ||| Stepping ~*~*~tactically~*~*~ (outnumbered).
 19547 | Orc:1    | 19547 ||| Stepping ~*~*~tactically~*~*~ (outnumbered).
 19664 | Orc:1    | 19664 ||| Stepping ~*~*~tactically~*~*~ (hiding).
 19665 | Orc:1    | 19665 ||| Stepping ~*~*~tactically~*~*~ (hiding).
 19714 | Orc:1    | 19714 ||| INVOKING Heroism.
 19794 | Orc:1    | 19794 ||| Stepping ~*~*~tactically~*~*~ (stealth).
 19796 | Orc:1    | 19796 ||| INVOKING Heroism.
 19798 | Orc:1    | 19798 ||| Stepping ~*~*~tactically~*~*~ (hiding).
 19808 | Orc:1    | 19808 ||| Stepping ~*~*~tactically~*~*~ (stealth).
 19809 | Orc:1    | 19809 ||| Stepping ~*~*~tactically~*~*~ (stealth).
 19810 | Orc:1    | 19810 ||| Stepping ~*~*~tactically~*~*~ (stealth).
 19811 | Orc:1    | 19811 ||| Stepping ~*~*~tactically~*~*~ (stealth).
 19831 | Orc:1    | 19831 ||| Stepping ~*~*~tactically~*~*~ (stealth).
 19916 | Orc:1    | 19916 ||| Stepping ~*~*~tactically~*~*~ (stealth).
 19919 | Orc:1    | 19919 ||| INVOKING Heroism.
 19927 | Orc:1    | 19927 ||| Stepping ~*~*~tactically~*~*~ (outnumbered).
 19928 | Orc:1    | 19928 ||| Stepping ~*~*~tactically~*~*~ (outnumbered).
 19929 | Orc:1    | 19929 ||| Stepping ~*~*~tactically~*~*~ (outnumbered).
 19930 | Orc:1    | 19930 ||| Stepping ~*~*~tactically~*~*~ (hiding).
 19934 | Orc:1    | 19934 ||| Stepping ~*~*~tactically~*~*~ (outnumbered).
 19956 | Orc:1    | 19956 ||| Stepping ~*~*~tactically~*~*~ (stealth).
 19980 | Orc:1    | 19980 ||| Stepping ~*~*~tactically~*~*~ (stealth).
 19981 | Orc:1    | 19981 ||| Stepping ~*~*~tactically~*~*~ (stealth).
 19982 | Orc:1    | 19982 ||| Stepping ~*~*~tactically~*~*~ (stealth).
 19987 | Orc:1    | 19987 ||| INVOKING Heroism.
 20109 | Orc:1    | 20109 ||| INVOKING Heroism.
 20119 | Orc:1    | 20119 ||| Stepping ~*~*~tactically~*~*~ (outnumbered).
 20124 | Orc:1    | 20124 ||| Stepping ~*~*~tactically~*~*~ (outnumbered).
 20125 | Orc:1    | 20125 ||| Stepping ~*~*~tactically~*~*~ (outnumbered).
 20128 | Orc:1    | 20128 ||| Stepping ~*~*~tactically~*~*~ (outnumbered).
 20129 | Orc:1    | 20129 ||| Stepping ~*~*~tactically~*~*~ (outnumbered).
 20275 | Orc:1    | 20275 ||| Stepping ~*~*~tactically~*~*~ (stealth).
 20348 | Orc:2    | Entered Level 2 of the Orcish Mines
 20352 | Orc:2    | 20352 ||| INVOKING Heroism.
 20445 | Orc:2    | 20445 ||| INVOKING Heroism.
 20456 | Orc:2    | Reached skill level 9 in Invocations
 20553 | Orc:2    | Found a staircase to the Elven Halls.
 20579 | Orc:2    | 20579 ||| INVOKING Heroism.
 20588 | Orc:2    | 20588 ||| Stepping ~*~*~tactically~*~*~ (outnumbered).
 20591 | Orc:2    | 20591 ||| Stepping ~*~*~tactically~*~*~ (outnumbered).
 20592 | Orc:2    | 20592 ||| Stepping ~*~*~tactically~*~*~ (outnumbered).
 20593 | Orc:2    | 20593 ||| Stepping ~*~*~tactically~*~*~ (outnumbered).
 20594 | Orc:2    | 20594 ||| Stepping ~*~*~tactically~*~*~ (outnumbered).
 20595 | Orc:2    | 20595 ||| Stepping ~*~*~tactically~*~*~ (outnumbered).
 20598 | Orc:2    | 20598 ||| Stepping ~*~*~tactically~*~*~ (outnumbered).
 20599 | Orc:2    | 20599 ||| Stepping ~*~*~tactically~*~*~ (outnumbered).
 20603 | Orc:2    | Reached skill level 21 in Unarmed Combat
 20605 | Orc:2    | 20605 ||| Stepping ~*~*~tactically~*~*~ (outnumbered).
 20610 | Orc:2    | 20610 ||| Stepping ~*~*~tactically~*~*~ (outnumbered).
 20611 | Orc:2    | 20611 ||| Stepping ~*~*~tactically~*~*~ (outnumbered).
 20615 | Orc:2    | 20615 ||| Stepping ~*~*~tactically~*~*~ (outnumbered).
 20616 | Orc:2    | 20616 ||| Stepping ~*~*~tactically~*~*~ (outnumbered).
 20618 | Orc:2    | 20618 ||| Stepping ~*~*~tactically~*~*~ (outnumbered).
 20621 | Orc:2    | 20621 ||| Stepping ~*~*~tactically~*~*~ (outnumbered).
 20622 | Orc:2    | 20622 ||| Stepping ~*~*~tactically~*~*~ (outnumbered).
 20624 | Orc:2    | 20624 ||| Stepping ~*~*~tactically~*~*~ (outnumbered).
 20626 | Orc:2    | 20626 ||| Stepping ~*~*~tactically~*~*~ (outnumbered).
 20627 | Orc:2    | 20627 ||| Stepping ~*~*~tactically~*~*~ (outnumbered).
 20628 | Orc:2    | 20628 ||| INVOKING Heroism.
 20629 | Orc:2    | 20629 ||| Stepping ~*~*~tactically~*~*~ (outnumbered).
 20634 | Orc:2    | 20634 ||| Stepping ~*~*~tactically~*~*~ (outnumbered).
 20835 | Orc:2    | 20835 ||| Stepping ~*~*~tactically~*~*~ (stealth).
 20864 | Orc:2    | 20864 ||| INVOKING Heroism.
 20865 | Orc:2    | 20865 ||| Stepping ~*~*~tactically~*~*~ (stealth).
 20867 | Orc:2    | 20867 ||| Stepping ~*~*~tactically~*~*~ (stealth).
 20868 | Orc:2    | 20868 ||| Stepping ~*~*~tactically~*~*~ (stealth).
 20880 | Orc:2    | Found Ekes's Antique Weapon Shoppe.
 20886 | Orc:2    | Found Fuh Ubro's Assorted Antiques.
 20890 | Orc:2    | Received a gift from Okawaru
 20899 | Orc:2    | Found Jotiumul's Book Boutique.
 20909 | Orc:2    | 20909 ||| Stepping ~*~*~tactically~*~*~ (hiding).
 20910 | Orc:2    | 20910 ||| Stepping ~*~*~tactically~*~*~ (hiding).
 20911 | Orc:2    | 20911 ||| INVOKING Heroism.
 20930 | Orc:2    | Found Jidomar's Assorted Antiques.
 20939 | Orc:2    | 20939 ||| BUYING 2 potions of cancellation (512 gold).
 20939 | Orc:2    | Bought 2 potions of cancellation for 512 gold pieces
 20939 | Orc:2    | 20939 ||| SHOPLISTING potion of mutation (256 gold, have
                  | 68).
 20939 | Orc:2    | 20939 ||| SHOPLISTING shadow dragon scales (2560 gold, have
                  | 68).
 20949 | Orc:2    | 20949 ||| SHOPLISTING potion of haste (230 gold, have 68).
 20949 | Orc:2    | 20949 ||| SHOPLISTING scroll of teleportation (69 gold,
                  | have 68).
 20984 | Orc:2    | Noticed Maurice
 20997 | Orc:2    | Killed Maurice
 20998 | Orc:2    | Reached XP level 16. HP: 156/156 MP: 22/22
 21187 | Orc:2    | 21187 ||| PLANNING SHOALS:1-3
 21346 | Shoals:1 | Entered Level 1 of the Shoals
 21351 | Shoals:1 | 21351 ||| INVOKING Heroism.
 21421 | Shoals:1 | 21421 ||| INVOKING Heroism.
 21447 | Shoals:1 | 21447 ||| INVOKING Heroism.
 21453 | Shoals:1 | HP: 22/157 [wind drake/the air (19)]
 21454 | Shoals:1 | 21454 ||| READING 9 scrolls of teleportation.
 21455 | Shoals:1 | 21455 ||| DRINKING 5 potions of heal wounds.
 21456 | Shoals:1 | 21456 ||| DRINKING 4 potions of heal wounds.
 21457 | Shoals:1 | 21457 ||| DRINKING 3 potions of heal wounds.
 21623 | Shoals:1 | 21623 ||| DRINKING 10 potions of curing.
 21623 | Shoals:1 | 21623 ||| (to cure confusion)
 21650 | Shoals:1 | Received a gift from Okawaru
 21728 | Shoals:1 | Found Hagy's Book Emporium.
 21878 | Shoals:1 | Noticed Donald
 21879 | Shoals:1 | 21879 ||| INVOKING Heroism.
 21880 | Shoals:1 | 21880 ||| INVOKING Finesse.
 21894 | Shoals:1 | Killed Donald
 22198 | Shoals:1 | 22198 ||| Stepping ~*~*~tactically~*~*~ (hiding).
 22507 | Shoals:1 | 22507 ||| UPGRADING to +0 kite shield.
 22543 | Shoals:2 | 22543 ||| INVOKING Heroism.
 22623 | Shoals:2 | 22623 ||| Stepping ~*~*~tactically~*~*~ (hiding).
 22624 | Shoals:2 | 22624 ||| Stepping ~*~*~tactically~*~*~ (hiding).
 22626 | Shoals:2 | 22626 ||| INVOKING Heroism.
 22637 | Shoals:2 | Reached skill level 1 in Shields
 22649 | Shoals:2 | Identified the +11 scale mail of the Cartwright {rC+ Dex+2
                  | Stlth+}
 22650 | Shoals:2 | 22650 ||| INVOKING Heroism.
 22651 | Shoals:2 | 22651 ||| Stepping ~*~*~tactically~*~*~ (outnumbered).
 22652 | Shoals:2 | 22652 ||| Stepping ~*~*~tactically~*~*~ (outnumbered).
 22666 | Shoals:2 | Received a gift from Okawaru
 22673 | Shoals:2 | 22673 ||| Stepping ~*~*~tactically~*~*~ (outnumbered).
 22806 | Shoals:2 | 22806 ||| INVOKING Heroism.
 22812 | Shoals:2 | Reached skill level 3 in Shields
 22868 | Shoals:2 | 22868 ||| Stepping ~*~*~tactically~*~*~ (hiding).
 22876 | Shoals:2 | 22876 ||| Stepping ~*~*~tactically~*~*~ (hiding).
 22877 | Shoals:2 | 22877 ||| Stepping ~*~*~tactically~*~*~ (hiding).
 22879 | Shoals:2 | 22879 ||| Stepping ~*~*~tactically~*~*~ (hiding).
 22962 | Shoals:2 | 22962 ||| INVOKING Heroism.
 23068 | Shoals:2 | Received a gift from Okawaru
 23128 | Shoals:2 | Found Esmoryac's Distillery.
 23151 | Shoals:2 | 23151 ||| BUYING potion of curing (42 gold).
 23151 | Shoals:2 | Bought a potion of curing for 42 gold pieces
 23151 | Shoals:2 | 23151 ||| BUYING potion of heal wounds (70 gold).
 23151 | Shoals:2 | Bought a potion of heal wounds for 70 gold pieces
 23151 | Shoals:2 | 23151 ||| BUYING potion of heal wounds (70 gold).
 23151 | Shoals:2 | Bought a potion of heal wounds for 70 gold pieces
 23210 | Shoals:2 | Found a runed translucent door.
 23251 | Shoals:2 | 23251 ||| INVOKING Heroism.
 23439 | Shoals:2 | Identified the +1 leather armour of Kindness {Harm +Inv
                  | rF+}
 23440 | Shoals:2 | 23440 ||| READING 21 scrolls of identify.
 23440 | Shoals:2 | 23440 ||| IDENTIFYING brown potion
 23441 | Shoals:2 | 23441 ||| DROPPING potion of invisibility.
 23508 | Shoals:3 | 23508 ||| INVOKING Heroism.
 23521 | Shoals:3 | Reached skill level 6 in Shields
 23653 | Shoals:3 | Noticed Polyphemus
 23654 | Shoals:3 | 23654 ||| INVOKING Heroism.
 23655 | Shoals:3 | 23655 ||| INVOKING Finesse.
 23661 | Shoals:3 | 23661 ||| Stepping ~*~*~tactically~*~*~ (outnumbered).
 23662 | Shoals:3 | 23662 ||| Stepping ~*~*~tactically~*~*~ (outnumbered).
 23663 | Shoals:3 | 23663 ||| Stepping ~*~*~tactically~*~*~ (outnumbered).
 23664 | Shoals:3 | 23664 ||| Stepping ~*~*~tactically~*~*~ (outnumbered).
 23665 | Shoals:3 | 23665 ||| Stepping ~*~*~tactically~*~*~ (outnumbered).
 23666 | Shoals:3 | 23666 ||| Stepping ~*~*~tactically~*~*~ (outnumbered).
 23668 | Shoals:3 | Received a gift from Okawaru
 23671 | Shoals:3 | 23671 ||| Stepping ~*~*~tactically~*~*~ (outnumbered).
 23681 | Shoals:3 | Killed Polyphemus
 23754 | Shoals:3 | Found an ornate altar of the Wu Jian Council.
 23762 | Shoals:3 | Found a runed translucent door.
 23763 | Shoals:3 | Found a shimmering altar of Xom.
 23763 | Shoals:3 | Noticed Amuaxidi's ghost (adept FoCK)
 23766 | Shoals:3 | 23766 ||| INVOKING Heroism.
 23774 | Shoals:3 | Received a gift from Okawaru
 24331 | Shoals:3 | 24331 ||| DROPPING ring of protection from cold.
 24534 | Shoals:3 | 24534 ||| PLANNING SPIDER:1-3
 24670 | Spider:1 | Entered Level 1 of the Spider Nest
 24671 | Spider:1 | 24671 ||| INVOKING Heroism.
 24684 | Spider:1 | 24684 ||| INVOKING Finesse.
 24704 | Spider:1 | 24704 ||| Stepping ~*~*~tactically~*~*~ (outnumbered).
 24724 | Spider:1 | 24724 ||| Stepping ~*~*~tactically~*~*~ (stealth).
 24725 | Spider:1 | 24725 ||| Stepping ~*~*~tactically~*~*~ (stealth).
 24761 | Spider:1 | Found a transporter.
 24763 | Spider:1 | Found a transporter.
 24798 | Spider:1 | 24798 ||| Stepping ~*~*~tactically~*~*~ (stealth).
 24800 | Spider:1 | 24800 ||| Stepping ~*~*~tactically~*~*~ (stealth).
 24802 | Spider:1 | 24802 ||| Stepping ~*~*~tactically~*~*~ (stealth).
 24804 | Spider:1 | 24804 ||| INVOKING Finesse.
 24825 | Spider:1 | Reached XP level 17. HP: 162/166 MP: 19/23
 24843 | Spider:1 | 24843 ||| Stepping ~*~*~tactically~*~*~ (stealth).
 24846 | Spider:1 | 24846 ||| Stepping ~*~*~tactically~*~*~ (stealth).
 24847 | Spider:1 | 24847 ||| Stepping ~*~*~tactically~*~*~ (stealth).
 24935 | Spider:1 | 24935 ||| Stepping ~*~*~tactically~*~*~ (hiding).
 24936 | Spider:1 | 24936 ||| Stepping ~*~*~tactically~*~*~ (hiding).
 24958 | Spider:1 | 24958 ||| Stepping ~*~*~tactically~*~*~ (stealth).
 24963 | Spider:1 | Reached skill level 9 in Shields
 24987 | Spider:1 | 24987 ||| Stepping ~*~*~tactically~*~*~ (stealth).
 25029 | Spider:1 | 25029 ||| Stepping ~*~*~tactically~*~*~ (stealth).
 25154 | Spider:1 | 25154 ||| Stepping ~*~*~tactically~*~*~ (stealth).
 25156 | Spider:1 | 25156 ||| INVOKING Heroism.
 25157 | Spider:1 | 25157 ||| INVOKING Finesse.
 25158 | Spider:1 | 25158 ||| Stepping ~*~*~tactically~*~*~ (outnumbered).
 25212 | Spider:1 | 25212 ||| Stepping ~*~*~tactically~*~*~ (hiding).
 25214 | Spider:1 | 25214 ||| DRINKING 2 potions of resistance.
 25249 | Spider:1 | 25249 ||| Stepping ~*~*~tactically~*~*~ (hiding).
 25252 | Spider:1 | 25252 ||| INVOKING Finesse.
 25300 | Spider:1 | 25300 ||| Stepping ~*~*~tactically~*~*~ (hiding).
 25302 | Spider:1 | 25302 ||| INVOKING Heroism.
 25304 | Spider:1 | Received a gift from Okawaru
 25305 | Spider:1 | 25305 ||| Stepping ~*~*~tactically~*~*~ (outnumbered).
 25316 | Spider:1 | 25316 ||| Stepping ~*~*~tactically~*~*~ (outnumbered).
 25317 | Spider:1 | 25317 ||| Stepping ~*~*~tactically~*~*~ (outnumbered).
 25318 | Spider:1 | 25318 ||| Stepping ~*~*~tactically~*~*~ (outnumbered).
 25319 | Spider:1 | 25319 ||| Stepping ~*~*~tactically~*~*~ (outnumbered).
 25359 | Spider:1 | Identified the +6 plate armour of Opnum {Harm rC+ SInv}
 25366 | Spider:1 | 25366 ||| INVOKING Heroism.
 25367 | Spider:1 | 25367 ||| INVOKING Finesse.
 25440 | Spider:1 | 25440 ||| Stepping ~*~*~tactically~*~*~ (hiding).
 25508 | Spider:1 | 25508 ||| Stepping ~*~*~tactically~*~*~ (hiding).
 25514 | Spider:1 | Identified the +9 tower shield "Remeig" {rC+ Str+2 Int+3
                  | Stlth+} (Okawaru gifted it to you on level 1 of the Spider
                  | Nest)
 25514 | Spider:1 | Received a gift from Okawaru
 25565 | Spider:1 | 25565 ||| Stepping ~*~*~tactically~*~*~ (stealth).
 25593 | Spider:1 | 25593 ||| Stepping ~*~*~tactically~*~*~ (stealth).
 25595 | Spider:1 | 25595 ||| Stepping ~*~*~tactically~*~*~ (stealth).
 25818 | Spider:1 | 25818 ||| INVOKING Finesse.
 25943 | Spider:1 | 25943 ||| Stepping ~*~*~tactically~*~*~ (stealth).
 25991 | Spider:1 | 25991 ||| Stepping ~*~*~tactically~*~*~ (outnumbered).
 26130 | Spider:1 | 26130 ||| UPGRADING to +9 tower shield "Remeig" {rC+ Str+2
                  | Int+3 Stlth+}.
 26140 | Spider:1 | 26140 ||| DROPPING +0 kite shield.
 26178 | Spider:2 | 26178 ||| INVOKING Heroism.
 26179 | Spider:2 | 26179 ||| Stepping ~*~*~tactically~*~*~ (outnumbered).
 26197 | Spider:2 | 26197 ||| DRINKING potion of resistance.
 26202 | Spider:2 | Noticed Aizul
 26203 | Spider:2 | 26203 ||| INVOKING Finesse.
 26218 | Spider:2 | Killed Aizul
 26224 | Spider:2 | 26224 ||| INVOKING Heroism.
 26237 | Spider:2 | Reached skill level 12 in Shields
 26242 | Spider:2 | 26242 ||| Stepping ~*~*~tactically~*~*~ (outnumbered).
 26266 | Spider:2 | 26266 ||| DRINKING 12 potions of curing.
 26266 | Spider:2 | 26266 ||| (to cure confusion)
 26274 | Spider:2 | 26274 ||| Stepping ~*~*~tactically~*~*~ (outnumbered).
 26275 | Spider:2 | 26275 ||| Stepping ~*~*~tactically~*~*~ (outnumbered).
 26276 | Spider:2 | 26276 ||| Stepping ~*~*~tactically~*~*~ (outnumbered).
 26279 | Spider:2 | 26279 ||| Stepping ~*~*~tactically~*~*~ (outnumbered).
 26280 | Spider:2 | 26280 ||| Stepping ~*~*~tactically~*~*~ (outnumbered).
 26281 | Spider:2 | 26281 ||| INVOKING Heroism.
 26307 | Spider:2 | 26307 ||| INVOKING Finesse.
 26344 | Spider:2 | 26344 ||| Stepping ~*~*~tactically~*~*~ (stealth).
 26521 | Spider:2 | 26521 ||| INVOKING Finesse.
 26527 | Spider:2 | 26527 ||| INVOKING Heroism.
 26719 | Spider:2 | 26719 ||| INVOKING Heroism.
 26915 | Spider:3 | 26915 ||| INVOKING Heroism.
 26916 | Spider:3 | 26916 ||| STAIRDANCE
 26982 | Spider:3 | 26982 ||| Stepping ~*~*~tactically~*~*~ (stealth).
 26984 | Spider:3 | 26984 ||| Stepping ~*~*~tactically~*~*~ (stealth).
 26987 | Spider:3 | 26987 ||| Stepping ~*~*~tactically~*~*~ (stealth).
 26988 | Spider:3 | 26988 ||| Stepping ~*~*~tactically~*~*~ (stealth).
 26997 | Spider:3 | 26997 ||| Stepping ~*~*~tactically~*~*~ (hiding).
 27086 | Spider:3 | 27086 ||| Stepping ~*~*~tactically~*~*~ (stealth).
 27093 | Spider:3 | 27093 ||| Stepping ~*~*~tactically~*~*~ (hiding).
 27115 | Spider:3 | 27115 ||| FLEEEEING.
 27116 | Spider:3 | 27116 ||| Stepping ~*~*~tactically~*~*~ (stealth).
 27315 | Spider:3 | 27315 ||| INVOKING Heroism.
 27377 | Spider:3 | 27377 ||| Stepping ~*~*~tactically~*~*~ (stealth).
 27381 | Spider:3 | 27381 ||| INVOKING Heroism.
 27382 | Spider:3 | 27382 ||| Stepping ~*~*~tactically~*~*~ (outnumbered).
 27432 | Spider:3 | 27432 ||| Stepping ~*~*~tactically~*~*~ (stealth).
 27437 | Spider:3 | 27437 ||| Stepping ~*~*~tactically~*~*~ (stealth).
 27447 | Spider:3 | 27447 ||| Stepping ~*~*~tactically~*~*~ (stealth).
 27454 | Spider:3 | 27454 ||| Stepping ~*~*~tactically~*~*~ (stealth).
 27499 | Spider:3 | 27499 ||| Stepping ~*~*~tactically~*~*~ (stealth).
 27501 | Spider:3 | 27501 ||| Stepping ~*~*~tactically~*~*~ (stealth).
 27519 | Spider:3 | 27519 ||| Stepping ~*~*~tactically~*~*~ (stealth).
 27679 | Spider:3 | 27679 ||| Stepping ~*~*~tactically~*~*~ (stealth).
 27681 | Spider:3 | 27681 ||| Stepping ~*~*~tactically~*~*~ (hiding).
 27684 | Spider:3 | 27684 ||| INVOKING Finesse.
 28187 | Spider:3 | 28187 ||| INVOKING Heroism.
 28189 | Spider:3 | 28189 ||| Stepping ~*~*~tactically~*~*~ (outnumbered).
 28198 | Spider:3 | Received a gift from Okawaru
 28204 | Spider:3 | 28204 ||| Stepping ~*~*~tactically~*~*~ (stealth).
 28244 | Spider:3 | 28244 ||| PLANNING SHOALS:4
 28454 | Shoals:4 | Entered Level 4 of the Shoals
 28458 | Shoals:4 | 28458 ||| INVOKING Heroism.
 28459 | Shoals:4 | 28459 ||| STAIRDANCE
 28472 | Shoals:4 | 28472 ||| STAIRDANCE
 28487 | Shoals:4 | 28487 ||| STAIRDANCE
 28495 | Shoals:4 | 28495 ||| STAIRDANCE
 28505 | Shoals:4 | 28505 ||| STAIRDANCE
 28515 | Shoals:4 | Reached XP level 18. HP: 174/174 MP: 24/24
 28547 | Shoals:4 | Noticed Mara
 28548 | Shoals:4 | 28548 ||| INVOKING Heroism.
 28549 | Shoals:4 | 28549 ||| INVOKING Finesse.
 28559 | Shoals:4 | Killed Mara
 28719 | Shoals:4 | 28719 ||| INVOKING Heroism.
 28730 | Shoals:4 | Received a gift from Okawaru
 28872 | Shoals:4 | 28872 ||| INVOKING Heroism.
 28877 | Shoals:4 | 28877 ||| INVOKING Finesse.
 28904 | Shoals:4 | 28904 ||| FLEEEEING.
 28905 | Shoals:4 | 28905 ||| FLEEEEING.
 29030 | Shoals:4 | Reached skill level 15 in Shields
 29193 | Shoals:4 | 29193 ||| Stepping ~*~*~tactically~*~*~ (hiding).
 29194 | Shoals:4 | 29194 ||| INVOKING Heroism.
 29197 | Shoals:4 | 29197 ||| INVOKING Finesse.
 29199 | Shoals:4 | 29199 ||| Stepping ~*~*~tactically~*~*~ (outnumbered).
 29251 | Shoals:4 | Got a barnacled rune of Zot
 29321 | Shoals:4 | 29321 ||| INVOKING Heroism.
 29331 | Shoals:4 | 29331 ||| Stepping ~*~*~tactically~*~*~ (stealth).
 29335 | Shoals:4 | 29335 ||| Stepping ~*~*~tactically~*~*~ (stealth).
 29336 | Shoals:4 | 29336 ||| Stepping ~*~*~tactically~*~*~ (stealth).
 29482 | Shoals:4 | 29482 ||| INVOKING Heroism.
 29593 | Shoals:4 | 29593 ||| PLANNING VAULTS:1-4
 29593 | Shoals:4 | 29593 ||| DROPPING amulet of the acrobat.
 29594 | Shoals:4 | 29594 ||| DROPPING ring of wizardry.
 29829 | Vaults:1 | Entered Level 1 of the Vaults
 29885 | Vaults:1 | 29885 ||| INVOKING Finesse.
 29930 | Vaults:1 | Found Woran Aseh's Antique Weapon Emporium.
 29942 | Vaults:1 | 29942 ||| Stepping ~*~*~tactically~*~*~ (outnumbered).
 29945 | Vaults:1 | 29945 ||| INVOKING Heroism.
 29946 | Vaults:1 | 29946 ||| INVOKING Finesse.
 29947 | Vaults:1 | 29947 ||| Stepping ~*~*~tactically~*~*~ (outnumbered).
 29948 | Vaults:1 | 29948 ||| Stepping ~*~*~tactically~*~*~ (outnumbered).
 29950 | Vaults:1 | Received a gift from Okawaru
 29952 | Vaults:1 | 29952 ||| Stepping ~*~*~tactically~*~*~ (outnumbered).
 29953 | Vaults:1 | 29953 ||| Stepping ~*~*~tactically~*~*~ (outnumbered).
 29954 | Vaults:1 | 29954 ||| Stepping ~*~*~tactically~*~*~ (outnumbered).
 29955 | Vaults:1 | 29955 ||| Stepping ~*~*~tactically~*~*~ (outnumbered).
 29956 | Vaults:1 | 29956 ||| Stepping ~*~*~tactically~*~*~ (outnumbered).
 29957 | Vaults:1 | 29957 ||| Stepping ~*~*~tactically~*~*~ (outnumbered).
 29958 | Vaults:1 | 29958 ||| Stepping ~*~*~tactically~*~*~ (outnumbered).
 29959 | Vaults:1 | 29959 ||| Stepping ~*~*~tactically~*~*~ (outnumbered).
 29960 | Vaults:1 | 29960 ||| Stepping ~*~*~tactically~*~*~ (outnumbered).
 29963 | Vaults:1 | 29963 ||| Stepping ~*~*~tactically~*~*~ (outnumbered).
 29964 | Vaults:1 | 29964 ||| Stepping ~*~*~tactically~*~*~ (outnumbered).
 29978 | Vaults:1 | 29978 ||| Stepping ~*~*~tactically~*~*~ (outnumbered).
 29980 | Vaults:1 | HP: 38/174 [ironbound frostheart/creeping frost[a vault
                  | warden] (17)]
 29981 | Vaults:1 | 29981 ||| READING 11 scrolls of teleportation.
 29982 | Vaults:1 | 29982 ||| DRINKING 5 potions of heal wounds.
 29992 | Vaults:1 | 29992 ||| Stepping ~*~*~tactically~*~*~ (outnumbered).
 29993 | Vaults:1 | 29993 ||| Stepping ~*~*~tactically~*~*~ (outnumbered).
 29994 | Vaults:1 | 29994 ||| Stepping ~*~*~tactically~*~*~ (outnumbered).
 29995 | Vaults:1 | HP: 37/174 [ironbound frostheart/creeping frost[a vault
                  | warden] (15)]
 29996 | Vaults:1 | 29996 ||| READING 10 scrolls of teleportation.
 29997 | Vaults:1 | 29997 ||| DRINKING 4 potions of heal wounds.
 30003 | Vaults:1 | 30003 ||| Stepping ~*~*~tactically~*~*~ (outnumbered).
 30010 | Vaults:1 | HP: 31/174 [vault warden/+1 vorpal dire flail (21)]
 30011 | Vaults:1 | 30011 ||| READING 9 scrolls of teleportation.
 30012 | Vaults:1 | 30012 ||| DRINKING 3 potions of heal wounds.
 30013 | Vaults:1 | 30013 ||| DRINKING 2 potions of heal wounds.
 30227 | Vaults:1 | 30227 ||| INVOKING Heroism.
 30228 | Vaults:1 | 30228 ||| Stepping ~*~*~tactically~*~*~ (outnumbered).
 30229 | Vaults:1 | 30229 ||| Stepping ~*~*~tactically~*~*~ (outnumbered).
 30231 | Vaults:1 | 30231 ||| Stepping ~*~*~tactically~*~*~ (outnumbered).
 30244 | Vaults:1 | Received a gift from Okawaru
 30248 | Vaults:1 | 30248 ||| INVOKING Heroism.
 30249 | Vaults:1 | 30249 ||| INVOKING Finesse.
 30334 | Vaults:1 | 30334 ||| Stepping ~*~*~tactically~*~*~ (outnumbered).
 30335 | Vaults:1 | 30335 ||| Stepping ~*~*~tactically~*~*~ (outnumbered).
 30336 | Vaults:1 | 30336 ||| Stepping ~*~*~tactically~*~*~ (outnumbered).
 30432 | Vaults:1 | 30432 ||| INVOKING Heroism.
 30436 | Vaults:1 | 30436 ||| Stepping ~*~*~tactically~*~*~ (outnumbered).
 30456 | Vaults:1 | 30456 ||| Stepping ~*~*~tactically~*~*~ (stealth).
 30462 | Vaults:1 | 30462 ||| Stepping ~*~*~tactically~*~*~ (stealth).
 30472 | Vaults:1 | 30472 ||| Stepping ~*~*~tactically~*~*~ (outnumbered).
 30473 | Vaults:1 | 30473 ||| Stepping ~*~*~tactically~*~*~ (outnumbered).
 30474 | Vaults:1 | 30474 ||| Stepping ~*~*~tactically~*~*~ (outnumbered).
 30475 | Vaults:1 | 30475 ||| Stepping ~*~*~tactically~*~*~ (outnumbered).
 30479 | Vaults:1 | 30479 ||| Stepping ~*~*~tactically~*~*~ (outnumbered).
 30480 | Vaults:1 | 30480 ||| Stepping ~*~*~tactically~*~*~ (outnumbered).
 30483 | Vaults:1 | 30483 ||| Stepping ~*~*~tactically~*~*~ (outnumbered).
 30553 | Vaults:1 | 30553 ||| INVOKING Heroism.
 30554 | Vaults:1 | 30554 ||| INVOKING Finesse.
 30721 | Vaults:1 | You fall into a shaft and drop 1 floor!
 30727 | Vaults:2 | 30727 ||| DROPPING amulet of magic regeneration.
 30732 | Vaults:1 | 30732 ||| INVOKING Heroism.
 30733 | Vaults:1 | Received a gift from Okawaru
 30756 | Vaults:1 | 30756 ||| Stepping ~*~*~tactically~*~*~ (hiding).
 30858 | Vaults:1 | 30858 ||| Stepping ~*~*~tactically~*~*~ (hiding).
 31100 | Vaults:1 | 31100 ||| Stepping ~*~*~tactically~*~*~ (stealth).
 31103 | Vaults:1 | 31103 ||| INVOKING Heroism.
 31108 | Vaults:1 | 31108 ||| Stepping ~*~*~tactically~*~*~ (outnumbered).
 31111 | Vaults:1 | 31111 ||| Stepping ~*~*~tactically~*~*~ (outnumbered).
 31112 | Vaults:1 | 31112 ||| Stepping ~*~*~tactically~*~*~ (outnumbered).
 31113 | Vaults:1 | 31113 ||| Stepping ~*~*~tactically~*~*~ (outnumbered).
 31114 | Vaults:1 | 31114 ||| Stepping ~*~*~tactically~*~*~ (outnumbered).
 31116 | Vaults:1 | 31116 ||| Stepping ~*~*~tactically~*~*~ (outnumbered).
 31117 | Vaults:1 | 31117 ||| Stepping ~*~*~tactically~*~*~ (outnumbered).
 31118 | Vaults:1 | 31118 ||| Stepping ~*~*~tactically~*~*~ (outnumbered).
 31119 | Vaults:1 | 31119 ||| Stepping ~*~*~tactically~*~*~ (outnumbered).
 31120 | Vaults:1 | 31120 ||| Stepping ~*~*~tactically~*~*~ (outnumbered).
 31123 | Vaults:1 | 31123 ||| Stepping ~*~*~tactically~*~*~ (outnumbered).
 31125 | Vaults:1 | 31125 ||| Stepping ~*~*~tactically~*~*~ (outnumbered).
 31129 | Vaults:1 | 31129 ||| Stepping ~*~*~tactically~*~*~ (outnumbered).
 31132 | Vaults:1 | 31132 ||| Stepping ~*~*~tactically~*~*~ (outnumbered).
 31136 | Vaults:1 | 31136 ||| Stepping ~*~*~tactically~*~*~ (outnumbered).
 31137 | Vaults:1 | 31137 ||| Stepping ~*~*~tactically~*~*~ (outnumbered).
 31141 | Vaults:1 | 31141 ||| Stepping ~*~*~tactically~*~*~ (outnumbered).
 31147 | Vaults:1 | 31147 ||| Stepping ~*~*~tactically~*~*~ (outnumbered).
 31151 | Vaults:1 | 31151 ||| Stepping ~*~*~tactically~*~*~ (outnumbered).
 31153 | Vaults:1 | Received a gift from Okawaru
 31158 | Vaults:1 | 31158 ||| INVOKING Heroism.
 31304 | Vaults:1 | 31304 ||| INVOKING Heroism.
 31305 | Vaults:1 | 31305 ||| INVOKING Finesse.
 31354 | Vaults:1 | 31354 ||| INVOKING Heroism.
 31355 | Vaults:1 | 31355 ||| INVOKING Finesse.
 31356 | Vaults:1 | 31356 ||| Stepping ~*~*~tactically~*~*~ (outnumbered).
 31357 | Vaults:1 | 31357 ||| Stepping ~*~*~tactically~*~*~ (outnumbered).
 31358 | Vaults:1 | 31358 ||| Stepping ~*~*~tactically~*~*~ (outnumbered).
 31399 | Vaults:1 | 31399 ||| INVOKING Finesse.
 31486 | Vaults:1 | 31486 ||| INVOKING Heroism.
 31487 | Vaults:1 | 31487 ||| INVOKING Finesse.
 31714 | Vaults:1 | 31714 ||| INVOKING Heroism.
 31717 | Vaults:1 | 31717 ||| Stepping ~*~*~tactically~*~*~ (outnumbered).
 31718 | Vaults:1 | 31718 ||| Stepping ~*~*~tactically~*~*~ (outnumbered).
 31720 | Vaults:1 | 31720 ||| Stepping ~*~*~tactically~*~*~ (outnumbered).
 31721 | Vaults:1 | 31721 ||| Stepping ~*~*~tactically~*~*~ (outnumbered).
 31722 | Vaults:1 | 31722 ||| Stepping ~*~*~tactically~*~*~ (outnumbered).
 31723 | Vaults:1 | 31723 ||| Stepping ~*~*~tactically~*~*~ (outnumbered).
 31724 | Vaults:1 | 31724 ||| Stepping ~*~*~tactically~*~*~ (outnumbered).
 31727 | Vaults:1 | 31727 ||| Stepping ~*~*~tactically~*~*~ (outnumbered).
 31728 | Vaults:1 | 31728 ||| Stepping ~*~*~tactically~*~*~ (outnumbered).
 31729 | Vaults:1 | 31729 ||| Stepping ~*~*~tactically~*~*~ (outnumbered).
 31730 | Vaults:1 | 31730 ||| Stepping ~*~*~tactically~*~*~ (outnumbered).
 31732 | Vaults:1 | 31732 ||| Stepping ~*~*~tactically~*~*~ (outnumbered).
 31737 | Vaults:1 | 31737 ||| Stepping ~*~*~tactically~*~*~ (outnumbered).
 31903 | Vaults:1 | 31903 ||| DRINKING potion of resistance.
 31912 | Vaults:1 | Reached XP level 19. HP: 168/182 MP: 25/25
 32019 | Vaults:2 | 32019 ||| FLEEEEING.
 32020 | Vaults:2 | 32020 ||| FLEEEEING.
 32023 | Vaults:2 | 32023 ||| FLEEEEING.
 32024 | Vaults:2 | 32024 ||| FLEEEEING.
 32025 | Vaults:2 | 32025 ||| FLEEEEING.
 32026 | Vaults:2 | 32026 ||| STAIRDANCE
 32130 | Vaults:2 | 32130 ||| STAIRDANCE
 32132 | Vaults:1 | 32132 ||| INVOKING Finesse.
 32170 | Vaults:2 | 32170 ||| STAIRDANCE
 32175 | Vaults:1 | 32175 ||| Stepping ~*~*~tactically~*~*~ (outnumbered).
 32206 | Vaults:2 | 32206 ||| Stepping ~*~*~tactically~*~*~ (hiding).
 32208 | Vaults:2 | 32208 ||| Stepping ~*~*~tactically~*~*~ (hiding).
 32223 | Vaults:2 | Reached skill level 18 in Shields
 32264 | Vaults:2 | 32264 ||| INVOKING Heroism.
 32265 | Vaults:2 | 32265 ||| Stepping ~*~*~tactically~*~*~ (hiding).
 32266 | Vaults:2 | 32266 ||| Stepping ~*~*~tactically~*~*~ (hiding).
 32310 | Vaults:2 | 32310 ||| Stepping ~*~*~tactically~*~*~ (outnumbered).
 32311 | Vaults:2 | 32311 ||| Stepping ~*~*~tactically~*~*~ (outnumbered).
 32312 | Vaults:2 | 32312 ||| Stepping ~*~*~tactically~*~*~ (outnumbered).
 32313 | Vaults:2 | 32313 ||| Stepping ~*~*~tactically~*~*~ (outnumbered).
 32335 | Vaults:2 | Reached skill level 22 in Unarmed Combat
 32335 | Vaults:2 | 32335 ||| Stepping ~*~*~tactically~*~*~ (hiding).
 32338 | Vaults:2 | 32338 ||| INVOKING Heroism.
 32339 | Vaults:2 | 32339 ||| Stepping ~*~*~tactically~*~*~ (hiding).
 32341 | Vaults:2 | 32341 ||| Stepping ~*~*~tactically~*~*~ (outnumbered).
 32342 | Vaults:2 | 32342 ||| Stepping ~*~*~tactically~*~*~ (hiding).
 32363 | Vaults:2 | 32363 ||| Stepping ~*~*~tactically~*~*~ (outnumbered).
 32365 | Vaults:2 | 32365 ||| Stepping ~*~*~tactically~*~*~ (outnumbered).
 32369 | Vaults:2 | 32369 ||| INVOKING Finesse.
 32438 | Vaults:2 | 32438 ||| INVOKING Heroism.
 32440 | Vaults:2 | 32440 ||| Stepping ~*~*~tactically~*~*~ (hiding).
 32878 | Vaults:2 | 32878 ||| INVOKING Heroism.
 32881 | Vaults:2 | 32881 ||| INVOKING Finesse.
 32884 | Vaults:2 | 32884 ||| Stepping ~*~*~tactically~*~*~ (hiding).
 32898 | Vaults:2 | 32898 ||| Stepping ~*~*~tactically~*~*~ (hiding).
 32905 | Vaults:2 | 32905 ||| Stepping ~*~*~tactically~*~*~ (outnumbered).
 32906 | Vaults:2 | 32906 ||| Stepping ~*~*~tactically~*~*~ (hiding).
 32910 | Vaults:2 | 32910 ||| Stepping ~*~*~tactically~*~*~ (hiding).
 32927 | Vaults:2 | 32927 ||| Stepping ~*~*~tactically~*~*~ (outnumbered).
 32935 | Vaults:2 | Received a gift from Okawaru
 32937 | Vaults:2 | 32937 ||| Stepping ~*~*~tactically~*~*~ (outnumbered).
 32938 | Vaults:2 | 32938 ||| Stepping ~*~*~tactically~*~*~ (outnumbered).
 32940 | Vaults:2 | 32940 ||| Stepping ~*~*~tactically~*~*~ (outnumbered).
 32941 | Vaults:2 | 32941 ||| Stepping ~*~*~tactically~*~*~ (outnumbered).
 32987 | Vaults:2 | 32987 ||| INVOKING Heroism.
 32988 | Vaults:2 | 32988 ||| INVOKING Finesse.
 33007 | Vaults:2 | 33007 ||| Stepping ~*~*~tactically~*~*~ (outnumbered).
 33010 | Vaults:2 | 33010 ||| Stepping ~*~*~tactically~*~*~ (outnumbered).
 33011 | Vaults:2 | 33011 ||| Stepping ~*~*~tactically~*~*~ (outnumbered).
 33014 | Vaults:2 | 33014 ||| Stepping ~*~*~tactically~*~*~ (outnumbered).
 33207 | Vaults:2 | Received a gift from Okawaru
 33355 | Vaults:3 | 33355 ||| INVOKING Heroism.
 33400 | Vaults:3 | 33400 ||| INVOKING Heroism.
 33410 | Vaults:3 | 33410 ||| Stepping ~*~*~tactically~*~*~ (outnumbered).
 33411 | Vaults:3 | 33411 ||| Stepping ~*~*~tactically~*~*~ (outnumbered).
 33422 | Vaults:3 | Received a gift from Okawaru
 33422 | Vaults:3 | Found the +8 Vampire's Tooth {vamp}
 33476 | Vaults:3 | 33476 ||| INVOKING Heroism.
 33477 | Vaults:3 | 33477 ||| Stepping ~*~*~tactically~*~*~ (stealth).
 33479 | Vaults:3 | 33479 ||| Stepping ~*~*~tactically~*~*~ (stealth).
 33485 | Vaults:3 | 33485 ||| Stepping ~*~*~tactically~*~*~ (outnumbered).
 33486 | Vaults:3 | 33486 ||| Stepping ~*~*~tactically~*~*~ (outnumbered).
 33487 | Vaults:3 | 33487 ||| Stepping ~*~*~tactically~*~*~ (outnumbered).
 33558 | Vaults:3 | 33558 ||| Stepping ~*~*~tactically~*~*~ (hiding).
 33560 | Vaults:3 | 33560 ||| Stepping ~*~*~tactically~*~*~ (hiding).
 33583 | Vaults:3 | 33583 ||| INVOKING Heroism.
 33584 | Vaults:3 | 33584 ||| Stepping ~*~*~tactically~*~*~ (outnumbered).
 33589 | Vaults:3 | 33589 ||| Stepping ~*~*~tactically~*~*~ (outnumbered).
 33592 | Vaults:3 | 33592 ||| Stepping ~*~*~tactically~*~*~ (outnumbered).
 33634 | Vaults:3 | 33634 ||| Stepping ~*~*~tactically~*~*~ (stealth).
 33658 | Vaults:3 | 33658 ||| Stepping ~*~*~tactically~*~*~ (hiding).
 33660 | Vaults:3 | 33660 ||| INVOKING Heroism.
 33661 | Vaults:3 | 33661 ||| INVOKING Finesse.
 33728 | Vaults:3 | 33728 ||| INVOKING Finesse.
 33794 | Vaults:3 | 33794 ||| Stepping ~*~*~tactically~*~*~ (stealth).
 33916 | Vaults:3 | 33916 ||| Stepping ~*~*~tactically~*~*~ (stealth).
 33953 | Vaults:3 | Found a staircase to the Crypt.
 34001 | Vaults:3 | 34001 ||| INVOKING Heroism.
 34003 | Vaults:3 | 34003 ||| Stepping ~*~*~tactically~*~*~ (outnumbered).
 34066 | Vaults:3 | Identified the +5 spear of the Dancing Owl {distort, rF+}
                  | (Okawaru gifted it to you on level 3 of the Vaults)
 34066 | Vaults:3 | Received a gift from Okawaru
 34074 | Vaults:3 | 34074 ||| Stepping ~*~*~tactically~*~*~ (stealth).
 34076 | Vaults:3 | 34076 ||| Stepping ~*~*~tactically~*~*~ (stealth).
 34117 | Vaults:3 | 34117 ||| INVOKING Heroism.
 34140 | Vaults:3 | 34140 ||| Stepping ~*~*~tactically~*~*~ (outnumbered).
 34146 | Vaults:3 | 34146 ||| Stepping ~*~*~tactically~*~*~ (outnumbered).
 34147 | Vaults:3 | 34147 ||| Stepping ~*~*~tactically~*~*~ (outnumbered).
 34404 | Vaults:3 | 34404 ||| READING scroll of enchant armour.
 34404 | Vaults:3 | 34404 ||| ENCHANTING +1 ice dragon scales.
 34423 | Vaults:3 | 34423 ||| Stepping ~*~*~tactically~*~*~ (hiding).
 34588 | Vaults:3 | 34588 ||| Stepping ~*~*~tactically~*~*~ (hiding).
 34590 | Vaults:3 | 34590 ||| Stepping ~*~*~tactically~*~*~ (hiding).
 34595 | Vaults:3 | 34595 ||| INVOKING Heroism.
 34596 | Vaults:3 | 34596 ||| INVOKING Finesse.
 34606 | Vaults:3 | Reached XP level 20. HP: 195/195 MP: 19/26
 34774 | Vaults:3 | Found Deytsinn's General Store.
 34783 | Vaults:3 | 34783 ||| BUYING potion of might (56 gold).
 34783 | Vaults:3 | Bought a potion of might for 56 gold pieces
 34831 | Vaults:4 | 34831 ||| PLANNING WIZLAB
 34854 | Vaults:4 | 34854 ||| READING scroll of enchant armour.
 34854 | Vaults:4 | 34854 ||| ENCHANTING +2 ice dragon scales.
 34912 | Vaults:4 | 34912 ||| Stepping ~*~*~tactically~*~*~ (stealth).
 34913 | Vaults:4 | 34913 ||| Stepping ~*~*~tactically~*~*~ (stealth).
 34963 | Vaults:4 | 34963 ||| INVOKING Heroism.
 34965 | Vaults:4 | 34965 ||| Stepping ~*~*~tactically~*~*~ (outnumbered).
 34966 | Vaults:4 | 34966 ||| Stepping ~*~*~tactically~*~*~ (outnumbered).
 34968 | Vaults:4 | 34968 ||| Stepping ~*~*~tactically~*~*~ (outnumbered).
 35002 | Vaults:4 | 35002 ||| Stepping ~*~*~tactically~*~*~ (stealth).
 35079 | Vaults:4 | 35079 ||| Stepping ~*~*~tactically~*~*~ (hiding).
 35113 | Vaults:4 | 35113 ||| INVOKING Heroism.
 35116 | Vaults:4 | 35116 ||| Stepping ~*~*~tactically~*~*~ (outnumbered).
 35117 | Vaults:4 | 35117 ||| Stepping ~*~*~tactically~*~*~ (outnumbered).
 35118 | Vaults:4 | 35118 ||| Stepping ~*~*~tactically~*~*~ (outnumbered).
 35119 | Vaults:4 | 35119 ||| Stepping ~*~*~tactically~*~*~ (outnumbered).
 35120 | Vaults:4 | 35120 ||| Stepping ~*~*~tactically~*~*~ (outnumbered).
 35121 | Vaults:4 | 35121 ||| Stepping ~*~*~tactically~*~*~ (outnumbered).
 35122 | Vaults:4 | 35122 ||| Stepping ~*~*~tactically~*~*~ (outnumbered).
 35123 | Vaults:4 | 35123 ||| Stepping ~*~*~tactically~*~*~ (outnumbered).
 35126 | Vaults:4 | 35126 ||| Stepping ~*~*~tactically~*~*~ (outnumbered).
 35129 | Vaults:4 | 35129 ||| Stepping ~*~*~tactically~*~*~ (outnumbered).
 35130 | Vaults:4 | 35130 ||| Stepping ~*~*~tactically~*~*~ (outnumbered).
 35131 | Vaults:4 | 35131 ||| Stepping ~*~*~tactically~*~*~ (outnumbered).
 35132 | Vaults:4 | 35132 ||| Stepping ~*~*~tactically~*~*~ (outnumbered).
 35134 | Vaults:4 | Received a gift from Okawaru
 35194 | Vaults:4 | 35194 ||| FLEEEEING.
 35195 | Vaults:4 | 35195 ||| FLEEEEING.
 35198 | Vaults:4 | 35198 ||| FLEEEEING.
 35199 | Vaults:4 | 35199 ||| FLEEEEING.
 35200 | Vaults:4 | 35200 ||| FLEEEEING.
 35201 | Vaults:4 | 35201 ||| FLEEEEING.
 35202 | Vaults:4 | 35202 ||| FLEEEEING.
 35203 | Vaults:4 | 35203 ||| FLEEEEING.
 35204 | Vaults:4 | 35204 ||| FLEEEEING.
 35205 | Vaults:4 | 35205 ||| FLEEEEING.
 35206 | Vaults:4 | 35206 ||| FLEEEEING.
 35207 | Vaults:4 | 35207 ||| FLEEEEING.
 35208 | Vaults:4 | 35208 ||| FLEEEEING.
 35209 | Vaults:4 | 35209 ||| FLEEEEING.
 35210 | Vaults:4 | 35210 ||| FLEEEEING.
 35211 | Vaults:4 | 35211 ||| FLEEEEING.
 35212 | Vaults:4 | 35212 ||| FLEEEEING.
 35213 | Vaults:4 | 35213 ||| FLEEEEING.
 35214 | Vaults:4 | 35214 ||| FLEEEEING.
 35215 | Vaults:4 | 35215 ||| FLEEEEING.
 35216 | Vaults:4 | 35216 ||| FLEEEEING.
 35217 | Vaults:4 | 35217 ||| FLEEEEING.
 35218 | Vaults:4 | 35218 ||| FLEEEEING.
 35219 | Vaults:4 | 35219 ||| FLEEEEING.
 35220 | Vaults:4 | 35220 ||| FLEEEEING.
 35226 | Vaults:4 | 35226 ||| FLEEEEING.
 35227 | Vaults:4 | 35227 ||| FLEEEEING.
 35228 | Vaults:4 | 35228 ||| FLEEEEING.
 35229 | Vaults:4 | 35229 ||| FLEEEEING.
 35230 | Vaults:4 | 35230 ||| FLEEEEING.
 35231 | Vaults:4 | 35231 ||| FLEEEEING.
 35232 | Vaults:4 | 35232 ||| FLEEEEING.
 35233 | Vaults:4 | 35233 ||| FLEEEEING.
 35234 | Vaults:4 | 35234 ||| FLEEEEING.
 35235 | Vaults:4 | 35235 ||| FLEEEEING.
 35236 | Vaults:4 | 35236 ||| FLEEEEING.
 35237 | Vaults:4 | 35237 ||| FLEEEEING.
 35244 | Vaults:4 | 35244 ||| FLEEEEING.
 35245 | Vaults:4 | 35245 ||| FLEEEEING.
 35247 | Vaults:4 | 35247 ||| FLEEEEING.
 35248 | Vaults:4 | 35248 ||| STAIRDANCE
 35254 | Vaults:4 | 35254 ||| FLEEEEING.
 35255 | Vaults:4 | 35255 ||| STAIRDANCE
 35391 | Vaults:4 | 35391 ||| Stepping ~*~*~tactically~*~*~ (outnumbered).
 35392 | Vaults:4 | 35392 ||| Stepping ~*~*~tactically~*~*~ (outnumbered).
 35393 | Vaults:4 | 35393 ||| Stepping ~*~*~tactically~*~*~ (outnumbered).
 35394 | Vaults:4 | 35394 ||| Stepping ~*~*~tactically~*~*~ (outnumbered).
 35395 | Vaults:4 | 35395 ||| Stepping ~*~*~tactically~*~*~ (outnumbered).
 35399 | Vaults:4 | 35399 ||| Stepping ~*~*~tactically~*~*~ (outnumbered).
 35402 | Vaults:4 | 35402 ||| Stepping ~*~*~tactically~*~*~ (outnumbered).
 35407 | Vaults:4 | 35407 ||| Stepping ~*~*~tactically~*~*~ (outnumbered).
 35408 | Vaults:4 | 35408 ||| Stepping ~*~*~tactically~*~*~ (outnumbered).
 35409 | Vaults:4 | 35409 ||| Stepping ~*~*~tactically~*~*~ (outnumbered).
 35410 | Vaults:4 | 35410 ||| Stepping ~*~*~tactically~*~*~ (outnumbered).
 35411 | Vaults:4 | 35411 ||| Stepping ~*~*~tactically~*~*~ (outnumbered).
 35412 | Vaults:4 | 35412 ||| Stepping ~*~*~tactically~*~*~ (outnumbered).
 35413 | Vaults:4 | 35413 ||| Stepping ~*~*~tactically~*~*~ (outnumbered).
 35466 | Vaults:4 | 35466 ||| INVOKING Heroism.
 35472 | Vaults:4 | 35472 ||| Stepping ~*~*~tactically~*~*~ (outnumbered).
 35473 | Vaults:4 | 35473 ||| Stepping ~*~*~tactically~*~*~ (outnumbered).
 35474 | Vaults:4 | 35474 ||| Stepping ~*~*~tactically~*~*~ (outnumbered).
 35475 | Vaults:4 | 35475 ||| Stepping ~*~*~tactically~*~*~ (outnumbered).
 35476 | Vaults:4 | 35476 ||| Stepping ~*~*~tactically~*~*~ (outnumbered).
 35477 | Vaults:4 | 35477 ||| Stepping ~*~*~tactically~*~*~ (outnumbered).
 35478 | Vaults:4 | 35478 ||| Stepping ~*~*~tactically~*~*~ (outnumbered).
 35479 | Vaults:4 | 35479 ||| Stepping ~*~*~tactically~*~*~ (outnumbered).
 35480 | Vaults:4 | 35480 ||| Stepping ~*~*~tactically~*~*~ (outnumbered).
 35481 | Vaults:4 | 35481 ||| Stepping ~*~*~tactically~*~*~ (outnumbered).
 35482 | Vaults:4 | 35482 ||| Stepping ~*~*~tactically~*~*~ (outnumbered).
 35483 | Vaults:4 | 35483 ||| Stepping ~*~*~tactically~*~*~ (outnumbered).
 35484 | Vaults:4 | 35484 ||| Stepping ~*~*~tactically~*~*~ (outnumbered).
 35485 | Vaults:4 | 35485 ||| Stepping ~*~*~tactically~*~*~ (outnumbered).
 35486 | Vaults:4 | 35486 ||| Stepping ~*~*~tactically~*~*~ (outnumbered).
 35487 | Vaults:4 | 35487 ||| Stepping ~*~*~tactically~*~*~ (outnumbered).
 35492 | Vaults:4 | 35492 ||| Stepping ~*~*~tactically~*~*~ (outnumbered).
 35495 | Vaults:4 | 35495 ||| Stepping ~*~*~tactically~*~*~ (outnumbered).
 35501 | Vaults:4 | 35501 ||| Stepping ~*~*~tactically~*~*~ (outnumbered).
 35502 | Vaults:4 | 35502 ||| Stepping ~*~*~tactically~*~*~ (outnumbered).
 35503 | Vaults:4 | 35503 ||| Stepping ~*~*~tactically~*~*~ (outnumbered).
 35504 | Vaults:4 | 35504 ||| Stepping ~*~*~tactically~*~*~ (outnumbered).
 35505 | Vaults:4 | 35505 ||| Stepping ~*~*~tactically~*~*~ (outnumbered).
 35506 | Vaults:4 | 35506 ||| Stepping ~*~*~tactically~*~*~ (outnumbered).
 35507 | Vaults:4 | 35507 ||| Stepping ~*~*~tactically~*~*~ (outnumbered).
 35508 | Vaults:4 | 35508 ||| Stepping ~*~*~tactically~*~*~ (outnumbered).
 35509 | Vaults:4 | 35509 ||| Stepping ~*~*~tactically~*~*~ (outnumbered).
 35510 | Vaults:4 | 35510 ||| Stepping ~*~*~tactically~*~*~ (outnumbered).
 35513 | Vaults:4 | 35513 ||| Stepping ~*~*~tactically~*~*~ (outnumbered).
 35514 | Vaults:4 | Received a gift from Okawaru
 35558 | Vaults:4 | Found a magical portal.
 35567 | WizLab   | Entered Yara's Duelist Academy
 35586 | WizLab   | 35586 ||| INVOKING Heroism.
 35589 | WizLab   | 35589 ||| Stepping ~*~*~tactically~*~*~ (outnumbered).
 35591 | WizLab   | 35591 ||| Stepping ~*~*~tactically~*~*~ (outnumbered).
 35592 | WizLab   | 35592 ||| Stepping ~*~*~tactically~*~*~ (outnumbered).
 35593 | WizLab   | 35593 ||| Stepping ~*~*~tactically~*~*~ (outnumbered).
 35594 | WizLab   | 35594 ||| Stepping ~*~*~tactically~*~*~ (outnumbered).
 35595 | WizLab   | 35595 ||| Stepping ~*~*~tactically~*~*~ (outnumbered).
 35597 | WizLab   | 35597 ||| Stepping ~*~*~tactically~*~*~ (outnumbered).
 35598 | WizLab   | 35598 ||| Stepping ~*~*~tactically~*~*~ (outnumbered).
 35604 | WizLab   | 35604 ||| Stepping ~*~*~tactically~*~*~ (outnumbered).
 35631 | WizLab   | 35631 ||| INVOKING Heroism.
 35643 | WizLab   | 35643 ||| Stepping ~*~*~tactically~*~*~ (hiding).
 35723 | WizLab   | 35723 ||| Stepping ~*~*~tactically~*~*~ (hiding).
 35725 | WizLab   | 35725 ||| INVOKING Heroism.
 35727 | WizLab   | 35727 ||| Stepping ~*~*~tactically~*~*~ (hiding).
 35787 | WizLab   | 35787 ||| Stepping ~*~*~tactically~*~*~ (stealth).
 35790 | WizLab   | 35790 ||| Stepping ~*~*~tactically~*~*~ (stealth).
 35815 | WizLab   | Noticed Kajeor
 35816 | WizLab   | 35816 ||| INVOKING Heroism.
 35817 | WizLab   | 35817 ||| INVOKING Finesse.
 35826 | WizLab   | Killed Kajeor the Head Instructor
 35827 | WizLab   | Reached skill level 12 in Fighting
 35841 | WizLab   | 35841 ||| Stepping ~*~*~tactically~*~*~ (hiding).
 35906 | WizLab   | 35906 ||| READING scroll of enchant armour.
 35906 | WizLab   | 35906 ||| ENCHANTING +3 ice dragon scales.
 35942 | WizLab   | 35942 ||| INVOKING Heroism.
 35952 | WizLab   | Received a gift from Okawaru
 35953 | WizLab   | 35953 ||| Stepping ~*~*~tactically~*~*~ (outnumbered).
 35954 | WizLab   | 35954 ||| Stepping ~*~*~tactically~*~*~ (outnumbered).
 36008 | WizLab   | Found the +5 demon whip "Spellbinder" {antimagic, Will+}
 36079 | WizLab   | 36079 ||| DROPPING +0 acid dragon scales.
 36080 | WizLab   | 36080 ||| DROPPING +0 robe of fire resistance.
 36139 | Vaults:4 | 36139 ||| PLANNING VAULTS:1-4
 36183 | Vaults:4 | 36183 ||| Stepping ~*~*~tactically~*~*~ (hiding).
 36184 | Vaults:4 | 36184 ||| Stepping ~*~*~tactically~*~*~ (stealth).
 36185 | Vaults:4 | 36185 ||| Stepping ~*~*~tactically~*~*~ (hiding).
 36186 | Vaults:4 | 36186 ||| Stepping ~*~*~tactically~*~*~ (hiding).
 36187 | Vaults:4 | 36187 ||| Stepping ~*~*~tactically~*~*~ (outnumbered).
 36188 | Vaults:4 | 36188 ||| Stepping ~*~*~tactically~*~*~ (outnumbered).
 36190 | Vaults:4 | 36190 ||| INVOKING Heroism.
 36279 | Vaults:4 | 36279 ||| FLEEEEING.
 36280 | Vaults:4 | 36280 ||| FLEEEEING.
 36281 | Vaults:4 | 36281 ||| FLEEEEING.
 36282 | Vaults:4 | 36282 ||| FLEEEEING.
 36287 | Vaults:4 | 36287 ||| FLEEEEING.
 36288 | Vaults:4 | 36288 ||| FLEEEEING.
 36290 | Vaults:4 | 36290 ||| FLEEEEING.
 36291 | Vaults:4 | 36291 ||| FLEEEEING.
 36292 | Vaults:4 | 36292 ||| FLEEEEING.
 36293 | Vaults:4 | 36293 ||| FLEEEEING.
 36294 | Vaults:4 | 36294 ||| FLEEEEING.
 36295 | Vaults:4 | 36295 ||| FLEEEEING.
 36296 | Vaults:4 | 36296 ||| FLEEEEING.
 36297 | Vaults:4 | 36297 ||| FLEEEEING.
 36298 | Vaults:4 | 36298 ||| FLEEEEING.
 36299 | Vaults:4 | 36299 ||| FLEEEEING.
 36300 | Vaults:4 | 36300 ||| FLEEEEING.
 36301 | Vaults:4 | 36301 ||| FLEEEEING.
 36302 | Vaults:4 | 36302 ||| FLEEEEING.
 36303 | Vaults:4 | 36303 ||| FLEEEEING.
 36304 | Vaults:4 | 36304 ||| FLEEEEING.
 36305 | Vaults:4 | 36305 ||| FLEEEEING.
 36311 | Vaults:4 | 36311 ||| FLEEEEING.
 36312 | Vaults:4 | 36312 ||| FLEEEEING.
 36313 | Vaults:4 | 36313 ||| FLEEEEING.
 36314 | Vaults:4 | 36314 ||| FLEEEEING.
 36315 | Vaults:4 | 36315 ||| FLEEEEING.
 36316 | Vaults:4 | 36316 ||| FLEEEEING.
 36317 | Vaults:4 | 36317 ||| FLEEEEING.
 36324 | Vaults:4 | 36324 ||| FLEEEEING.
 36325 | Vaults:4 | 36325 ||| FLEEEEING.
 36327 | Vaults:4 | 36327 ||| FLEEEEING.
 36328 | Vaults:4 | 36328 ||| STAIRDANCE
 36455 | Vaults:4 | 36455 ||| INVOKING Heroism.
 36464 | Vaults:4 | 36464 ||| Stepping ~*~*~tactically~*~*~ (outnumbered).
 36467 | Vaults:4 | Received a gift from Okawaru
 36468 | Vaults:4 | Reached skill level 9 in Armour
 36586 | Vaults:4 | 36586 ||| READING 8 scrolls of teleportation.
 36588 | Vaults:4 | 36588 ||| FLEEEEING.
 36648 | Vaults:4 | 36648 ||| FLEEEEING.
 36649 | Vaults:4 | 36649 ||| FLEEEEING.
 36650 | Vaults:4 | 36650 ||| FLEEEEING.
 36651 | Vaults:4 | 36651 ||| FLEEEEING.
 36656 | Vaults:4 | 36656 ||| FLEEEEING.
 36660 | Vaults:4 | 36660 ||| FLEEEEING.
 36661 | Vaults:4 | 36661 ||| FLEEEEING.
 36662 | Vaults:4 | 36662 ||| FLEEEEING.
 36663 | Vaults:4 | 36663 ||| FLEEEEING.
 36664 | Vaults:4 | 36664 ||| FLEEEEING.
 36665 | Vaults:4 | 36665 ||| FLEEEEING.
 36666 | Vaults:4 | 36666 ||| FLEEEEING.
 36667 | Vaults:4 | 36667 ||| FLEEEEING.
 36668 | Vaults:4 | 36668 ||| FLEEEEING.
 36669 | Vaults:4 | 36669 ||| FLEEEEING.
 36670 | Vaults:4 | 36670 ||| FLEEEEING.
 36671 | Vaults:4 | 36671 ||| FLEEEEING.
 36672 | Vaults:4 | 36672 ||| FLEEEEING.
 36673 | Vaults:4 | 36673 ||| FLEEEEING.
 36674 | Vaults:4 | 36674 ||| FLEEEEING.
 36675 | Vaults:4 | 36675 ||| FLEEEEING.
 36676 | Vaults:4 | 36676 ||| FLEEEEING.
 36677 | Vaults:4 | 36677 ||| FLEEEEING.
 36678 | Vaults:4 | 36678 ||| FLEEEEING.
 36679 | Vaults:4 | 36679 ||| FLEEEEING.
 36680 | Vaults:4 | 36680 ||| FLEEEEING.
 36681 | Vaults:4 | 36681 ||| FLEEEEING.
 36687 | Vaults:4 | 36687 ||| FLEEEEING.
 36688 | Vaults:4 | 36688 ||| FLEEEEING.
 36689 | Vaults:4 | 36689 ||| FLEEEEING.
 36690 | Vaults:4 | 36690 ||| FLEEEEING.
 36691 | Vaults:4 | 36691 ||| FLEEEEING.
 36694 | Vaults:4 | 36694 ||| INVOKING Heroism.
 37078 | Vaults:4 | 37078 ||| READING 7 scrolls of teleportation.
 37084 | Vaults:4 | 37084 ||| READING 6 scrolls of teleportation.
 37101 | Vaults:4 | 37101 ||| Stepping ~*~*~tactically~*~*~ (hiding).
 37118 | Vaults:4 | 37118 ||| READING 5 scrolls of teleportation.
 37166 | Vaults:4 | 37166 ||| READING 4 scrolls of teleportation.
 37202 | Vaults:4 | 37202 ||| READING 3 scrolls of teleportation.
 37282 | Vaults:4 | 37282 ||| READING 2 scrolls of teleportation.
 37285 | Vaults:4 | 37285 ||| FLEEEEING.
 37403 | Vaults:4 | 37403 ||| INVOKING Heroism.
 37404 | Vaults:4 | 37404 ||| Stepping ~*~*~tactically~*~*~ (outnumbered).
 37428 | Vaults:4 | 37428 ||| DROPPING +2 cloak.
 37575 | Vaults:4 | 37575 ||| READING scroll of teleportation.
 37576 | Vaults:4 | 37576 ||| PLANNING SPIDER:4
 37576 | Vaults:4 | 37576 ||| STAIRDANCE
 37950 | Spider:4 | Entered Level 4 of the Spider Nest
 37951 | Spider:4 | 37951 ||| INVOKING Heroism.
 37974 | Spider:4 | 37974 ||| Stepping ~*~*~tactically~*~*~ (outnumbered).
 37975 | Spider:4 | 37975 ||| Stepping ~*~*~tactically~*~*~ (outnumbered).
 37977 | Spider:4 | 37977 ||| Stepping ~*~*~tactically~*~*~ (outnumbered).
 37978 | Spider:4 | 37978 ||| Stepping ~*~*~tactically~*~*~ (outnumbered).
 37979 | Spider:4 | 37979 ||| Stepping ~*~*~tactically~*~*~ (outnumbered).
 37984 | Spider:4 | 37984 ||| Stepping ~*~*~tactically~*~*~ (outnumbered).
 37985 | Spider:4 | 37985 ||| Stepping ~*~*~tactically~*~*~ (outnumbered).
 37986 | Spider:4 | 37986 ||| Stepping ~*~*~tactically~*~*~ (outnumbered).
 37987 | Spider:4 | 37987 ||| Stepping ~*~*~tactically~*~*~ (outnumbered).
 37988 | Spider:4 | 37988 ||| Stepping ~*~*~tactically~*~*~ (outnumbered).
 37989 | Spider:4 | 37989 ||| Stepping ~*~*~tactically~*~*~ (outnumbered).
 37990 | Spider:4 | 37990 ||| Stepping ~*~*~tactically~*~*~ (outnumbered).
 37991 | Spider:4 | 37991 ||| Stepping ~*~*~tactically~*~*~ (outnumbered).
 37992 | Spider:4 | 37992 ||| Stepping ~*~*~tactically~*~*~ (outnumbered).
 38001 | Spider:4 | 38001 ||| Stepping ~*~*~tactically~*~*~ (outnumbered).
 38002 | Spider:4 | 38002 ||| Stepping ~*~*~tactically~*~*~ (outnumbered).
 38012 | Spider:4 | Received a gift from Okawaru
 38029 | Spider:4 | 38029 ||| INVOKING Heroism.
 38203 | Spider:4 | 38203 ||| Stepping ~*~*~tactically~*~*~ (outnumbered).
 38212 | Spider:4 | 38212 ||| Stepping ~*~*~tactically~*~*~ (stealth).
 38215 | Spider:4 | Reached skill level 12 in Throwing
 38456 | Spider:4 | 38456 ||| Stepping ~*~*~tactically~*~*~ (outnumbered).
 38458 | Spider:4 | 38458 ||| Stepping randomly (stuck).
 38459 | Spider:4 | 38459 ||| INVOKING Heroism.
 38465 | Spider:4 | Received a gift from Okawaru
 38480 | Spider:4 | 38480 ||| Stepping ~*~*~tactically~*~*~ (outnumbered).
 38615 | Spider:4 | 38615 ||| INVOKING Heroism.
 38673 | Spider:4 | 38673 ||| INVOKING Finesse.
 39017 | Spider:4 | 39017 ||| INVOKING Heroism.
 39019 | Spider:4 | 39019 ||| Stepping ~*~*~tactically~*~*~ (outnumbered).
 39021 | Spider:4 | 39021 ||| Stepping ~*~*~tactically~*~*~ (outnumbered).
 39026 | Spider:4 | 39026 ||| Stepping ~*~*~tactically~*~*~ (outnumbered).
 39028 | Spider:4 | 39028 ||| Stepping ~*~*~tactically~*~*~ (outnumbered).
 39031 | Spider:4 | 39031 ||| Stepping ~*~*~tactically~*~*~ (outnumbered).
 39032 | Spider:4 | 39032 ||| Stepping ~*~*~tactically~*~*~ (outnumbered).
 39073 | Spider:4 | 39073 ||| FLEEEEING.
 39074 | Spider:4 | 39074 ||| INVOKING Heroism.
 39088 | Spider:4 | Reached XP level 21. HP: 112/206 MP: 2/27
 39239 | Spider:4 | Got a gossamer rune of Zot
 39298 | Spider:4 | 39298 ||| PLANNING DEPTHS
 39298 | Spider:4 | 39298 ||| DROPPING scarf of invisibility.
 39666 | Depths:1 | Entered Level 1 of the Depths
 39678 | Depths:1 | 39678 ||| Stepping ~*~*~tactically~*~*~ (hiding).
 39682 | Depths:1 | 39682 ||| Stepping ~*~*~tactically~*~*~ (hiding).
 39687 | Depths:1 | 39687 ||| INVOKING Heroism.
 39688 | Depths:1 | 39688 ||| INVOKING Finesse.
 39694 | Depths:1 | 39694 ||| Stepping ~*~*~tactically~*~*~ (hiding).
 39772 | Depths:1 | Found a one-way gateway to a ziggurat.
 39793 | Depths:1 | 39793 ||| Stepping ~*~*~tactically~*~*~ (hiding).
 39796 | Depths:1 | 39796 ||| INVOKING Heroism.
 39797 | Depths:1 | 39797 ||| INVOKING Finesse.
 39872 | Depths:1 | 39872 ||| INVOKING Heroism.
 39873 | Depths:1 | 39873 ||| INVOKING Finesse.
 39949 | Depths:1 | 39949 ||| Stepping ~*~*~tactically~*~*~ (hiding).
 39955 | Depths:1 | 39955 ||| Stepping ~*~*~tactically~*~*~ (stealth).
 39957 | Depths:1 | 39957 ||| Stepping ~*~*~tactically~*~*~ (stealth).
 39965 | Depths:1 | 39965 ||| Stepping ~*~*~tactically~*~*~ (hiding).
 39981 | Depths:1 | 39981 ||| INVOKING Heroism.
 39984 | Depths:1 | 39984 ||| Stepping ~*~*~tactically~*~*~ (outnumbered).
 39995 | Depths:1 | Received a gift from Okawaru
 39997 | Depths:1 | 39997 ||| Stepping ~*~*~tactically~*~*~ (outnumbered).
 40369 | Depths:1 | 40369 ||| Stepping ~*~*~tactically~*~*~ (hiding).
 40512 | Depths:1 | 40512 ||| INVOKING Heroism.
 40513 | Depths:1 | 40513 ||| INVOKING Finesse.
 40520 | Depths:1 | Reached skill level 6 in Dodging
 40565 | Depths:1 | Found a corrupted altar of Lugonu.
 40566 | Depths:1 | Found a one-way gate to the infinite horrors of the Abyss.
 40881 | Depths:2 | 40881 ||| INVOKING Heroism.
 40884 | Depths:2 | 40884 ||| Stepping ~*~*~tactically~*~*~ (outnumbered).
 40888 | Depths:2 | 40888 ||| Stepping ~*~*~tactically~*~*~ (outnumbered).
 40889 | Depths:2 | 40889 ||| Stepping ~*~*~tactically~*~*~ (outnumbered).
 40890 | Depths:2 | 40890 ||| Stepping ~*~*~tactically~*~*~ (outnumbered).
 40891 | Depths:2 | 40891 ||| Stepping ~*~*~tactically~*~*~ (outnumbered).
 40894 | Depths:2 | 40894 ||| Stepping ~*~*~tactically~*~*~ (outnumbered).
 40899 | Depths:2 | 40899 ||| Stepping ~*~*~tactically~*~*~ (outnumbered).
 40903 | Depths:2 | 40903 ||| Stepping ~*~*~tactically~*~*~ (outnumbered).
 40909 | Depths:2 | 40909 ||| Stepping ~*~*~tactically~*~*~ (outnumbered).
 40916 | Depths:2 | 40916 ||| Stepping ~*~*~tactically~*~*~ (hiding).
 40918 | Depths:2 | 40918 ||| Stepping ~*~*~tactically~*~*~ (hiding).
 40930 | Depths:2 | 40930 ||| Stepping ~*~*~tactically~*~*~ (stealth).
 40932 | Depths:2 | 40932 ||| Stepping ~*~*~tactically~*~*~ (hiding).
 40936 | Depths:2 | 40936 ||| INVOKING Finesse.
 40941 | Depths:2 | 40941 ||| INVOKING Heroism.
 40942 | Depths:2 | 40942 ||| Stepping ~*~*~tactically~*~*~ (outnumbered).
 40961 | Depths:2 | 40961 ||| Stepping ~*~*~tactically~*~*~ (outnumbered).
 41015 | Depths:2 | 41015 ||| INVOKING Heroism.
 41017 | Depths:2 | 41017 ||| INVOKING Finesse.
 41021 | Depths:2 | 41021 ||| Stepping ~*~*~tactically~*~*~ (outnumbered).
 41022 | Depths:2 | 41022 ||| Stepping ~*~*~tactically~*~*~ (outnumbered).
 41023 | Depths:2 | 41023 ||| Stepping ~*~*~tactically~*~*~ (outnumbered).
 41024 | Depths:2 | 41024 ||| Stepping ~*~*~tactically~*~*~ (outnumbered).
 41025 | Depths:2 | 41025 ||| Stepping ~*~*~tactically~*~*~ (outnumbered).
 41026 | Depths:2 | 41026 ||| Stepping ~*~*~tactically~*~*~ (outnumbered).
 41027 | Depths:2 | 41027 ||| Stepping ~*~*~tactically~*~*~ (outnumbered).
 41028 | Depths:2 | 41028 ||| Stepping ~*~*~tactically~*~*~ (outnumbered).
 41029 | Depths:2 | 41029 ||| Stepping ~*~*~tactically~*~*~ (outnumbered).
 41031 | Depths:2 | Identified the +1 hat of Past Mistakes {rC+ rCorr} (Okawaru
                  | gifted it to you on level 2 of the Depths)
 41031 | Depths:2 | Received a gift from Okawaru
 41038 | Depths:2 | 41038 ||| Stepping ~*~*~tactically~*~*~ (outnumbered).
 41039 | Depths:2 | 41039 ||| Stepping ~*~*~tactically~*~*~ (outnumbered).
 41040 | Depths:2 | 41040 ||| Stepping ~*~*~tactically~*~*~ (outnumbered).
 41041 | Depths:2 | 41041 ||| Stepping ~*~*~tactically~*~*~ (outnumbered).
 41042 | Depths:2 | 41042 ||| Stepping ~*~*~tactically~*~*~ (outnumbered).
 41043 | Depths:2 | 41043 ||| Stepping ~*~*~tactically~*~*~ (outnumbered).
 41113 | Depths:2 | 41113 ||| FLEEEEING.
 41114 | Depths:2 | 41114 ||| FLEEEEING.
 41115 | Depths:2 | 41115 ||| FLEEEEING.
 41116 | Depths:2 | 41116 ||| FLEEEEING.
 41117 | Depths:2 | 41117 ||| FLEEEEING.
 41209 | Depths:2 | 41209 ||| INVOKING Heroism.
 41217 | Depths:2 | 41217 ||| Stepping ~*~*~tactically~*~*~ (outnumbered).
 41218 | Depths:2 | 41218 ||| Stepping ~*~*~tactically~*~*~ (outnumbered).
 41219 | Depths:2 | 41219 ||| INVOKING Finesse.
 41226 | Depths:2 | 41226 ||| Stepping ~*~*~tactically~*~*~ (outnumbered).
 41233 | Depths:2 | 41233 ||| Stepping ~*~*~tactically~*~*~ (outnumbered).
 41237 | Depths:2 | 41237 ||| Stepping ~*~*~tactically~*~*~ (outnumbered).
 41238 | Depths:2 | 41238 ||| Stepping ~*~*~tactically~*~*~ (outnumbered).
 41252 | Depths:2 | 41252 ||| Stepping ~*~*~tactically~*~*~ (outnumbered).
 41341 | Depths:2 | 41341 ||| Stepping ~*~*~tactically~*~*~ (hiding).
 41355 | Depths:2 | 41355 ||| FLEEEEING.
 41402 | Depths:2 | 41402 ||| Stepping ~*~*~tactically~*~*~ (stealth).
 41406 | Depths:2 | 41406 ||| INVOKING Heroism.
 41407 | Depths:2 | 41407 ||| INVOKING Finesse.
 41416 | Depths:2 | 41416 ||| Stepping ~*~*~tactically~*~*~ (stealth).
 41436 | Depths:2 | 41436 ||| Stepping ~*~*~tactically~*~*~ (hiding).
 41437 | Depths:2 | 41437 ||| Stepping ~*~*~tactically~*~*~ (stealth).
 41441 | Depths:2 | 41441 ||| Stepping ~*~*~tactically~*~*~ (outnumbered).
 41453 | Depths:2 | 41453 ||| Stepping ~*~*~tactically~*~*~ (outnumbered).
 41463 | Depths:2 | 41463 ||| Stepping ~*~*~tactically~*~*~ (hiding).
 41508 | Depths:2 | 41508 ||| INVOKING Heroism.
 41509 | Depths:2 | 41509 ||| INVOKING Finesse.
 41517 | Depths:2 | 41517 ||| Stepping ~*~*~tactically~*~*~ (stealth).
 41521 | Depths:2 | 41521 ||| Stepping ~*~*~tactically~*~*~ (stealth).
 41584 | Depths:2 | Noticed a caustic shrike
 41584 | Depths:2 | Noticed a caustic shrike
 41584 | Depths:2 | Noticed a caustic shrike
 41585 | Depths:2 | 41585 ||| INVOKING Heroism.
 41586 | Depths:2 | 41586 ||| INVOKING Finesse.
 41590 | Depths:2 | Killed a caustic shrike
 41595 | Depths:2 | Killed a caustic shrike
 41597 | Depths:2 | Killed a caustic shrike
 41625 | Depths:2 | 41625 ||| INVOKING Finesse.
 41633 | Depths:2 | 41633 ||| INVOKING Heroism.
 41679 | Depths:2 | Received a gift from Okawaru
 41718 | Depths:2 | 41718 ||| Stepping ~*~*~tactically~*~*~ (stealth).
 41737 | Depths:2 | Received a gift from Okawaru
 41746 | Depths:2 | 41746 ||| Stepping ~*~*~tactically~*~*~ (stealth).
 41750 | Depths:2 | 41750 ||| Stepping ~*~*~tactically~*~*~ (stealth).
 41765 | Depths:2 | 41765 ||| INVOKING Heroism.
 41766 | Depths:2 | 41766 ||| Stepping ~*~*~tactically~*~*~ (stealth).
 41767 | Depths:2 | 41767 ||| Stepping ~*~*~tactically~*~*~ (stealth).
 41770 | Depths:2 | 41770 ||| INVOKING Finesse.
 41771 | Depths:2 | 41771 ||| INVOKING Finesse.
 41778 | Depths:2 | 41778 ||| Stepping ~*~*~tactically~*~*~ (hiding).
 41808 | Depths:2 | 41808 ||| Stepping ~*~*~tactically~*~*~ (hiding).
 41856 | Depths:2 | 41856 ||| INVOKING Heroism.
 41886 | Depths:2 | 41886 ||| Stepping ~*~*~tactically~*~*~ (stealth).
 41888 | Depths:2 | 41888 ||| Stepping ~*~*~tactically~*~*~ (hiding).
 41898 | Depths:2 | 41898 ||| INVOKING Finesse.
 41905 | Depths:2 | Reached XP level 22. HP: 223/223 MP: 22/28
 41905 | Depths:2 | 41905 ||| Stepping ~*~*~tactically~*~*~ (outnumbered).
 41944 | Depths:2 | 41944 ||| INVOKING Heroism.
 41946 | Depths:2 | Received a gift from Okawaru
 41975 | Depths:2 | 41975 ||| Stepping ~*~*~tactically~*~*~ (stealth).
 42007 | Depths:2 | Identified the +3 great mace of Law {vorpal, rCorr Dex+3}
 42008 | Depths:2 | Identified the +7 hand axe "Mukkuck" {venom, *Noise Fragile
                  | Int+5 Dex+9}
 42039 | Depths:2 | 42039 ||| Stepping ~*~*~tactically~*~*~ (outnumbered).
 42044 | Depths:2 | 42044 ||| INVOKING Heroism.
 42065 | Depths:2 | Identified the +5 hand crossbow of Profit {elec, rPois rC+
                  | rCorr} (Okawaru gifted it to you on level 2 of the Depths)
 42065 | Depths:2 | Received a gift from Okawaru
 42105 | Depths:2 | Found a one-way gate leading to the halls of Pandemonium.
 42303 | Depths:2 | 42303 ||| DROPPING quicksilver dragon scales.
 42304 | Depths:2 | 42304 ||| DROPPING amulet of guardian spirit.
 42331 | Depths:3 | 42331 ||| INVOKING Heroism.
 42338 | Depths:3 | 42338 ||| Stepping ~*~*~tactically~*~*~ (outnumbered).
 42340 | Depths:3 | 42340 ||| STAIRDANCE
 42345 | Depths:3 | 42345 ||| STAIRDANCE
 42355 | Depths:3 | 42355 ||| Stepping ~*~*~tactically~*~*~ (outnumbered).
 42356 | Depths:3 | 42356 ||| Stepping ~*~*~tactically~*~*~ (outnumbered).
 42416 | Depths:3 | 42416 ||| INVOKING Heroism.
 42536 | Depths:3 | 42536 ||| INVOKING Heroism.
 42537 | Depths:3 | 42537 ||| INVOKING Finesse.
 42611 | Depths:3 | 42611 ||| Stepping ~*~*~tactically~*~*~ (stealth).
 42612 | Depths:3 | 42612 ||| Stepping ~*~*~tactically~*~*~ (stealth).
 42829 | Depths:3 | 42829 ||| INVOKING Heroism.
 42830 | Depths:3 | 42830 ||| INVOKING Finesse.
 42925 | Depths:3 | 42925 ||| INVOKING Heroism.
 42926 | Depths:3 | 42926 ||| INVOKING Finesse.
 43283 | Depths:3 | 43283 ||| STAIRDANCE
 43294 | Depths:3 | 43294 ||| STAIRDANCE
 43296 | Depths:2 | 43296 ||| Stepping ~*~*~tactically~*~*~ (outnumbered).
 43332 | Depths:3 | 43332 ||| STAIRDANCE
 43362 | Depths:3 | 43362 ||| INVOKING Heroism.
 43363 | Depths:3 | 43363 ||| INVOKING Finesse.
 43432 | Depths:3 | 43432 ||| INVOKING Heroism.
 43513 | Depths:4 | Entered Level 4 of the Depths
 43515 | Depths:4 | 43515 ||| Stepping ~*~*~tactically~*~*~ (hiding).
 43517 | Depths:4 | 43517 ||| INVOKING Heroism.
 43529 | Depths:4 | 43529 ||| Stepping ~*~*~tactically~*~*~ (stealth).
 43530 | Depths:4 | 43530 ||| Stepping ~*~*~tactically~*~*~ (stealth).
 43560 | Depths:4 | 43560 ||| INVOKING Heroism.
 43629 | Depths:4 | 43629 ||| Stepping ~*~*~tactically~*~*~ (stealth).
 43631 | Depths:4 | 43631 ||| Stepping ~*~*~tactically~*~*~ (stealth).
 43633 | Depths:4 | 43633 ||| Stepping ~*~*~tactically~*~*~ (stealth).
 43636 | Depths:4 | 43636 ||| Stepping ~*~*~tactically~*~*~ (stealth).
 43638 | Depths:4 | 43638 ||| Stepping ~*~*~tactically~*~*~ (hiding).
 43640 | Depths:4 | 43640 ||| INVOKING Heroism.
 43688 | Depths:4 | Found a basalt altar of Yredelemnul.
 43689 | Depths:4 | Found a white marble altar of Elyvilon.
 43693 | Depths:4 | 43693 ||| Stepping ~*~*~tactically~*~*~ (outnumbered).
 43697 | Depths:4 | 43697 ||| INVOKING Finesse.
 43768 | Depths:4 | 43768 ||| Stepping ~*~*~tactically~*~*~ (stealth).
 43769 | Depths:4 | 43769 ||| Stepping ~*~*~tactically~*~*~ (stealth).
 43770 | Depths:4 | 43770 ||| Stepping ~*~*~tactically~*~*~ (stealth).
 43771 | Depths:4 | 43771 ||| Stepping ~*~*~tactically~*~*~ (stealth).
 43774 | Depths:4 | 43774 ||| INVOKING Heroism.
 43798 | Depths:4 | 43798 ||| Stepping ~*~*~tactically~*~*~ (hiding).
 43817 | Depths:4 | 43817 ||| Stepping ~*~*~tactically~*~*~ (hiding).
 43967 | Depths:4 | 43967 ||| Stepping ~*~*~tactically~*~*~ (hiding).
 43971 | Depths:4 | 43971 ||| INVOKING Heroism.
 43972 | Depths:4 | 43972 ||| INVOKING Finesse.
 43978 | Depths:4 | 43978 ||| Stepping ~*~*~tactically~*~*~ (hiding).
 43979 | Depths:4 | 43979 ||| Stepping ~*~*~tactically~*~*~ (hiding).
 43980 | Depths:4 | 43980 ||| Stepping ~*~*~tactically~*~*~ (hiding).
 43981 | Depths:4 | 43981 ||| Stepping ~*~*~tactically~*~*~ (hiding).
 43982 | Depths:4 | Received a gift from Okawaru
 44020 | Depths:4 | 44020 ||| Stepping ~*~*~tactically~*~*~ (stealth).
 44021 | Depths:4 | 44021 ||| Stepping ~*~*~tactically~*~*~ (stealth).
 44029 | Depths:4 | 44029 ||| Stepping ~*~*~tactically~*~*~ (hiding).
 44032 | Depths:4 | 44032 ||| INVOKING Heroism.
 44034 | Depths:4 | 44034 ||| Stepping ~*~*~tactically~*~*~ (outnumbered).
 44035 | Depths:4 | 44035 ||| Stepping ~*~*~tactically~*~*~ (outnumbered).
 44037 | Depths:4 | 44037 ||| Stepping ~*~*~tactically~*~*~ (outnumbered).
 44043 | Depths:4 | 44043 ||| Stepping ~*~*~tactically~*~*~ (outnumbered).
 44047 | Depths:4 | 44047 ||| INVOKING Finesse.
 44135 | Depths:4 | Found a gate to the Realm of Zot.
 44212 | Depths:4 | Found a broken altar of Ashenzari.
 44224 | Depths:4 | 44224 ||| Stepping ~*~*~tactically~*~*~ (hiding).
 44225 | Depths:4 | 44225 ||| Stepping ~*~*~tactically~*~*~ (hiding).
 44228 | Depths:4 | 44228 ||| INVOKING Heroism.
 44285 | Depths:4 | 44285 ||| INVOKING Heroism.
 44328 | Depths:4 | 44328 ||| INVOKING Heroism.
 44353 | Depths:4 | 44353 ||| Stepping ~*~*~tactically~*~*~ (hiding).
 44393 | Depths:4 | 44393 ||| Stepping ~*~*~tactically~*~*~ (stealth).
 44394 | Depths:4 | 44394 ||| INVOKING Heroism.
 44401 | Depths:4 | Reached skill level 15 in Fighting
 44425 | Depths:4 | 44425 ||| Stepping ~*~*~tactically~*~*~ (stealth).
 44430 | Depths:4 | 44430 ||| Stepping ~*~*~tactically~*~*~ (stealth).
 44432 | Depths:4 | 44432 ||| Stepping ~*~*~tactically~*~*~ (stealth).
 44434 | Depths:4 | 44434 ||| Stepping ~*~*~tactically~*~*~ (stealth).
 44438 | Depths:4 | Received a gift from Okawaru
 44439 | Depths:4 | 44439 ||| INVOKING Heroism.
 44445 | Depths:4 | 44445 ||| Stepping ~*~*~tactically~*~*~ (stealth).
 44446 | Depths:4 | 44446 ||| Stepping ~*~*~tactically~*~*~ (stealth).
 44452 | Depths:4 | 44452 ||| Stepping ~*~*~tactically~*~*~ (stealth).
 44458 | Depths:4 | 44458 ||| Stepping ~*~*~tactically~*~*~ (stealth).
 44459 | Depths:4 | 44459 ||| Stepping ~*~*~tactically~*~*~ (stealth).
 44478 | Depths:4 | 44478 ||| INVOKING Heroism.
 44489 | Depths:4 | Reached skill level 21 in Shields
 44531 | Depths:4 | Noticed a golden dragon
 44532 | Depths:4 | 44532 ||| INVOKING Heroism.
 44534 | Depths:4 | 44534 ||| Stepping ~*~*~tactically~*~*~ (outnumbered).
 44541 | Depths:4 | Killed a golden dragon
 44620 | Depths:4 | 44620 ||| Stepping ~*~*~tactically~*~*~ (hiding).
 44624 | Depths:4 | 44624 ||| INVOKING Heroism.
 44645 | Depths:4 | 44645 ||| Stepping ~*~*~tactically~*~*~ (stealth).
 44647 | Depths:4 | Noticed a golden dragon
 44648 | Depths:4 | 44648 ||| INVOKING Finesse.
 44649 | Depths:4 | 44649 ||| Stepping ~*~*~tactically~*~*~ (outnumbered).
 44651 | Depths:4 | 44651 ||| Stepping ~*~*~tactically~*~*~ (hiding).
 44655 | Depths:4 | 44655 ||| Stepping ~*~*~tactically~*~*~ (hiding).
 44667 | Depths:4 | Killed a golden dragon
 44680 | Depths:4 | 44680 ||| Stepping ~*~*~tactically~*~*~ (stealth).
 44684 | Depths:4 | 44684 ||| INVOKING Heroism.
 44688 | Depths:4 | 44688 ||| Stepping ~*~*~tactically~*~*~ (outnumbered).
 44701 | Depths:4 | Noticed the Enchantress
 44707 | Depths:4 | 44707 ||| Stepping ~*~*~tactically~*~*~ (outnumbered).
 44712 | Depths:4 | Noticed a juggernaut
 44720 | Depths:4 | Killed a juggernaut
 44731 | Depths:4 | Noticed a caustic shrike
 44731 | Depths:4 | Noticed a golden dragon
 44732 | Depths:4 | 44732 ||| Stepping ~*~*~tactically~*~*~ (outnumbered).
 44735 | Depths:4 | 44735 ||| Stepping ~*~*~tactically~*~*~ (outnumbered).
 44738 | Depths:4 | Killed the Enchantress
 44738 | Depths:4 | Received a gift from Okawaru
 44739 | Depths:4 | 44739 ||| Stepping ~*~*~tactically~*~*~ (outnumbered).
 44744 | Depths:4 | 44744 ||| INVOKING Finesse.
 44748 | Depths:4 | Killed a golden dragon
 44749 | Depths:4 | 44749 ||| Stepping ~*~*~tactically~*~*~ (outnumbered).
 44753 | Depths:4 | 44753 ||| Stepping ~*~*~tactically~*~*~ (outnumbered).
 44754 | Depths:4 | 44754 ||| Stepping ~*~*~tactically~*~*~ (outnumbered).
 44755 | Depths:4 | 44755 ||| Stepping ~*~*~tactically~*~*~ (outnumbered).
 44756 | Depths:4 | 44756 ||| Stepping ~*~*~tactically~*~*~ (outnumbered).
 44757 | Depths:4 | 44757 ||| Stepping ~*~*~tactically~*~*~ (outnumbered).
 44757 | Depths:4 | HP: 47/227 [fire dragon/blast of flame (29)]
 44758 | Depths:4 | 44758 ||| READING 3 scrolls of teleportation.
 44759 | Depths:4 | 44759 ||| DRINKING 7 potions of heal wounds.
 44759 | Depths:4 | HP: 20/227 [death yak[a spriggan berserker] (35)]
 44760 | Depths:4 | 44760 ||| DRINKING 6 potions of heal wounds.
 44761 | Depths:4 | 44761 ||| DRINKING 5 potions of heal wounds.
 44762 | Depths:4 | 44762 ||| DRINKING 4 potions of heal wounds.
 44769 | Depths:4 | 44769 ||| Stepping ~*~*~tactically~*~*~ (stealth).
 44773 | Depths:4 | 44773 ||| INVOKING Heroism.
 44774 | Depths:4 | 44774 ||| Stepping ~*~*~tactically~*~*~ (stealth).
 44775 | Depths:4 | 44775 ||| Stepping ~*~*~tactically~*~*~ (hiding).
 44780 | Depths:4 | Reached XP level 23. HP: 97/235 MP: 26/29
 44780 | Depths:4 | 44780 ||| Stepping ~*~*~tactically~*~*~ (hiding).
 44788 | Depths:4 | Received a gift from Okawaru
 44815 | Depths:4 | 44815 ||| INVOKING Finesse.
 44837 | Depths:4 | 44837 ||| Stepping ~*~*~tactically~*~*~ (stealth).
 44838 | Depths:4 | 44838 ||| INVOKING Heroism.
 44885 | Depths:4 | 44885 ||| Stepping ~*~*~tactically~*~*~ (stealth).
 44905 | Depths:4 | 44905 ||| Stepping ~*~*~tactically~*~*~ (hiding).
 44909 | Depths:4 | 44909 ||| INVOKING Heroism.
 44916 | Depths:4 | Killed a caustic shrike
 44948 | Depths:4 | 44948 ||| Stepping ~*~*~tactically~*~*~ (stealth).
 44950 | Depths:4 | 44950 ||| Stepping ~*~*~tactically~*~*~ (outnumbered).
 44989 | Depths:4 | 44989 ||| INVOKING Heroism.
 45001 | Depths:4 | Reached skill level 15 in Throwing
 45001 | Depths:4 | 45001 ||| Stepping ~*~*~tactically~*~*~ (hiding).
 45002 | Depths:4 | 45002 ||| Stepping ~*~*~tactically~*~*~ (hiding).
 45003 | Depths:4 | 45003 ||| Stepping ~*~*~tactically~*~*~ (hiding).
 45013 | Depths:4 | 45013 ||| Stepping ~*~*~tactically~*~*~ (stealth).
 45040 | Depths:4 | 45040 ||| Stepping ~*~*~tactically~*~*~ (hiding).
 45055 | Depths:4 | 45055 ||| INVOKING Heroism.
 45105 | Depths:4 | 45105 ||| INVOKING Finesse.
 45110 | Depths:4 | 45110 ||| Stepping ~*~*~tactically~*~*~ (hiding).
 45150 | Depths:4 | 45150 ||| INVOKING Heroism.
 45151 | Depths:4 | 45151 ||| Stepping ~*~*~tactically~*~*~ (hiding).
 45152 | Depths:4 | 45152 ||| Stepping ~*~*~tactically~*~*~ (hiding).
 45161 | Depths:4 | Received a gift from Okawaru
 45212 | Depths:4 | 45212 ||| Stepping ~*~*~tactically~*~*~ (stealth).
 45236 | Depths:4 | 45236 ||| INVOKING Heroism.
 45314 | Depths:4 | 45314 ||| INVOKING Heroism.
 45330 | Depths:4 | 45330 ||| DROPPING +6 ring of strength.
 45331 | Depths:4 | 45331 ||| DROPPING silver boomerang.
 45357 | Depths:4 | Identified the ring of the Twenty Places {rC+ Dex+6 Stlth+}
 45501 | Depths:4 | 45501 ||| INVOKING Heroism.
 45556 | Depths:4 | 45556 ||| PLANNING VAULTS:5
 45556 | Depths:4 | 45556 ||| DROPPING 38 boomerangs.
 45557 | Depths:4 | 45557 ||| DROPPING 8 boomerangs of dispersal.
 45775 | Vaults:5 | Entered Level 5 of the Vaults
 45776 | Vaults:5 | 45776 ||| INVOKING Heroism.
 45777 | Vaults:5 | 45777 ||| STAIRDANCE
 45779 | Vaults:4 | 45779 ||| Stepping ~*~*~tactically~*~*~ (outnumbered).
 45780 | Vaults:4 | 45780 ||| Stepping ~*~*~tactically~*~*~ (outnumbered).
 45781 | Vaults:4 | 45781 ||| Stepping ~*~*~tactically~*~*~ (outnumbered).
 45782 | Vaults:4 | 45782 ||| Stepping ~*~*~tactically~*~*~ (outnumbered).
 45783 | Vaults:4 | 45783 ||| Stepping ~*~*~tactically~*~*~ (outnumbered).
 45808 | Vaults:5 | 45808 ||| STAIRDANCE
 45810 | Vaults:4 | 45810 ||| Stepping ~*~*~tactically~*~*~ (outnumbered).
 45811 | Vaults:4 | 45811 ||| Stepping ~*~*~tactically~*~*~ (outnumbered).
 45812 | Vaults:4 | 45812 ||| Stepping ~*~*~tactically~*~*~ (outnumbered).
 45813 | Vaults:4 | 45813 ||| Stepping ~*~*~tactically~*~*~ (outnumbered).
 45814 | Vaults:4 | 45814 ||| Stepping ~*~*~tactically~*~*~ (outnumbered).
 45818 | Vaults:4 | 45818 ||| Stepping ~*~*~tactically~*~*~ (outnumbered).
 45819 | Vaults:4 | 45819 ||| Stepping ~*~*~tactically~*~*~ (outnumbered).
 45820 | Vaults:4 | 45820 ||| Stepping ~*~*~tactically~*~*~ (outnumbered).
 45821 | Vaults:4 | 45821 ||| Stepping ~*~*~tactically~*~*~ (outnumbered).
 45824 | Vaults:4 | 45824 ||| Stepping ~*~*~tactically~*~*~ (outnumbered).
 45825 | Vaults:4 | 45825 ||| Stepping ~*~*~tactically~*~*~ (outnumbered).
 45826 | Vaults:4 | 45826 ||| INVOKING Heroism.
 45827 | Vaults:4 | 45827 ||| Stepping ~*~*~tactically~*~*~ (outnumbered).
 45828 | Vaults:4 | 45828 ||| Stepping ~*~*~tactically~*~*~ (outnumbered).
 45829 | Vaults:4 | 45829 ||| Stepping ~*~*~tactically~*~*~ (outnumbered).
 45830 | Vaults:4 | 45830 ||| Stepping ~*~*~tactically~*~*~ (outnumbered).
 45831 | Vaults:4 | 45831 ||| Stepping ~*~*~tactically~*~*~ (outnumbered).
 45832 | Vaults:4 | 45832 ||| Stepping ~*~*~tactically~*~*~ (outnumbered).
 45833 | Vaults:4 | 45833 ||| Stepping ~*~*~tactically~*~*~ (outnumbered).
 45834 | Vaults:4 | 45834 ||| Stepping ~*~*~tactically~*~*~ (outnumbered).
 45835 | Vaults:4 | 45835 ||| Stepping ~*~*~tactically~*~*~ (outnumbered).
 45836 | Vaults:4 | 45836 ||| Stepping ~*~*~tactically~*~*~ (outnumbered).
 45837 | Vaults:4 | 45837 ||| Stepping ~*~*~tactically~*~*~ (outnumbered).
 45838 | Vaults:4 | 45838 ||| Stepping ~*~*~tactically~*~*~ (outnumbered).
 45839 | Vaults:4 | 45839 ||| Stepping ~*~*~tactically~*~*~ (outnumbered).
 45840 | Vaults:4 | 45840 ||| Stepping ~*~*~tactically~*~*~ (outnumbered).
 45841 | Vaults:4 | 45841 ||| Stepping ~*~*~tactically~*~*~ (outnumbered).
 45842 | Vaults:4 | 45842 ||| Stepping ~*~*~tactically~*~*~ (outnumbered).
 45843 | Vaults:4 | 45843 ||| Stepping ~*~*~tactically~*~*~ (outnumbered).
 45846 | Vaults:4 | 45846 ||| Stepping ~*~*~tactically~*~*~ (outnumbered).
 45847 | Vaults:4 | 45847 ||| Stepping ~*~*~tactically~*~*~ (outnumbered).
 45848 | Vaults:4 | 45848 ||| Stepping ~*~*~tactically~*~*~ (outnumbered).
 45849 | Vaults:4 | 45849 ||| Stepping ~*~*~tactically~*~*~ (outnumbered).
 45850 | Vaults:4 | 45850 ||| Stepping ~*~*~tactically~*~*~ (outnumbered).
 45851 | Vaults:4 | 45851 ||| Stepping ~*~*~tactically~*~*~ (outnumbered).
 45852 | Vaults:4 | 45852 ||| Stepping ~*~*~tactically~*~*~ (outnumbered).
 45855 | Vaults:4 | 45855 ||| Stepping ~*~*~tactically~*~*~ (outnumbered).
 45857 | Vaults:4 | 45857 ||| Stepping ~*~*~tactically~*~*~ (outnumbered).
 45858 | Vaults:4 | 45858 ||| Stepping ~*~*~tactically~*~*~ (outnumbered).
 45859 | Vaults:4 | 45859 ||| Stepping ~*~*~tactically~*~*~ (outnumbered).
 45864 | Vaults:4 | 45864 ||| Stepping ~*~*~tactically~*~*~ (outnumbered).
 45865 | Vaults:4 | 45865 ||| Stepping ~*~*~tactically~*~*~ (outnumbered).
 45866 | Vaults:4 | 45866 ||| Stepping ~*~*~tactically~*~*~ (outnumbered).
 45870 | Vaults:4 | 45870 ||| Stepping ~*~*~tactically~*~*~ (outnumbered).
 45878 | Vaults:4 | 45878 ||| Stepping ~*~*~tactically~*~*~ (outnumbered).
 45879 | Vaults:4 | 45879 ||| Stepping ~*~*~tactically~*~*~ (outnumbered).
 45880 | Vaults:4 | 45880 ||| Stepping ~*~*~tactically~*~*~ (outnumbered).
 45881 | Vaults:4 | 45881 ||| Stepping ~*~*~tactically~*~*~ (outnumbered).
 45882 | Vaults:4 | 45882 ||| Stepping ~*~*~tactically~*~*~ (outnumbered).
 45883 | Vaults:4 | 45883 ||| Stepping ~*~*~tactically~*~*~ (outnumbered).
 45884 | Vaults:4 | 45884 ||| Stepping ~*~*~tactically~*~*~ (outnumbered).
 45889 | Vaults:4 | 45889 ||| Stepping ~*~*~tactically~*~*~ (outnumbered).
 45890 | Vaults:4 | 45890 ||| Stepping ~*~*~tactically~*~*~ (outnumbered).
 45891 | Vaults:4 | 45891 ||| Stepping ~*~*~tactically~*~*~ (outnumbered).
 45892 | Vaults:4 | 45892 ||| Stepping ~*~*~tactically~*~*~ (outnumbered).
 45893 | Vaults:4 | 45893 ||| Stepping ~*~*~tactically~*~*~ (outnumbered).
 45898 | Vaults:4 | 45898 ||| Stepping ~*~*~tactically~*~*~ (outnumbered).
 45899 | Vaults:4 | 45899 ||| Stepping ~*~*~tactically~*~*~ (outnumbered).
 45900 | Vaults:4 | 45900 ||| Stepping ~*~*~tactically~*~*~ (outnumbered).
 45901 | Vaults:4 | 45901 ||| Stepping ~*~*~tactically~*~*~ (outnumbered).
 45902 | Vaults:4 | 45902 ||| Stepping ~*~*~tactically~*~*~ (outnumbered).
 45903 | Vaults:4 | 45903 ||| Stepping ~*~*~tactically~*~*~ (outnumbered).
 45904 | Vaults:4 | 45904 ||| Stepping ~*~*~tactically~*~*~ (outnumbered).
 45905 | Vaults:4 | 45905 ||| Stepping ~*~*~tactically~*~*~ (outnumbered).
 45906 | Vaults:4 | 45906 ||| Stepping ~*~*~tactically~*~*~ (outnumbered).
 45907 | Vaults:4 | 45907 ||| Stepping ~*~*~tactically~*~*~ (outnumbered).
 45908 | Vaults:4 | 45908 ||| Stepping ~*~*~tactically~*~*~ (outnumbered).
 45909 | Vaults:4 | 45909 ||| Stepping ~*~*~tactically~*~*~ (outnumbered).
 45978 | Vaults:5 | 45978 ||| STAIRDANCE
 45980 | Vaults:4 | 45980 ||| INVOKING Heroism.
 45985 | Vaults:4 | 45985 ||| Stepping ~*~*~tactically~*~*~ (outnumbered).
 45986 | Vaults:4 | 45986 ||| Stepping ~*~*~tactically~*~*~ (outnumbered).
 45987 | Vaults:4 | 45987 ||| Stepping ~*~*~tactically~*~*~ (outnumbered).
 45988 | Vaults:4 | 45988 ||| Stepping ~*~*~tactically~*~*~ (outnumbered).
 45989 | Vaults:4 | 45989 ||| Stepping ~*~*~tactically~*~*~ (outnumbered).
 45990 | Vaults:4 | 45990 ||| Stepping ~*~*~tactically~*~*~ (outnumbered).
 45994 | Vaults:4 | 45994 ||| FLEEEEING.
 45995 | Vaults:4 | 45995 ||| FLEEEEING.
 45996 | Vaults:4 | 45996 ||| FLEEEEING.
 45997 | Vaults:4 | 45997 ||| FLEEEEING.
 45998 | Vaults:4 | 45998 ||| FLEEEEING.
 45999 | Vaults:4 | 45999 ||| FLEEEEING.
 46000 | Vaults:4 | 46000 ||| FLEEEEING.
 46001 | Vaults:4 | 46001 ||| FLEEEEING.
 46002 | Vaults:4 | 46002 ||| FLEEEEING.
 46003 | Vaults:4 | 46003 ||| FLEEEEING.
 46004 | Vaults:4 | 46004 ||| FLEEEEING.
 46005 | Vaults:4 | 46005 ||| FLEEEEING.
 46006 | Vaults:4 | 46006 ||| FLEEEEING.
 46007 | Vaults:4 | 46007 ||| FLEEEEING.
 46008 | Vaults:4 | 46008 ||| FLEEEEING.
 46009 | Vaults:4 | 46009 ||| FLEEEEING.
 46010 | Vaults:4 | 46010 ||| FLEEEEING.
 46011 | Vaults:4 | 46011 ||| FLEEEEING.
 46012 | Vaults:4 | 46012 ||| FLEEEEING.
 46013 | Vaults:4 | 46013 ||| FLEEEEING.
 46014 | Vaults:4 | 46014 ||| FLEEEEING.
 46015 | Vaults:4 | 46015 ||| FLEEEEING.
 46016 | Vaults:4 | 46016 ||| FLEEEEING.
 46017 | Vaults:4 | 46017 ||| FLEEEEING.
 46018 | Vaults:4 | 46018 ||| FLEEEEING.
 46019 | Vaults:4 | 46019 ||| FLEEEEING.
 46020 | Vaults:4 | 46020 ||| FLEEEEING.
 46021 | Vaults:4 | 46021 ||| FLEEEEING.
 46022 | Vaults:4 | 46022 ||| FLEEEEING.
 46023 | Vaults:4 | 46023 ||| FLEEEEING.
 46024 | Vaults:4 | 46024 ||| FLEEEEING.
 46025 | Vaults:4 | 46025 ||| FLEEEEING.
 46026 | Vaults:4 | 46026 ||| FLEEEEING.
 46027 | Vaults:4 | 46027 ||| FLEEEEING.
 46028 | Vaults:4 | 46028 ||| FLEEEEING.
 46029 | Vaults:4 | 46029 ||| FLEEEEING.
 46030 | Vaults:4 | 46030 ||| FLEEEEING.
 46031 | Vaults:4 | 46031 ||| FLEEEEING.
 46032 | Vaults:4 | 46032 ||| FLEEEEING.
 46033 | Vaults:4 | 46033 ||| FLEEEEING.
 46034 | Vaults:4 | 46034 ||| FLEEEEING.
 46035 | Vaults:4 | 46035 ||| FLEEEEING.
 46036 | Vaults:4 | 46036 ||| FLEEEEING.
 46037 | Vaults:4 | 46037 ||| FLEEEEING.
 46038 | Vaults:4 | 46038 ||| FLEEEEING.
 46039 | Vaults:4 | 46039 ||| FLEEEEING.
 46040 | Vaults:4 | 46040 ||| FLEEEEING.
 46041 | Vaults:4 | 46041 ||| FLEEEEING.
 46042 | Vaults:4 | 46042 ||| FLEEEEING.
 46043 | Vaults:4 | 46043 ||| FLEEEEING.
 46044 | Vaults:4 | 46044 ||| FLEEEEING.
 46045 | Vaults:4 | 46045 ||| FLEEEEING.
 46046 | Vaults:4 | 46046 ||| FLEEEEING.
 46047 | Vaults:4 | 46047 ||| FLEEEEING.
 46048 | Vaults:4 | 46048 ||| FLEEEEING.
 46049 | Vaults:4 | 46049 ||| FLEEEEING.
 46050 | Vaults:4 | 46050 ||| FLEEEEING.
 46051 | Vaults:4 | 46051 ||| FLEEEEING.
 46052 | Vaults:4 | 46052 ||| FLEEEEING.
 46053 | Vaults:4 | 46053 ||| FLEEEEING.
 46054 | Vaults:4 | 46054 ||| FLEEEEING.
 46055 | Vaults:4 | 46055 ||| FLEEEEING.
 46056 | Vaults:4 | 46056 ||| STAIRDANCE
 46101 | Vaults:4 | 46101 ||| STAIRDANCE
 46103 | Vaults:3 | 46103 ||| Stepping ~*~*~tactically~*~*~ (outnumbered).
 46114 | Vaults:4 | 46114 ||| STAIRDANCE
 46116 | Vaults:3 | 46116 ||| Stepping ~*~*~tactically~*~*~ (outnumbered).
 46217 | Vaults:5 | 46217 ||| STAIRDANCE
 46219 | Vaults:4 | 46219 ||| INVOKING Heroism.
 46220 | Vaults:4 | 46220 ||| Stepping ~*~*~tactically~*~*~ (outnumbered).
 46221 | Vaults:4 | 46221 ||| Stepping ~*~*~tactically~*~*~ (outnumbered).
 46223 | Vaults:4 | 46223 ||| Stepping ~*~*~tactically~*~*~ (outnumbered).
 46224 | Vaults:4 | 46224 ||| Stepping ~*~*~tactically~*~*~ (outnumbered).
 46225 | Vaults:4 | 46225 ||| Stepping ~*~*~tactically~*~*~ (outnumbered).
 46226 | Vaults:4 | 46226 ||| Stepping ~*~*~tactically~*~*~ (outnumbered).
 46249 | Vaults:5 | 46249 ||| Stepping ~*~*~tactically~*~*~ (outnumbered).
 46250 | Vaults:5 | 46250 ||| Stepping ~*~*~tactically~*~*~ (outnumbered).
 46251 | Vaults:5 | 46251 ||| Stepping ~*~*~tactically~*~*~ (outnumbered).
 46252 | Vaults:5 | 46252 ||| Stepping ~*~*~tactically~*~*~ (outnumbered).
 46253 | Vaults:5 | 46253 ||| Stepping ~*~*~tactically~*~*~ (outnumbered).
 46255 | Vaults:5 | 46255 ||| Stepping ~*~*~tactically~*~*~ (outnumbered).
 46256 | Vaults:5 | 46256 ||| Stepping ~*~*~tactically~*~*~ (outnumbered).
 46257 | Vaults:5 | 46257 ||| Stepping ~*~*~tactically~*~*~ (outnumbered).
 46282 | Vaults:5 | 46282 ||| INVOKING Heroism.
 46310 | Vaults:5 | HP: 46/239 [vault guard/+2 bardiche (19)]
 46311 | Vaults:5 | 46311 ||| READING 4 scrolls of teleportation.
 46312 | Vaults:5 | 46312 ||| DRINKING 6 potions of heal wounds.
 46313 | Vaults:5 | 46313 ||| DRINKING 5 potions of heal wounds.
 46314 | Vaults:5 | 46314 ||| DRINKING 4 potions of heal wounds.
 46315 | Vaults:5 | 46315 ||| DRINKING 3 potions of heal wounds.
 46316 | Vaults:5 | 46316 ||| FLEEEEING.
 46317 | Vaults:5 | 46317 ||| FLEEEEING.
 46318 | Vaults:5 | 46318 ||| STAIRDANCE
 46496 | Vaults:5 | 46496 ||| STAIRDANCE
 46503 | Vaults:5 | 46503 ||| STAIRDANCE
 46505 | Vaults:4 | 46505 ||| INVOKING Heroism.
 46540 | Vaults:5 | 46540 ||| STAIRDANCE
 46558 | Vaults:5 | 46558 ||| INVOKING Heroism.
 46559 | Vaults:5 | 46559 ||| INVOKING Finesse.
 46606 | Vaults:5 | 46606 ||| Stepping ~*~*~tactically~*~*~ (stealth).
 46616 | Vaults:5 | 46616 ||| INVOKING Heroism.
 46653 | Vaults:5 | 46653 ||| Stepping ~*~*~tactically~*~*~ (stealth).
 46654 | Vaults:5 | 46654 ||| Stepping ~*~*~tactically~*~*~ (stealth).
 46658 | Vaults:5 | 46658 ||| INVOKING Heroism.
 46668 | Vaults:5 | 46668 ||| INVOKING Finesse.
 46671 | Vaults:5 | Received a gift from Okawaru
 46691 | Vaults:5 | Identified the +9 trident of Terra Nullius {elec, rC+
                  | Dex+4}
 46692 | Vaults:5 | 46692 ||| Stepping ~*~*~tactically~*~*~ (stealth).
 46695 | Vaults:5 | 46695 ||| Stepping ~*~*~tactically~*~*~ (stealth).
 46696 | Vaults:5 | 46696 ||| Stepping ~*~*~tactically~*~*~ (stealth).
 46769 | Vaults:5 | 46769 ||| Stepping ~*~*~tactically~*~*~ (hiding).
 46772 | Vaults:5 | 46772 ||| INVOKING Heroism.
 46773 | Vaults:5 | 46773 ||| INVOKING Finesse.
 46779 | Vaults:5 | 46779 ||| Stepping ~*~*~tactically~*~*~ (hiding).
 46818 | Vaults:5 | Found the +7 Spriggan's Knife {stab, EV+4 Stlth+}
 46821 | Vaults:5 | 46821 ||| INVOKING Heroism.
 46824 | Vaults:5 | 46824 ||| Stepping ~*~*~tactically~*~*~ (hiding).
 46832 | Vaults:5 | 46832 ||| Stepping ~*~*~tactically~*~*~ (outnumbered).
 46835 | Vaults:5 | 46835 ||| Stepping ~*~*~tactically~*~*~ (outnumbered).
 46840 | Vaults:5 | 46840 ||| Stepping ~*~*~tactically~*~*~ (outnumbered).
 46844 | Vaults:5 | 46844 ||| Stepping ~*~*~tactically~*~*~ (outnumbered).
 46847 | Vaults:5 | 46847 ||| Stepping ~*~*~tactically~*~*~ (outnumbered).
 46850 | Vaults:5 | 46850 ||| INVOKING Finesse.
 46850 | Vaults:5 | Noticed Mennas
 46855 | Vaults:5 | 46855 ||| Stepping ~*~*~tactically~*~*~ (outnumbered).
 46856 | Vaults:5 | 46856 ||| Stepping ~*~*~tactically~*~*~ (outnumbered).
 46857 | Vaults:5 | 46857 ||| Stepping ~*~*~tactically~*~*~ (outnumbered).
 46859 | Vaults:5 | 46859 ||| Stepping ~*~*~tactically~*~*~ (outnumbered).
 46863 | Vaults:5 | 46863 ||| Stepping ~*~*~tactically~*~*~ (outnumbered).
 46868 | Vaults:5 | 46868 ||| Stepping ~*~*~tactically~*~*~ (outnumbered).
 46870 | Vaults:5 | 46870 ||| Stepping ~*~*~tactically~*~*~ (outnumbered).
 46876 | Vaults:5 | 46876 ||| Stepping ~*~*~tactically~*~*~ (outnumbered).
 46876 | Vaults:5 | Identified the amulet of Ladayfih {rF+ Regen+ Int-4 Slay+3}
 46877 | Vaults:5 | 46877 ||| Stepping ~*~*~tactically~*~*~ (outnumbered).
 46877 | Vaults:5 | HP: 31/229 [storm dragon/bolt of lightning (32)]
 46878 | Vaults:5 | 46878 ||| DRINKING 3 potions of heal wounds.
 46882 | Vaults:5 | 46882 ||| DRINKING 2 potions of heal wounds.
 46882 | Vaults:5 | HP: 55/229 [Mennas/+1 sacred scourge of holy wrath (9)]
 46883 | Vaults:5 | 46883 ||| DRINKING potion of heal wounds.
 46883 | Vaults:5 | HP: 25/229 [war gargoyle/spray of metal splinters (27)]
 46883 | Vaults:5 | Killed from afar by a storm dragon

Levels and vault maps discovered:
D:1:      lightli_arrival_lavapool, layout_loops_corners,
          shapermc_ecumenical_altar_venn, chequers_jeans
D:2:      layout_loops_corners
D:3:      layout_loops_cross, mainiacjoe_overflow_boulevard, elyvilon_altar_3,
          gammafunk_temple_overflow_claw, uniq_jessica
D:4:      layout_layer_cave, kennysheep_little_box,
          minmay_temple_entry_statues_fountains, cheibrodos_sewer_entry_drain,
          kennysheep_generic_room_11
D:5:      layout_rooms, lemuel_round_altar, hangedman_decor_growths,
          grunt_ministairs_13
D:6:      layout_loops_ring, nicolae_ossuary_entry_giza, uniq_menkaure
D:7:      layout_basic, serial_shops, nicolae_shop_trees, shop
D:8:      lemuel_insect_pit, layout_basic, mainiacjoe_overflow_paths, uniq_erica
D:9:      layout_gridville, minmay_starry_boxes, uniq_erolcha
D:10:     layout_gridville, minmay_misc_feat_enclosed
D:11:     layout_roguey, erik_orc_3, portal_ice_cave_entry_animals_and_master,
          serial_shops, shop
D:12:     layout_cave_pods
D:13:     layout_roguey, david_vaults_1
D:14:     layout_irregular_city, kennysheep_cross_room, uniq_josephine
D:15:     hangedman_depths_entry_civil_slaughter, layout_rooms, serial_shops,
          nicolae_shop_temple_entry_statues_fountains, shop,
          nicolae_shop_waterfront, shop, nicolae_shop_window_shopping,
          gammafunk_ghost_cemetery, lemuel_crystal_altar, uniq_rupert
Temple:   minmay_temple_curvy_branch
Lair:1:   layout_hall_layers, minmay_holes
Lair:2:   layout_hall_layers, elwin_shoals_entry_rocks
Lair:3:   layout_cave_pods, spider_nest_entry_a, serial_bayou_shore_b,
          grunt_megastairs_5
Lair:4:   layout_cellular_growth, slime_entry_1, nicolae_lair_lindhole,
          grunt_megastairs_4
Lair:5:   evil_forest, layout_regular_city, pond
Shoals:1: layout_shoals, serial_shops, nicolae_shop_crystal,
          nicolae_shoals_secluded_bog, uniq_donald
Shoals:2: layout_shoals, serial_shops, shop_fountains, lightli_airlock
Shoals:3: layout_shoals, ebering_ghost_xom, lemuel_altar_in_water,
          uniq_polyphemus
Shoals:4: shoals_end_grunt_ice, layout_shoals, uniq_mara
Spider:1: gammafunk_boulding_lane, nicolae_spider_undead_wolf_pack
Spider:2: layout_spider_delve, drop_trap, uniq_aizul
Spider:3: layout_cave_pods
Spider:4: spider_rune_water
Orc:1:    layout_diamond_mine, basic_altar, nicolae_orc_flooded_monolith,
          mines2_david
Orc:2:    st_orc_open, layout_caves, basic_altar, uniq_maurice
Vaults:1: nicolae_vaults_network_periphery, v_alt_pattern_5,
          nicolae_vaults_little_squares_3, vaults_room_guarded_vault,
          grunt_vaults_funnel, hangedman_vaults_corner, layout_vaults_big_room,
          serial_shops, shop
Vaults:2: nicolae_vaults_angled_halls, v_misc_16, v_alt_pattern_6, v_misc_22,
          v_pattern_3, nicolae_vaults_puzzle_piece,
          vaults_mumra_minichess_inversion, nicolae_vaults_network_s,
          nicolae_vaults_stairing_the_circle, vaults_mumra_chevron,
          vaults_dpeg_hooks, vaults_room_pools, vaults_room_grid,
          vaults_dpeg_spiral, layout_vaults_omnibox
Vaults:3: hangedman_vaults_maws, v_alt_pattern_1,
          minmay_crypt_entry_skeletal_spiral, vaults_room_semicircle,
          nicolae_vaults_ninety_degrees, hangedman_vaults_pinch,
          nicolae_vaults_asterisk, hangedman_vaults_trim,
          nicolae_vaults_circle_grid_a, layout_vaults_maze_snakey, serial_shops,
          nicolae_lakefront_shop
Vaults:4: mu_enter_wizlab_6, nicolae_vaults_circle_grid_b,
          vaults_standard_mumra_x, vaults_room_door_hall, nicolae_vaults_theta,
          nicolae_vaults_alarming, hangedman_vaults_slice, vaults_room_octagon,
          nicolae_vaults_windows_and_doors_thing, vaults_dpeg_encased_lava,
          layout_vaults_ring
Vaults:5: serial_shops, uniq_mennas
Depths:1: layout_cave_shapes, enter_ziggurat_f, serial_sigils,
          serial_sigils_hangedman_stare, serial_sigils_hangedman_shear,
          serial_sigils_hangedman_gut, serial_sigils_hangedman_gut,
          grunt_mini_vestibule, hangedman_decor_diamond_cutter,
          abyss_entry_flame_altar, special_room [special_room_mythical_zoo]
Depths:2: grunt_bent_corner, layout_cross, hangedman_abyss_entry_splay,
          pan_entry, nicolae_elevator_lobby_asterisk, pf_coc_iceberg,
          infiniplex_staircase_star
Depths:3: kennysheep_oblong_rooms, layout_twisted_cross, abyss_entry,
          pf_hell_entry_tar_river, chequers_decorated_corner
Depths:4: hangedman_slaughterboxes, hell_entry, uniq_enchantress

Skill      XL: |  1  2  3  4  5  6  7  8  9 10 11 12 13 14 15 16 17 18 19 20 21 22 23 |
---------------+----------------------------------------------------------------------+-----
Unarmed Combat | 4 5 6 7 8 10 12 14 16 18 19 20 21 22 | 22.0
Throwing       | 1 2 3 4 6 7 9 10 12 13 14 15 | 15.4
Dodging        | 1 2 3 4 5 6 7 8 |  8.0
Fighting       | 3 4 5 6 7 9 10 11 12 14 15 16 | 16.0
Armour         | 1 2 5 6 8 9 10 11 | 11.1
Invocations    | 2 6 9 10 | 10.0
Shields        | 8 14 17 18 19 20 21 | 21.3
Spellcasting   | |  1.0
Fire Magic     | |  2.1

Action                   |  1- 3 |  4- 6 |  7- 9 | 10-12 | 13-15 | 16-18 | 19-21 | 22-24 || total
-------------------------+-------+-------+-------+-------+-------+-------+-------+-------++-------
Melee: Unarmed           |   119 |   111 |   253 |   360 |   951 |  1358 |  1485 |   934 ||  5571
       Punch             |     3 |     3 |    15 |    31 |   110 |    22 |       |       ||   184
Throw: Large rock        |     6 |    30 |    28 |    39 |   135 |   189 |   128 |    45 ||   600
       Boomerang         |       |       |    17 |    53 |    21 |       |       |       ||    91
Invok: Fiery Armour      |       |     1 |     1 |     7 |     4 |       |       |       ||    13
       Heroism           |       |       |       |       |    47 |    45 |    46 |    44 ||   182
       Finesse           |       |       |       |       |     2 |    23 |    22 |    15 ||    62
  Use: Scroll            |     7 |     7 |    12 |     3 |     8 |     5 |    11 |     2 ||    55
       Potion            |       |     2 |     2 |     3 |     2 |    12 |       |    11 ||    32
 Stab: Distracted        |     1 |       |       |       |       |     1 |       |     4 ||     6
Armor: Robe              |    31 |    31 |       |       |       |       |       |       ||    62
       Troll leather arm |       |     7 |    61 |   205 |   151 |       |       |       ||   424
       Ice dragon scales |       |       |       |       |   219 |   285 |   228 |   137 ||   869
       Acid dragon scale |       |       |       |       |    17 |       |       |       ||    17
Dodge: Dodged            |    44 |    49 |    71 |   202 |   379 |   330 |   239 |   149 ||  1463
Block: Other             |       |       |       |       |    23 |    20 |       |       ||    43
       Reflection        |       |       |       |       |     2 |    65 |    77 |    20 ||   164
       Kite shield       |       |       |       |       |       |   275 |       |       ||   275
       Tower shield      |       |       |       |       |       |   817 |  1458 |   876 ||  3151

Table legend:
 A = Non-vault XP
 B = Vault XP
 C = Vault XP percentage of total XP
 D = Non-vault monster count
 E = Vault monster count
 F = Vault count percentage of total count
                 A         B        C        D         E       F
            +---------+---------+-------+---------+---------+-------
      Total |  437950 |  500302 |  53.3 |    1156 |     687 |  37.3
            +---------+---------+-------+---------+---------+-------
        D:1 |      53 |       0 |   0.0 |      31 |       0 |   0.0
        D:2 |      37 |       0 |   0.0 |      12 |       0 |   0.0
        D:3 |      27 |      37 |  57.8 |      13 |       1 |   7.1
        D:4 |     469 |       5 |   1.1 |      31 |       3 |   8.8
        D:5 |     776 |      72 |   8.5 |      27 |       2 |   6.9
        D:6 |     527 |     192 |  26.7 |       9 |       4 |  30.8
        D:7 |    2209 |       0 |   0.0 |      33 |       0 |   0.0
        D:8 |    1683 |     828 |  33.0 |      27 |       1 |   3.6
        D:9 |    1103 |    2670 |  70.8 |      22 |       8 |  26.7
       D:10 |    2464 |       0 |   0.0 |      18 |       0 |   0.0
       D:11 |    8113 |    3005 |  27.0 |      32 |      28 |  46.7
       D:12 |    2801 |       0 |   0.0 |      15 |       0 |   0.0
       D:13 |    7534 |     557 |   6.9 |      18 |       2 |  10.0
       D:14 |   13749 |    1749 |  11.3 |      34 |       5 |  12.8
       D:15 |    9003 |    5911 |  39.6 |      14 |       7 |  33.3
     Lair:1 |    5718 |       0 |   0.0 |      23 |       0 |   0.0
     Lair:2 |    8188 |       0 |   0.0 |      26 |       0 |   0.0
     Lair:3 |   15828 |    1829 |  10.4 |      50 |       8 |  13.8
     Lair:4 |    9718 |    1945 |  16.7 |      27 |       4 |  12.9
     Lair:5 |    9867 |   10812 |  52.3 |      37 |      31 |  45.6
   Shoals:1 |   19152 |    4038 |  17.4 |      41 |       5 |  10.9
   Shoals:2 |   14867 |       0 |   0.0 |      30 |       0 |   0.0
   Shoals:3 |   15379 |    5631 |  26.8 |      30 |       6 |  16.7
   Shoals:4 |   11411 |   24369 |  68.1 |      24 |      32 |  57.1
   Spider:1 |   28550 |    7457 |  20.7 |      80 |      16 |  16.7
   Spider:2 |   19479 |    1202 |   5.8 |      51 |       1 |   1.9
   Spider:3 |   19709 |       0 |   0.0 |      54 |       0 |   0.0
   Spider:4 |   20516 |   15316 |  42.7 |      35 |      32 |  47.8
      Orc:1 |    4948 |      24 |   0.5 |      42 |       8 |  16.0
      Orc:2 |    4366 |   15329 |  77.8 |      20 |      38 |  65.5
   Vaults:1 |   29496 |   24113 |  45.0 |      44 |      33 |  42.9
   Vaults:2 |   11223 |   32115 |  74.1 |      20 |      43 |  68.3
   Vaults:3 |   32187 |   25291 |  44.0 |      46 |      43 |  48.3
   Vaults:4 |   35163 |   32536 |  48.1 |      50 |      40 |  44.4
   Vaults:5 |    5992 |   30543 |  83.6 |      13 |      27 |  67.5
   Depths:1 |    6196 |   27501 |  81.6 |       7 |      29 |  80.6
   Depths:2 |   40313 |   72901 |  64.4 |      49 |      73 |  59.8
   Depths:3 |   18935 |   13685 |  42.0 |      20 |      11 |  35.5
   Depths:4 |     201 |  112364 |  99.8 |       1 |      95 |  99.0
      Sewer |       0 |     158 | 100.0 |       0 |       5 | 100.0
    Ossuary |       0 |     853 | 100.0 |       0 |      15 | 100.0
     WizLab |       0 |   25264 | 100.0 |       0 |      31 | 100.0
            +---------+---------+-------+---------+---------+-------
